Workbook

Sheet Datos
A2: Antioquia
A3: Atlantico
A4: Bolivar
A5: Boyaca
A6: Caldas
A7: Cauca
A8: Cundinamarca
A9: Choco
A10: Nariño
A11: Meta
A12: Norte
A13: Risaralda
... A17: Valle

Sheet TEcnologia
A2: ITEM | B2: ELEMENTO | C2: FOTO DE SIMILAR O REFERENCIA | D2: ANTIOQUIA | E2: CHOCO | F2: ATLANTICO | L2: BOLIVAR | AB2: BOYACA | AE2: CALDAS | AG2: CUNDINAMARCA | AH2: CAUCA | AN2: HUILA | AZ2: META | BB2: NARIÑO | BC2: NORTE DE SANTANDER | BH2: RISARALDA | BJ2: SANTANDER | BR2: SEDE CENTRAL | BU2: TOLIMA | BV2: VALLE | CD2: TOTAL | CE2: VR UNITARIO | CF2: VR TOTAL
D3: MEDELLIN | E3: QUIBDO | F3: BARRANQUILLA | G3: MALAMBO | H3: SANTA MARTA | I3: VALLEDUPAR | J3: VILLANUEVA | K3: SUAN | L3: CARTAGENA | M3: SINCELEJO | N3: LA UNION | O3: LORICA | P3: TIERRA ALTA | Q3: San Andres | R3: MAGANGUE | S3: SAN ANDRES | T3: MONTERIA | U3: MONPOX | V3: MAJAGUAL | W3: CARMEN DE BOLIVAR | X3: COROZAL | Y3: SAN ANTERO | Z3: SAHAGUN | AA3: RESGUARDO INDIGENA | AB3: TUNJA | AC3: MONIQUIRA | AD3: SOGAMOSO | AE3: MANIZALES | AF3: LA DORADA | AG3: FUSAGASUGA | AH3: POPAYAN | AI3: MIRANDA | AJ3: BORDO | AK3: SANTANDER DE QUILICHAO | AL3: ROSAS | AM3: CALDONO | AN3: NEIVA | AO3: ALGECIRAS | AP3: LA PLATA | AQ3: GARZON | AR3: ACEVEDO | AS3: PITALITO | AT3: FLORENCIA | AU3: PAUJIL | AV3: SAN VICENTE | AW3: MOCOA | AX3: ORITO | AY3: PUERTO ASIS | AZ3: VILLAVICENCIO | BA3: SAN JOSE DEL GUAVIARE | BB3: PASTO | BC3: ARAUQUITA | BD3: ARAUCA | BE3: TAME | BF3: OCAÑA | BG3: CUCUTA | BH3: DOS QUEBRADAS | BI3: ARMENIA | BJ3: BUCARAMANGA | BK3: SANTA ROSA DEL SUR | BL3: SAN GIL | BM3: OIBA | BN3: BARRRANCABERMEJA | BO3: CIMITARRA | BP3: PUENTE NACIONAL | BQ3: MALAGA | BR3: SEDE CENTRAL | BS3: ROSALES | BT3: TEUSAQUILLO | BU3: IBAGUE | BV3: CALI | BW3: BUENAVENTURA | BX3: CARTAGO | BY3: TULUA | BZ3: SEVILLA | CA3: PRADERA | CB3: PALMIRA | CC3: BUGA
A4: 24 | B4: Video Beam 3400 Lúmenes o superior, Resolución XGA (1024x768) o superior, Tecnología DLP, Contraste 2000:1 o superior, vida de la lámpara hasta 5000 horas o superior en modo económico y 3500 o superior en modo normal, corrección keystone +/- 30° o superior, compatibilidad en señales de PC SVGA, XGA, WXGA, WXGA+, SXGA, | E4: 4 | G4: 3 | H4: 1 | I4: 2 | J4: 4 | K4: 2 | L4: 2 | AB4: 2 | AE4: 5 | AG4: 2 | AH4: 1 | AN4: 2 | BH4: 2 | BI4: 2 | BJ4: 2 | BR4: 0 | BU4: 0 | CD4: =SUM(D4:CC4) -> 36 | CE4: 5000000 | CF4: =+CD4*CE4 -> 180000000
A5: 30 | B5: Aire Acondicionado Inverter- Ahorro de Energia, con reffrigerante R410- A , de capacidad 12000 BTU, tipo minisplit,Voltaje: 220v – monofásico o trifásico, eficiencia 3,51 - Purificador de aire: Si - Protección Anticorrosión: Si - Control Remoto: Si - Temporizado: Si. Función de reinicio automático - Funcionamiento silencioso SEER mínimo 16 Certificado AHRI Garantía: 1 año o más. | BH5: 4 | BI5: 4 | CD5: =SUM(D5:CC5) -> 8 | CE5: 2200000 | CF5: =+CD5*CE5 -> 17600000
A6: 21 | B6: Aire Acondicionado Inverter- Ahorro de Energia, con reffrigerante R410- A , de capacidad 18000 BTU, tipo minisplit,Voltaje: 220v – monofásico o trifásico, eficiencia 3,51 - Purificador de aire: Si - Protección Anticorrosión: Si - Control Remoto: Si - Temporizado: Si. Función de reinicio automático - Funcionamiento silencioso SEER mínimo 16 Certificado AHRI Garantía: 1 año o más. | F6: 1 | G6: 4 | I6: 4 | AZ6: 3 | BV6: 1 | CD6: =SUM(D6:CC6) -> 13 | CE6: 3000000 | CF6: =+CD6*CE6 -> 39000000
A7: 32 | B7: Aire Acondicionado Inverter- Ahorro de Energia, con reffrigerante R410- A , de capacidad 24000 BTU, tipo minisplit,Voltaje: 220v – monofásico o trifásico, eficiencia 3,51 - Purificador de aire: Si - Protección Anticorrosión: Si - Control Remoto: Si - Temporizado: Si. Función de reinicio automático - Funcionamiento silencioso SEER mínimo 16 Certificado AHRI Garantía: 1 año o más. | BH7: 2 | BV7: 1 | CD7: =SUM(D7:CC7) -> 3 | CE7: 4500000 | CF7: =+CD7*CE7 -> 13500000

Sheet EM INICIALES
A4: VALOR OFERTA | F4: DESAGREGACION VALOR OFERTA
A5: ITEM | B5: ESPECIFICACIONES TÉCNICAS | C5: CANTIDAD | D5: UNIDAD | E5: PRECIO UNITARIO OFERTADO | F5: COSTO DEL BIEN, SEVICIO U OBRA (insumos, equipos, personal) | G5: GASTOS GENERALES | H5: IMPREVISTOS | I5: UTILIDAD | J5: VALOR COSTO UNITARIO IVA INCLUIDO | K5: PRECIO TOTAL OFERTADO
A6: 1 | B6: Silla giratoria ergonómica con brazos, Ancho: 61 cm., Altura: 102 cm – 115 cm., Altura asiento: 45 cm – 58 cm., Profundidad asiento: 61 cm, Tapizada en paño hilat, color a seleccionar por la ESAP, con carcazas en la espalda y asiento, Acabado en textil Hilat o similar, asiento en espuma inyectada densidad 45, espalda en espuma laminada de alta densidad 50 mm de espesor, carcasas asiento y espalda media en polipropileno, brazos en nylon Graduables. Mecanismo Contacto permanente, que reclina la espalda de 88 hasta 105 grados permitiendo que los pies permanezcan apoyados en el piso, sistema que permite graduar la altura de la espalda y la profundidad del asiento, columna neumática que amortigua los movimientos del cuerpo y permite ajustar la altura, telescopio protector de columna, base en nylon de cinco aspas, rodachinas doble rueda. | C6: 148 | D6: UN | E6: 304009.1 | F6: =E6*80% -> 243207.28 | G6: =E6*5% -> 15200.455 | H6: =E6*5% -> 15200.455 | I6: =E6*10% -> 30400.91 | J6: =SUM(F6:I6) -> 304009.1 | K6: =J6*C6 -> 44993346
A7: 2 | B7: Silla giratoria ergonómica sin brazos, Ancho: 61 cm., Altura: 102 cm – 115 cm., Altura asiento: 45 cm – 58 cm., Profundidad asiento: 61 cm, Tapizada en paño hilat, color a seleccionar por la ESAP, con carcazas en la espalda y asiento, Acabado en textil Hilat o similar, asiento en espuma inyectada densidad 45, espalda en espuma laminada de alta densidad 50 mm de espesor, carcasas asiento y espalda media en polipropileno, brazos en nylon Graduables. Mecanismo Contacto permanente, que reclina la espalda de 88 hasta 105 grados permitiendo que los pies permanezcan apoyados en el piso, sistema que permite graduar la altura de la espalda y la profundidad del asiento, columna neumática que amortigua los movimientos del cuerpo y permite ajustar la altura, telescopio protector de columna, base en nylon de cinco aspas, rodachinas doble rueda. | C7: 25 | D7: UN | E7: 266118.44 | F7: =E7*80% -> 212894.75 | G7: =E7*5% -> 13305.922 | H7: =E7*5% -> 13305.922 | I7: =E7*10% -> 26611.844 | J7: =SUM(F7:I7) -> 266118.44 | K7: =J7*C7 -> 6652961
A8: 3 | B8: Silla gerencial, Ancho: 71 cm., Altura: 117 cm – 126 cm., Altura asiento: 43 cm – 52 cm., Profundidad asiento: 68 cm., asiento en espuma de alta densidad forrado en paño color a seleccionar por la entidad, espaldar en malla elastica con carcaza en polipropileno y fibra de vidrio, asiento, espaldar y apoya brazos de altura ajustables, espladar con inclinación ajustable, Ajuste del respaldo lumbar y apoya cabeza en altura y posición, base en acero cromado de cinco aspas con rodachines . | C8: 39 | D8: UN | E8: 593133.63 | F8: =E8*80% -> 474506.9 | G8: =E8*5% -> 29656.682 | H8: =E8*5% -> 29656.682 | I8: =E8*10% -> 59313.363 | J8: =SUM(F8:I8) -> 593133.63 | K8: =J8*C8 -> 23132212
A9: 4 | B9: Silla interlocutora fija con brazos, Tapizada en paño hilat- con carcazas en la espalda y asiento, base tubo metálica, Silla Interlocutora, Acabado en paño Hilat o similar, asiento en espuma inyectada densidad 45, espalda en espuma laminada de alta densidad 50 mm de espesor, bastidores y carcazas en polipropileno, con brazos, estructura en tubo elíptico 14 * 24 mm., pintura epoxi poliéster de aplicación electrostática. | C9: 34 | D9: UN | E9: 241586.03 | F9: =E9*80% -> 193268.82 | G9: =E9*5% -> 12079.301 | H9: =E9*5% -> 12079.301 | I9: =E9*10% -> 24158.603 | J9: =SUM(F9:I9) -> 241586.03 | K9: =J9*C9 -> 8213924.9
A10: 5 | B10: Archivador Metalico cuatro gavetas, capacidad aprox. 60 carpetas por gaveta. | C10: 22 | D10: UN | E10: 740121.55 | F10: =E10*80% -> 592097.24 | G10: =E10*5% -> 37006.078 | H10: =E10*5% -> 37006.078 | I10: =E10*10% -> 74012.155 | J10: =SUM(F10:I10) -> 740121.55 | K10: =J10*C10 -> 16282674
A11: 6 | B11: Archivo de dos modulos rodantes manual y dos fijos laterales: Parales de 2.00 alto y entrepaños de 0.30 frente mts de fondo x 1,0 de frente, con dobles tope de espaldar y refuerzo, fabricados en lámina CR C16 y C20 respectivamente, con una resistencia de 80 kg peso repartido. Acabos frontales en lámina CR cal 18 en pintura electrostática, color a elegir por la ESAP, puerta con cerradura. Desplazamiento de módulos móviles manualmente, sobre bases y rieles fabricados en ángulo de 1 1/2" x 3/16 de pulgada, accionados mediante manija de empuje manual sobre las ruedas de tracción macizas de hierro maquinado, que incluyen rodamientos sellados de 3,5" de diámetro. Tensores en platina de 3/4 * 1/8 de pulgada. El archivo estará compuesto por dos unidades de consulta fijas y una doble rodante, con una puerta. Las UDC de consulta fijas medirán en su interior 1.0 de frente x 0.30 de fondo x 2.0 m de alto y el panel frontal será de 0,35 de frente por 2,0 de alto y las dobles rodantes serán cada una de 1,0 de frente x 0,60 de fondo (2 de 0,30 m) y 2,0 de alto y el panel frontal será de 0,75 x 2,0 m, la puerta será de 0,75 de frente por 2,0 de alto con llave. Espacios para carpetas tamaño oficio y AZ- Oficio. | C11: 4 | D11: UN | E11: 2766256.3 | F11: =E11*80% -> 2213005 | G11: =E11*5% -> 138312.81 | H11: =E11*5% -> 138312.81 | I11: =E11*10% -> 276625.63 | J11: =SUM(F11:I11) -> 2766256.3 | K11: =J11*C11 -> 11065025
A12: 7 | B12: Silla fija, Ancho: 54 cm, Altura: 81 cm., Altura asiento: 46 cm, Profundidad asiento: 46 cm, con carcazas en la espalda y asiento, base tubo metálica, Acabado en paño Hilat o similar, asiento en espuma inyectada densidad 45, espalda en espuma laminada de alta densidad 50 mm de espesor, bastidores y carcazas en polipropileno, sin brazos, estructura en tubo elíptico 14 * 24 mm., pintura epoxi poliéster de aplicación electrostática. | C12: 103 | D12: UN | E12: 184083.41 | F12: =E12*80% -> 147266.73 | G12: =E12*5% -> 9204.1707 | H12: =E12*5% -> 9204.1707 | I12: =E12*10% -> 18408.341 | J12: =SUM(F12:I12) -> 184083.41 | K12: =J12*C12 -> 18960592
A13: 8 | B13: Silla universitaria con brazo escualizable, Tapizada en paño hilat- con carcazas en la espalda y asiento, base tubo metálica, con carcazas en la espalda y asiento, base tubo metálica, Acabado en paño Hilat o similar, asiento en espuma inyectada densidad 45, espalda en espuma laminada de alta densidad 50 mm de espesor, bastidores y carcazas en polipropileno, con brazos, estructura en tubo elíptico 14 * 24 mm., pintura epoxi poliéster de aplicación electrostática. | C13: 710 | D13: UN | E13: 281639.41 | F13: =E13*80% -> 225311.53 | G13: =E13*5% -> 14081.971 | H13: =E13*5% -> 14081.971 | I13: =E13*10% -> 28163.941 | J13: =SUM(F13:I13) -> 281639.41 | K13: =J13*C13 -> 1.9996398e+08
A14: 9 | B14: Escritorio rectangular para profesor,( 1.60 m de largo x 0.60 ancho) con dos gavetas, bandeja portacables troquelada, superficie en aglomerado, formica y canto en PVC, estructura en lámica C.R. con pintura al horno, faldera en lámina C.R. troquelada | C14: 9 | D14: UN | E14: 688959.76 | F14: =E14*80% -> 551167.81 | G14: =E14*5% -> 34447.988 | H14: =E14*5% -> 34447.988 | I14: =E14*10% -> 68895.976 | J14: =SUM(F14:I14) -> 688959.76 | K14: =J14*C14 -> 6200637.9
A15: 10 | B15: Tablero en acrilico fijado a muro, medidas: 2.40 x 1.20 m., con porta borrador enmarcado, con esquinas perfectamente de lineadas, ángulos perfectos, sin bordes cortantes ni filos, bordes recubiertos por protectores plásticos, al borrar no debe quedar huella Base en aglomerado de 9 mm con balance Enchapado con fórmica, pizarrón blanca, Marco en perfil de aluminio crudo Esquineros en polipropileno redondeados. | C15: 46 | D15: UN | E15: 225588.28 | F15: =E15*80% -> 180470.62 | G15: =E15*5% -> 11279.414 | H15: =E15*5% -> 11279.414 | I15: =E15*10% -> 22558.828 | J15: =SUM(F15:I15) -> 225588.28 | K15: =J15*C15 -> 10377061
A16: 11 | B16: Tablero en acrilico fijado a muro, medidas: 80cm x 60 cm, con portaborrador enmarcado, con esquinas perfectamente de lineadas, ángulos perfectos, sin bordes cortantes ni filos, bordes recubiertos por protectores plásticos, al borrar no debe quedar huella Base en aglomerado de 9 mm con balance Enchapado con fórmica, pizarrón blanca, Marco en perfil de aluminio crudo Esquineros en polipropileno redondeados. | C16: 8 | D16: UN | E16: 118393.85 | F16: =E16*80% -> 94715.08 | G16: =E16*5% -> 5919.6925 | H16: =E16*5% -> 5919.6925 | I16: =E16*10% -> 11839.385 | J16: =SUM(F16:I16) -> 118393.85 | K16: =J16*C16 -> 947150.8
A17: 12 | B17: Tablero en acrilico fijado a muro, medidas: 80cm x 120 cm, con portaborrador enmarcado, con esquinas perfectamente de lineadas, ángulos perfectos, sin bordes cortantes ni filos, bordes recubiertos por protectores plásticos, al borrar no debe quedar huella Base en aglomerado de 9 mm con balance Enchapado con fórmica, pizarrón blanca, Marco en perfil de aluminio crudo Esquineros en polipropileno redondeados. | C17: 11 | D17: UN | E17: 174515.38 | F17: =E17*80% -> 139612.3 | G17: =E17*5% -> 8725.7689 | H17: =E17*5% -> 8725.7689 | I17: =E17*10% -> 17451.538 | J17: =SUM(F17:I17) -> 174515.38 | K17: =J17*C17 -> 1919669.2
... A44: 39 | B44: Contenedor de Basura Elaborado en plástico Tapa con pedal Con ruedas Capacidad de 80 a 85 litros Color Verde Impresión de las palabras “Residuos No aprovechables y Ordinarios” en la cara delantera del contenedor DEBE PRESENTAR EL PICTOGRAMA O SIMBOLO QUE REPRESENTE LOS RESIDUOS A CONTENER SEGÚN RESOLUCION 2184 de 2019 PARA CADA CANECA PERTENECIENTE A LOS PUNTOS ECOLOGICOS | C44: 4 | D44: UN | E44: 308094.93 | F44: =E44*80% -> 246475.94 | G44: =E44*5% -> 15404.747 | H44: =E44*5% -> 15404.747 | I44: =E44*10% -> 30809.493 | J44: =SUM(F44:I44) -> 308094.93 | K44: =J44*C44 -> 1232379.7
A45: VALOR TOTAL, IVA INCLUIDO | K45: =SUM(K6:K44) -> 6.4e+08

Sheet DOTACION INICIAL
A1: 1. OFERTA ECONÓMICA INICIAL
A2: ITEM | B2: ELEMENTO | C2: FOTO DE SIMILAR O REFERENCIA | D2: ANTIOQUIA | E2: CHOCO | F2: ATLANTICO | L2: BOLIVAR | AB2: BOYACA | AE2: CALDAS | AG2: CUNDINAMARCA | AH2: CAUCA | AN2: HUILA | AZ2: META | BB2: NARIÑO | BC2: NORTE DE SANTANDER | BH2: RISARALDA | BJ2: SANTANDER | BR2: SEDE CENTRAL | BU2: TOLIMA | BV2: VALLE | CD2: CANTIDADES TOTALES | CE2: VALOR UNITARIO INCLUIDO IVA | CF2: VALOR TOTAL INCLUIDO IVA
D3: MEDELLIN | E3: QUIBDO | F3: BARRANQUILLA | G3: MALAMBO | H3: SANTA MARTA | I3: VALLEDUPAR | J3: VILLANUEVA | K3: SUAN | L3: CARTAGENA | M3: SINCELEJO | N3: LA UNION | O3: LORICA | P3: TIERRA ALTA | Q3: San Andres | R3: MAGANGUE | S3: SAN ANDRES | T3: MONTERIA | U3: MONPOX | V3: MAJAGUAL | W3: CARMEN DE BOLIVAR | X3: COROZAL | Y3: SAN ANTERO | Z3: SAHAGUN | AA3: RESGUARDO INDIGENA | AB3: TUNJA | AC3: MONIQUIRA | AD3: SOGAMOSO | AE3: MANIZALES | AF3: LA DORADA | AG3: FUSAGASUGA | AH3: POPAYAN | AI3: MIRANDA | AJ3: BORDO | AK3: SANTANDER DE QUILICHAO | AL3: ROSAS | AM3: CALDONO | AN3: NEIVA | AO3: ALGECIRAS | AP3: LA PLATA | AQ3: GARZON | AR3: ACEVEDO | AS3: PITALITO | AT3: FLORENCIA | AU3: PAUJIL | AV3: SAN VICENTE | AW3: MOCOA | AX3: ORITO | AY3: PUERTO ASIS | AZ3: VILLAVICENCIO | BA3: SAN JOSE DEL GUAVIARE | BB3: PASTO | BC3: ARAUQUITA | BD3: ARAUCA | BE3: TAME | BF3: OCAÑA | BG3: CUCUTA | BH3: DOS QUEBRADAS | BI3: ARMENIA | BJ3: BUCARAMANGA | BK3: SANTA ROSA DEL SUR | BL3: SAN GIL | BM3: OIBA | BN3: BARRRANCABERMEJA | BO3: CIMITARRA | BP3: PUENTE NACIONAL | BQ3: MALAGA | BR3: SEDE CENTRAL | BS3: ROSALES | BT3: TEUSAQUILLO | BU3: IBAGUE | BV3: CALI | BW3: BUENAVENTURA | BX3: CARTAGO | BY3: TULUA | BZ3: SEVILLA | CA3: PRADERA | CB3: PALMIRA | CC3: BUGA
A4: 1 | B4: Silla giratoria ergonómica con brazos, Ancho: 61 cm., Altura: 102 cm – 115 cm., Altura asiento: 45 cm – 58 cm., Profundidad asiento: 61 cm, Tapizada en paño hilat, color a seleccionar por la ESAP, con carcazas en la espalda y asiento, Acabado en textil Hilat o similar, asiento en espuma inyectada densidad 45, espalda en espuma laminada de alta densidad 50 mm de espesor, carcasas asiento y espalda media en polipropileno, brazos en nylon Graduables. Mecanismo Contacto permanente, que reclina la espalda de 88 hasta 105 grados permitiendo que los pies permanezcan apoyados en el piso, sistema que permite graduar la altura de la espalda y la profundidad del asiento, columna neumática que amortigua los movimientos del cuerpo y permite ajustar la altura, telescopio protector de columna, base en nylon de cinco aspas, rodachinas doble rueda. GARANTIA DOS (2) AÑOS | D4: 8 | F4: 8 | H4: 1 | I4: 1 | K4: 1 | AE4: 15 | AG4: 20 | AH4: 6 | BC4: 1 | BF4: 1 | BG4: 15 | BH4: 7 | BI4: 4 | BR4: 20 | BU4: 35 | BV4: 5 | CD4: =SUM(D4:CC4) -> 148 | CE4: ='EM INICIALES'!J6 -> 304009.1 | CF4: =+CD4*CE4 -> 44993346
A5: 2 | B5: Silla giratoria ergonómica sin brazos, Ancho: 61 cm., Altura: 102 cm – 115 cm., Altura asiento: 45 cm – 58 cm., Profundidad asiento: 61 cm, Tapizada en paño hilat, color a seleccionar por la ESAP, con carcazas en la espalda y asiento, Acabado en textil Hilat o similar, asiento en espuma inyectada densidad 45, espalda en espuma laminada de alta densidad 50 mm de espesor, carcasas asiento y espalda media en polipropileno, brazos en nylon Graduables. Mecanismo Contacto permanente, que reclina la espalda de 88 hasta 105 grados permitiendo que los pies permanezcan apoyados en el piso, sistema que permite graduar la altura de la espalda y la profundidad del asiento, columna neumática que amortigua los movimientos del cuerpo y permite ajustar la altura, telescopio protector de columna, base en nylon de cinco aspas, rodachinas doble rueda. GARANTIA DOS (2) AÑOS | E5: 10 | AZ5: 15 | BU5: 0 | CD5: =SUM(D5:CC5) -> 25 | CE5: ='EM INICIALES'!J7 -> 266118.44 | CF5: =+CD5*CE5 -> 6652961
A6: 3 | B6: Silla gerencial, Ancho: 71 cm., Altura: 117 cm – 126 cm., Altura asiento: 43 cm – 52 cm., Profundidad asiento: 68 cm., asiento en espuma de alta densidad forrado en paño color a seleccionar por la entidad, espaldar en malla elastica con carcaza en polipropileno y fibra de vidrio, asiento, espaldar y apoya brazos de altura ajustables, espladar con inclinación ajustable, Ajuste del respaldo lumbar y apoya cabeza en altura y posición, base en acero cromado de cinco aspas con rodachines . REF ROMA | D6: 1 | E6: 1 | F6: 2 | AE6: 1 | AZ6: 1 | BH6: 1 | BJ6: 1 | BR6: 30 | BV6: 1 | CD6: =SUM(D6:CC6) -> 39 | CE6: ='EM INICIALES'!J8 -> 593133.63 | CF6: =+CD6*CE6 -> 23132212
A7: 4 | B7: Silla interlocutora fija con brazos, Tapizada en paño hilat- con carcazas en la espalda y asiento, base tubo metálica, Silla Interlocutora, Acabado en paño Hilat o similar, asiento en espuma inyectada densidad 45, espalda en espuma laminada de alta densidad 50 mm de espesor, bastidores y carcazas en polipropileno, con brazos, estructura en tubo elíptico 14 * 24 mm., pintura epoxi poliéster de aplicación electrostática. DOS (2) AÑOS de Garantía. | D7: 12 | E7: 12 | F7: 4 | G7: 2 | I7: 2 | K7: 2 | CD7: =SUM(D7:CC7) -> 34 | CE7: ='EM INICIALES'!J9 -> 241586.03 | CF7: =+CD7*CE7 -> 8213924.9
A8: 5 | B8: Archivador Metalico cuatro gavetas, capacidad aprox. 60 carpetas por gaveta. | E8: 8 | F8: 2 | G8: 1 | I8: 1 | J8: 1 | K8: 1 | BU8: 8 | CD8: =SUM(D8:CC8) -> 22 | CE8: ='EM INICIALES'!J10 -> 740121.55 | CF8: =+CD8*CE8 -> 16282674
A9: 6 | B9: ESTE ITEM REQUIERE INSTALACION. Archivo de dos modulos rodantes manual y dos fijos laterales: Parales de 2.00 alto y entrepaños de 0.30 frente mts de fondo x 1,0 de frente, con dobles tope de espaldar y refuerzo, fabricados en lámina CR C16 y C20 respectivamente, con una resistencia de 80 kg peso repartido. Acabos frontales en lámina CR cal 18 en pintura electrostática, color a elegir por la ESAP, puerta con cerradura. Desplazamiento de módulos móviles manualmente, sobre bases y rieles fabricados en ángulo de 1 1/2" x 3/16 de pulgada, accionados mediante manija de empuje manual sobre las ruedas de tracción macizas de hierro maquinado, que incluyen rodamientos sellados de 3,5" de diámetro. Tensores en platina de 3/4 * 1/8 de pulgada. El archivo estará compuesto por dos unidades de consulta fijas y una doble rodante, con una puerta. Las UDC de consulta fijas medirán en su interior 1.0 de frente x 0.30 de fondo x 2.0 m de alto y el panel frontal será de 0,35 de frente por 2,0 de alto y las dobles rodantes serán cada una de 1,0 de frente x 0,60 de fondo (2 de 0,30 m) y 2,0 de alto y el panel frontal será de 0,75 x 2,0 m, la puerta será de 0,75 de frente por 2,0 de alto con llave. Espacios para carpetas tamaño oficio y AZ- Oficio. GARANTIA 2 AÑOS. | AG9: 2 | BR9: 2 | CD9: =SUM(D9:CC9) -> 4 | CE9: ='EM INICIALES'!J11 -> 2766256.3 | CF9: =+CD9*CE9 -> 11065025
A10: 7 | B10: Silla fija, Ancho: 54 cm, Altura: 81 cm., Altura asiento: 46 cm, Profundidad asiento: 46 cm, con carcazas en la espalda y asiento, base tubo metálica, Acabado en paño Hilat o similar, asiento en espuma inyectada densidad 45, espalda en espuma laminada de alta densidad 50 mm de espesor, bastidores y carcazas en polipropileno, sin brazos, estructura en tubo elíptico 14 * 24 mm., pintura epoxi poliéster de aplicación electrostática. DOS (2) AÑOS de Garantía. | D10: 12 | E10: 20 | G10: 4 | J10: 4 | AG10: 48 | BG10: 15 | CD10: =SUM(D10:CC10) -> 103 | CE10: ='EM INICIALES'!J12 -> 184083.41 | CF10: =+CD10*CE10 -> 18960592
A11: 8 | B11: Silla universitaria con brazo escualizable, Tapizada en paño hilat- con carcazas en la espalda y asiento, base tubo metálica, con carcazas en la espalda y asiento, base tubo metálica, Acabado en paño Hilat o similar, asiento en espuma inyectada densidad 45, espalda en espuma laminada de alta densidad 50 mm de espesor, bastidores y carcazas en polipropileno, con brazos, estructura en tubo elíptico 14 * 24 mm., pintura epoxi poliéster de aplicación electrostática. DOS (2) AÑOS de Garantía. | F11: 120 | G11: 120 | H11: 60 | I11: 90 | J11: 120 | K11: 90 | BB11: 30 | BD11: 30 | BV11: 50 | CD11: =SUM(D11:CC11) -> 710 | CE11: ='EM INICIALES'!J13 -> 281639.41 | CF11: =+CD11*CE11 -> 1.9996398e+08
A12: 9 | B12: Escritorio rectangular para profesor,( 1.60 m de largo x 0.60 ancho) con dos gavetas, bandeja portacables troquelada, superficie en aglomerado, formica y canto en PVC, estructura en lámica C.R. con pintura al horno, faldera en lámina C.R. troquelada | I12: 3 | J12: 6 | CD12: =SUM(D12:CC12) -> 9 | CE12: ='EM INICIALES'!J14 -> 688959.76 | CF12: =+CD12*CE12 -> 6200637.9
A13: 10 | B13: ESTE ITEM REQUIERE INSTALACION. Tablero en acrilico fijado a muro, medidas: 2.40 x 1.20 m., con porta borrador enmarcado, con esquinas perfectamente de lineadas, ángulos perfectos, sin bordes cortantes ni filos, bordes recubiertos por protectores plásticos, al borrar no debe quedar huella Base en aglomerado de 9 mm con balance Enchapado con fórmica, pizarrón blanca, Marco en perfil de aluminio crudo Esquineros en polipropileno redondeados. | G13: 8 | I13: 5 | J13: 7 | Q13: 5 | AE13: 1 | BD13: 5 | BR13: 15 | CD13: =SUM(D13:CC13) -> 46 | CE13: ='EM INICIALES'!J15 -> 225588.28 | CF13: =+CD13*CE13 -> 10377061
A14: 11 | B14: ESTE ITEM REQUIERE INSTALACION.Tablero en acrilico fijado a muro, medidas: 80cm x 60 cm, con portaborrador enmarcado, con esquinas perfectamente de lineadas, ángulos perfectos, sin bordes cortantes ni filos, bordes recubiertos por protectores plásticos, al borrar no debe quedar huella Base en aglomerado de 9 mm con balance Enchapado con fórmica, pizarrón blanca, Marco en perfil de aluminio crudo Esquineros en polipropileno redondeados. | BH14: 4 | BI14: 3 | BR14: 1 | CD14: =SUM(D14:CC14) -> 8 | CE14: ='EM INICIALES'!J16 -> 118393.85 | CF14: =+CD14*CE14 -> 947150.8
A15: 12 | B15: ESTE ITEM REQUIERE INSTALACION. Tablero en acrilico fijado a muro, medidas: 80cm x 120 cm, con portaborrador enmarcado, con esquinas perfectamente de lineadas, ángulos perfectos, sin bordes cortantes ni filos, bordes recubiertos por protectores plásticos, al borrar no debe quedar huella Base en aglomerado de 9 mm con balance Enchapado con fórmica, pizarrón blanca, Marco en perfil de aluminio crudo Esquineros en polipropileno redondeados. | AE15: 10 | BR15: 1 | CD15: =SUM(D15:CC15) -> 11 | CE15: ='EM INICIALES'!J17 -> 174515.38 | CF15: =+CD15*CE15 -> 1919669.2
A16: 13 | B16: Tablero fabricado en mdf de 9mm y laminado en formica blanca para escritura con marcador borrable, medidas 80*120 cms. Estructura movil fabricada en tubo de 2" x 1" , ruedas con freno medida total de la estructura incluido el tablero 185 * 120 cms. Acabados en pintura electrostatica negra o gris. | AH16: 1 | BH16: 1 | BI16: 1 | BU16: 1 | CD16: =SUM(D16:CC16) -> 4 | CE16: ='EM INICIALES'!J18 -> 245933.89 | CF16: =+CD16*CE16 -> 983735.56
A17: 14 | B17: ESTE ITEM REQUIERE INSTALACION. Puestos de trabajo en L autosoportados (1.20 m. de lado x 0.60 m. ancho) con cajonera 2x1 con cerradura, superficie en aglomerado cara superior en fórmica de alta calidad F8 o superior, superficie inferior en balance Backer para evitar pandeos y proteger de la humedad y canto en PVC, erstructura en lámina de acero CR con pintura electroestática, pantalla en vidrio sandblasting (2) h= 0.40 m. y soportes en acero, faldero en lámica C.R. troquelado con pintura electtoestética. Bandeja portacables en lámica C.R. troquelada y pintura electroestática. Perforación rematada por un pasa cables de material plástico o similar que atraviese la superficie. | E17: 1 | G17: 1 | J17: 1 | K17: 1 | CD17: =SUM(D17:CC17) -> 4 | CE17: ='EM INICIALES'!J19 -> 1256921.4 | CF17: =+CD17*CE17 -> 5027685.5
A18: 15 | B18: ESTE ITEM REQUIERE INSTALACION.Estantes metálicos fijados a muro o piso, h=2m. L=0,90m, a=0.30m, con 5 entrepaños y tapa superior, Anaqueles o bandejas en lámina de hierro calibre 1/32″ o chapa 22. Angulos ranurados de lámina de hierro espesor 1/16″ y 2.0mm., terminados con pintura electrostática. | F18: 6 | AN18: 2 | CD18: =SUM(D18:CC18) -> 8 | CE18: ='EM INICIALES'!J20 -> 318845.66 | CF18: =+CD18*CE18 -> 2550765.3
A19: 16 | B19: Kit Base y asta en madera para Bandera Moharra en bronce, brillante. Base en madera 4 niveles. Asta en madera de 2.20 Cms por 6 Cms de diámetro. | D19: 3 | E19: 3 | F19: 3 | L19: 3 | M19: 3 | AB19: 3 | AE19: 3 | AG19: 3 | AH19: 3 | AI19: 3 | AN19: 3 | AZ19: 3 | BA19: 3 | BB19: 3 | BG19: 3 | BI19: 3 | BJ19: 3 | BR19: 3 | BU19: 3 | BV19: 3 | CD19: =SUM(D19:CC19) -> 60 | CE19: ='EM INICIALES'!J21 -> 169191.21 | CF19: =+CD19*CE19 -> 10151473
A20: 17 | B20: BANDERA DE LA ESAP 100% poliéster (+/-2%) tipo de ligamento tafetán peso: (78 gr/m2) (117 gr/m) +/-5% ancho útil 150 (+/-2cm) encogimiento 2% urdido y trama solidez al lavado 4-5, solidez a la luz 4-5 Anclajes laterales con mínimo 3 ojales metálicos costura en hilo industrial no. 40dobles al margen para cabo de izado doble con refuerzo interno. Garantía: 6 meses contra defectos de fabricación Se debe incluir el nombre de la empresa fabricante, fecha de fabricación, mediante la colocación de una etiqueta de 2×5 cm en el reverso, en la manga (borde) de la bandera. logotipo: Aplicado en el centro de la bandera pegado y cocido puede ser sublimado oserigrafiado de acuerdo al requerimiento de la entidad. Medidas: 3.00m X 2.00m | D20: 1 | E20: 1 | F20: 1 | L20: 1 | M20: 1 | AB20: 1 | AC20: 1 | AE20: 1 | AG20: 1 | AH20: 1 | AI20: 1 | AN20: 1 | AZ20: 1 | BA20: 1 | BB20: 1 | BG20: 1 | BH20: 1 | BI20: 1 | BJ20: 1 | BR20: 2 | BU20: 1 | BV20: 2 | CD20: =SUM(D20:CC20) -> 24 | CE20: ='EM INICIALES'!J22 -> 243471.8 | CF20: =+CD20*CE20 -> 5843323.1
A21: 18 | B21: BANDERA DE COLOMBIA 100% poliéster (+/-2%) tipo de ligamento tafetán peso: (78 gr/m2) (117 gr/m) +/-5% ancho útil 150 (+/-2cm) encogimiento 2% urdido y trama solidez al lavado 4-5, solidez a la luz 4-5 Anclajes laterales con mínimo 3 ojales metálicos costura en hilo industrial no. 40dobles al margen para cabo de izado doble con refuerzo interno. Garantía: 6 meses contra defectos de fabricación Se debe incluir el nombre de la empresa fabricante, fecha de fabricación, mediante la colocación de una etiqueta de 2×5 cm en el reverso, en la manga (borde) de la bandera. logotipo: Aplicado en el centro de la bandera pegado y cocido puede ser sublimado oserigrafiado de acuerdo al requerimiento de la entidad. Medidas: 3.00m X 2.00m | D21: 1 | E21: 1 | F21: 1 | L21: 1 | M21: 1 | AB21: 1 | AC21: 1 | AE21: 1 | AG21: 1 | AH21: 1 | AI21: 1 | AN21: 1 | AZ21: 1 | BA21: 1 | BB21: 1 | BG21: 1 | BH21: 1 | BI21: 1 | BJ21: 1 | BR21: 2 | BU21: 1 | BV21: 2 | CD21: =SUM(D21:CC21) -> 24 | CE21: ='EM INICIALES'!J23 -> 252360.22 | CF21: =+CD21*CE21 -> 6056645.4
A22: 19 | B22: BANDERA DEPARTAMENTAL 100% poliéster (+/-2%) tipo de ligamento tafetán peso: (78 gr/m2) (117 gr/m) +/-5% ancho útil 150 (+/-2cm) encogimiento 2% urdido y trama solidez al lavado 4-5, solidez a la luz 4-5 Anclajes laterales con mínimo 3 ojales metálicos costura en hilo industrial no. 40dobles al margen para cabo de izado doble con refuerzo interno. Garantía: 6 meses contra defectos de fabricación Se debe incluir el nombre de la empresa fabricante, fecha de fabricación, mediante la colocación de una etiqueta de 2×5 cm en el reverso, en la manga (borde) de la bandera. logotipo: Aplicado en el centro de la bandera pegado y cocido puede ser sublimado oserigrafiado de acuerdo al requerimiento de la entidad. Medidas: 3.00m X 2.00m | D22: 1 | E22: 1 | F22: 1 | L22: 1 | M22: 1 | AB22: 1 | AC22: 1 | AE22: 1 | AG22: 1 | AH22: 1 | AI22: 1 | AN22: 1 | AZ22: 1 | BA22: 1 | BB22: 1 | BG22: 1 | BH22: 1 | BI22: 1 | BJ22: 1 | BR22: 2 | BU22: 1 | BV22: 1 | CD22: =SUM(D22:CC22) -> 23 | CE22: ='EM INICIALES'!J24 -> 252360.22 | CF22: =+CD22*CE22 -> 5804285.1
A23: 20 | B23: Basurera: Alto: 30 cms. Frente: 25 cms. Estructura: Lámina lisa cr c20. Fondo: lámina lisa cr c22. Peso: 1.86 kg. Acabado: pintura electrostática previo desengrase y fosfatado. Colores: estándar aluminios, gris nopal, gris tronado y negro | D23: 2 | CD23: =SUM(D23:CC23) -> 2 | CE23: ='EM INICIALES'!J25 -> 81133.563 | CF23: =+CD23*CE23 -> 162267.13
A24: 21 | B24: Ventilador de pedestal/pie de 18” portátil, 3 velocidades, Ventilador de pie con 5 aspas y asa ergonómica integrada para transportarlo, Oscilación automática para una mayor difusión del aire; orientación y altura ajustable, Rejilla reforzada para la seguridad infantil que impide introducir una mano o un dedo en las aspas, ruido 45 dB(A), material: metal platico, con 5 aspas y asa ergonómica integrada para transportarlo | Q24: 10 | AE24: 30 | BC24: 4 | BE24: 4 | BH24: 8 | BI24: 6 | BO24: 3 | BV24: 20 | CD24: =SUM(D24:CC24) -> 85 | CE24: ='EM INICIALES'!J26 -> 139159.88 | CF24: =+CD24*CE24 -> 11828590
A25: 22 | B25: Conjunto de mesa para exterior en madera teka tratada para soportar la intemperie, sillas incluidas (4 personas) en el mismo material. Con sombrilla en tela polyester lavable de armado sencillo, y con traba de seguridad | AG25: 4 | AH25: 8 | BH25: 6 | BR25: 12 | BU25: 4 | CD25: =SUM(D25:CC25) -> 34 | CE25: ='EM INICIALES'!J27 -> 2077723.2 | CF25: =+CD25*CE25 -> 70642588
A26: 23 | B26: Silla de ruedas Estructura en acero cromado. Plegable, apoya brazos abatibles. Tapiz de respaldo en Engomado 600 relleno en espuma densidad 25. Tapiz de asiento en lona impermeable con refuerzo tejido de fibra. Apoya pies desmontables de altura regulable. Ruedas delanteras 7” maciza. Ruedas traseras aro 24, aro propulsor y freno Ancho del asiento: 44cm. Y 40 cm. Profundidad del asiento: 40 cm. | D26: 1 | E26: 1 | F26: 1 | L26: 1 | M26: 1 | AG26: 1 | AH26: 1 | AZ26: 0 | BB26: 1 | BH26: 1 | BI26: 1 | BJ26: 2 | BU26: 1 | BV26: 0 | CD26: =SUM(D26:CC26) -> 13 | CE26: ='EM INICIALES'!J28 -> 387913.18 | CF26: =+CD26*CE26 -> 5042871.4
A27: 24 | B27: Escaleras Dieléctricas - Fibra de Vidrio Cumplen con las normas ANSI 14.2 - AUTOSOPORTADA TIPO TIJERA Rango de Medidas DE 0,91 m hasta 6,10 m Material largueros PLASTICO REFORZADO CON FIBRA DE VIDRIO Material peldaños ALUMINIO Capacidad de carga 300 lb - 136 kg Numero de secciones 1 Tipo de escalera IA Capacidad dieléctrica C.A.90.000 V C.D. 25.000 V Elaboración FABRICADO BAJO NORMA ANSI ASC A14.5:2017 Accesorios Bandeja plástica, Zapatas antideslizantes | D27: 1 | E27: 1 | F27: 1 | L27: 1 | M27: 1 | AH27: 1 | AZ27: 1 | BB27: 1 | BH27: 1 | BI27: 1 | BJ27: 1 | BU27: 1 | BV27: 1 | CD27: =SUM(D27:CC27) -> 13 | CE27: ='EM INICIALES'!J29 -> 2689726.9 | CF27: =+CD27*CE27 -> 34966450
A28: 25 | B28: Cartelera en corcho Medidas: 80 cm largo x 60 cm alto (Este item requiere instalación) Características: diseño tradicional, de alta calidad, resistente y duradera, con marco. Material: Corcho Color Café, plateado | AG28: 2 | BE28: 1 | BG28: 4 | BU28: 2 | CD28: =SUM(D28:CC28) -> 9 | CE28: ='EM INICIALES'!J30 -> 125237.94 | CF28: =+CD28*CE28 -> 1127141.4
A29: 26 | B29: CARRETA SUPER LIVIANA ( 16 Kilos) 2 MODOS DE USO (en dos ruedas o en 4 ruedas) Soporta CARGA (300LB ) , HECHA CON MATERIALES ALUMINIO CALIDAD INDUSTRIAL LIVIANOS Y RESISTENTES, DE MUY FACIL PLEGADO, DIMENSIONES: ( 55 CMS, X 53 CMS X 125 CMS), ERGONÓMICO - Reduce el riesgo de lesiones, fatiga y tensión muscular. FUERTE - Capacidad de 300 lb en la posición 4 ruedas. FÁCIL DE MOVER - Llantas Para Trabajo Pesado. FÁCIL DE USAR - conversión rápida con una sola mano, sin tornillos o herramientas. LIGERO - de aluminio de calidad comercial - Fácil de manejar, ideal tanto para la industria,hogar como la oficina.Cargador manual fabricado en aluminio | L29: 1 | AE29: 1 | AG29: 1 | AH29: 1 | BH29: 1 | BJ29: 1 | BR29: 1 | BU29: 1 | CD29: =SUM(D29:CC29) -> 8 | CE29: ='EM INICIALES'!J31 -> 281805.36 | CF29: =+CD29*CE29 -> 2254442.9
A30: 27 | B30: ESTE ITEM REQUIERE INSTALACION. Cartelera Tablero de corcho 112x72cm espesor 3 mm , su cara interior forrada con tela fieltro, color azul oscura y sujeta a la cara posterior del tablero de corcho con pega en la cual la tela cubrirá 10 cm desde el perímetro del tablero.  EL tablero de MDF delgado 112x72cm espesor 3 mm se colocara junta a la cara posterior del tablero de corcho.  Los dos tableros se ubicarán en el lado posterior de la estructura y será enmarcado con un ángulo de aluminio 10 x 10 mm y espesor 1 mm, a la cual se sujetaran ambos elementos con remaches | F30: 2 | G30: 1 | I30: 1 | J30: 1 | K30: 1 | CD30: =SUM(D30:CC30) -> 6 | CE30: ='EM INICIALES'!J32 -> 725682.3 | CF30: =+CD30*CE30 -> 4354093.8
A31: 28 | B31: Estiba Plastica Medida: 1.00 x 1.20 x 15 cm Resistencia en estática: Desde 3.000 Kg a 5.000 Kg. Resistencia en dinámica: De 1.000 kg a 1.500 kg Material: Plásticos pos industriales y polipropileno Almacenamiento: Piso, piso y rack. Entradas: Dos y cuatro Superficie: Plana Propiedades: Resistencia al impacto, rigidez, frío y calor. | BR31: 20 | CD31: =SUM(D31:CC31) -> 20 | CE31: ='EM INICIALES'!J33 -> 230146.27 | CF31: =+CD31*CE31 -> 4602925.3
A32: 29 | B32: Horno Microhondas Trabajo pesado. Especial para dobles porciones. Descongelamiento automático. 10 botones programables en diferentes opciones. Memoria anti fallos de luz. Reloj indicador de gran visibilidad. Apropiado para calentar almuerzos. Capacidad: 0.8 pie cúbico. Dimensiones internas: 33 x 33 x 20 cm. Dimensiones externas: 51 x 36 x 30 cm. Potencia: 1.000 Wh., 110 V. 1 año de garantía Capacidad para 4 portacomidas, hasta de quince 15 centímetros de diámetro. El tiempo promedio para calentar los 4 almuerzos es de 3 minutos | D32: 2 | E32: 1 | F32: 2 | L32: 2 | M32: 1 | AB32: 1 | AE32: 1 | AG32: 2 | AH32: 2 | AZ32: 1 | BB32: 2 | BG32: 1 | BH32: 2 | BI32: 1 | BJ32: 2 | BR32: 8 | BS32: 1 | BT32: 1 | BU32: 2 | BV32: 2 | CD32: =SUM(D32:CC32) -> 37 | CE32: ='EM INICIALES'!J34 -> 1581784.5 | CF32: =+CD32*CE32 -> 58526026
A33: 30 | B33: Caja Fuerte Digital 31x20x20cm ( Tesoreria) Teclado, Clave y llave Capacidad 8,5lt Anclaje a piso Modo de apertura: Clave- Llave Picaporte Mecanico Tamaño Pequeña | BR33: 1 | CD33: =SUM(D33:CC33) -> 1 | CE33: ='EM INICIALES'!J35 -> 202353.49 | CF33: =+CD33*CE33 -> 202353.49
A34: 31 | B34: Nevera No frost ( Sala Amiga) Tipo Pequeño Entre 230 y 260 lt de capacacidad Ancho : Entre 55 y 65 cm Alto: Entre 130 cm y 160 Cm Tecnología Home Energy Saver. Cuida el ambiente con el compresor Eco Advance y gas refrigerante R600a. Total Fresh Flow Consumo Energetico 28.2 kWh/mes Control de Temperatura, Luz iterna, sin bandeja de huevos Material de Bandejas en Nevera: Cristal Templado | BR34: 1 | CD34: =SUM(D34:CC34) -> 1 | CE34: ='EM INICIALES'!J36 -> 1130154.6 | CF34: =+CD34*CE34 -> 1130154.6
A35: 32 | B35: Poltrona (Sala Amiga) Poltronas fijas Ancho: 70 centímetros Largo: 65 centímetros Material: Facil de limpiar Alto: 65 centímetros Color a Elección. | BR35: 2 | CD35: =SUM(D35:CC35) -> 2 | CE35: ='EM INICIALES'!J37 -> 539138.66 | CF35: =+CD35*CE35 -> 1078277.3
A36: 33 | B36: Papelera Cuerpo metálico enmallado con tapa Pedal Con capacidad mínima de 10 litros Diseño para baños DEBE PRESENTAR EL PICTOGRAMA O SIMBOLO QUE REPRESENTE LOS RESIDUOS A CONTENER SEGÚN RESOLUCION 2184 de 2019 | F36: 7 | M36: 4 | AB36: 6 | AC36: 8 | AD36: 2 | AG36: 15 | AH36: 20 | AN36: 2 | AZ36: 7 | BB36: 15 | BG36: 15 | BH36: 20 | BI36: 6 | BJ36: 18 | BU36: 10 | BV36: 10 | CD36: =SUM(D36:CC36) -> 165 | CE36: ='EM INICIALES'!J38 -> 78771.908 | CF36: =+CD36*CE36 -> 12997365
A37: 34 | B37: Punto Ecológico Base metálica con tablero tres puestos Mínimo tres contenedores así: Color blanco: Para depositar los residuos aprovechables como plástico, botellas, latas, vidrio, metales, papel y cartón. - Este tipo de caneca debe ir con el nombre de Residuos Aprovechables Color negro: Para depositar residuos no aprovechables como el papel higiénico; servilletas, papeles y cartones contaminados con comida; papeles metalizados, entre otros. -Este tipo de caneca debe ir con el nombre de Residuos No Aprovechables u ordinarios. Color verde: Para depositar residuos orgánicos aprovechables como los restos de comida, desechos agrícolas etc.- Este tipo de caneca debe ir con el nombre de Residuos Orgánicos Capacidad 35 litros Contenedores elaborados en plástico DEBE PRESENTAR EL PICTOGRAMA O SIMBOLO QUE REPRESENTE LOS RESIDUOS A CONTENER SEGÚN RESOLUCION 2184 de 2019 PARA CADA CANECA PERTENECIENTE A LOS PUNTOS ECOLOGICOS | D37: 2 | E37: 2 | F37: 2 | L37: 2 | M37: 2 | AB37: 1 | AC37: 2 | AE37: 3 | AG37: 5 | AH37: 8 | AN37: 1 | AZ37: 1 | BB37: 1 | BD37: 1 | BG37: 1 | BH37: 4 | BI37: 3 | BJ37: 2 | BR37: 6 | BU37: 2 | BV37: 1 | CD37: =SUM(D37:CC37) -> 52 | CE37: ='EM INICIALES'!J39 -> 641847.72 | CF37: =+CD37*CE37 -> 33376082
A38: 35 | B38: Punto Ecológico con techo 53 litros tres puestos Base metálica Mínimo tres contenedores así: Color blanco: Para depositar los residuos aprovechables como plástico, botellas, latas, vidrio, metales, papel y cartón. - Este tipo de caneca debe ir con el nombre de Residuos Aprovechables Color negro: Para depositar residuos no aprovechables como el papel higiénico; servilletas, papeles y cartones contaminados con comida; papeles metalizados, entre otros. -Este tipo de caneca debe ir con el nombre de Residuos No Aprovechables u ordinarios. Color verde: Para depositar residuos orgánicos aprovechables como los restos de comida, desechos agrícolas etc.- Este tipo de caneca debe ir con el nombre de Residuos Orgánicos Capacidad 53 litros Contenedores elaborados en plástico DEBE PRESENTAR EL PICTOGRAMA O SIMBOLO QUE REPRESENTE LOS RESIDUOS A CONTENER SEGÚN RESOLUCION 2184 de 2019 PARA CADA CANECA PERTENECIENTE A LOS PUNTOS ECOLOGICOS | AH38: 2 | BR38: 3 | CD38: =SUM(D38:CC38) -> 5 | CE38: ='EM INICIALES'!J40 -> 543002.46 | CF38: =+CD38*CE38 -> 2715012.3
A39: 36 | B39: Contenedor de Basura Elaborado en plástico Tapa con pedal Con ruedas Capacidad de 80 a 85 litros Color Negro Impresión de las palabras “Residuos No aprovechables y Ordinarios” en la cara delantera del contenedor DEBE PRESENTAR EL PICTOGRAMA O SIMBOLO QUE REPRESENTE LOS RESIDUOS A CONTENER SEGÚN RESOLUCION 2184 de 2019 PARA CADA CANECA PERTENECIENTE A LOS PUNTOS ECOLOGICOS | F39: 1 | L39: 1 | M39: 1 | AE39: 1 | AG39: 4 | AH39: 2 | BB39: 2 | BH39: 1 | BI39: 1 | BJ39: 2 | BR39: 1 | CD39: =SUM(D39:CC39) -> 17 | CE39: ='EM INICIALES'!J41 -> 308351.09 | CF39: =+CD39*CE39 -> 5241968.6
A40: 37 | B40: Contenedor de Basura Elaborado en plástico Tapa con pedal Con ruedas Capacidad de 80 a 85 litros Color Blanco Impresión de las palabras “Residuos No aprovechables y Ordinarios” en la cara delantera del contenedor DEBE PRESENTAR EL PICTOGRAMA O SIMBOLO QUE REPRESENTE LOS RESIDUOS A CONTENER SEGÚN RESOLUCION 2184 de 2019 PARA CADA CANECA PERTENECIENTE A LOS PUNTOS ECOLOGICOS | L40: 1 | M40: 1 | AG40: 1 | BG40: 1 | BH40: 1 | BI40: 1 | BJ40: 2 | CD40: =SUM(D40:CC40) -> 8 | CE40: ='EM INICIALES'!J42 -> 308351.09 | CF40: =+CD40*CE40 -> 2466808.7
A41: 38 | B41: Contenedor de Basura Elaborado en plástico Tapa con pedal Con ruedas Capacidad de 80 a 85 litros Color Rojo Impresión de las palabras “Residuos No aprovechables y Ordinarios” en la cara delantera del contenedor DEBE PRESENTAR EL PICTOGRAMA O SIMBOLO QUE REPRESENTE LOS RESIDUOS A CONTENER SEGÚN RESOLUCION 2184 de 2019 PARA CADA CANECA PERTENECIENTE A LOS PUNTOS ECOLOGICOS | BH41: 1 | BJ41: 1 | BR41: 1 | CD41: =SUM(D41:CC41) -> 3 | CE41: ='EM INICIALES'!J43 -> 308351.09 | CF41: =+CD41*CE41 -> 925053.28
A42: 39 | B42: Contenedor de Basura Elaborado en plástico Tapa con pedal Con ruedas Capacidad de 80 a 85 litros Color Verde Impresión de las palabras “Residuos No aprovechables y Ordinarios” en la cara delantera del contenedor DEBE PRESENTAR EL PICTOGRAMA O SIMBOLO QUE REPRESENTE LOS RESIDUOS A CONTENER SEGÚN RESOLUCION 2184 de 2019 PARA CADA CANECA PERTENECIENTE A LOS PUNTOS ECOLOGICOS | AG42: 1 | BB42: 1 | BG42: 1 | BJ42: 1 | CD42: =SUM(D42:CC42) -> 4 | CE42: ='EM INICIALES'!J44 -> 308094.93 | CF42: =+CD42*CE42 -> 1232379.7
B43: TOTAL ELEMENTOS POR SEDE | D43: =SUM(D4:D42) -> 47 | E43: =SUM(E4:E42) -> 63 | F43: =SUM(F4:F42) -> 164 | G43: =SUM(G4:G42) -> 137 | H43: =SUM(H4:H42) -> 61 | I43: =SUM(I4:I42) -> 103 | J43: =SUM(J4:J42) -> 140 | K43: =SUM(K4:K42) -> 96 | ... CD43: =SUM(CD4:CD42) -> 1791 | CF43: =SUM(CF4:CF42) -> 6.4e+08

Sheet BALANCE MAYORES Y MENORES
A1: 2. BALANCE DE MAYORES Y MENORES CANTIDADES DE LA OFERTA ECONÓMICA INICIAL
A2: ITEM | B2: ELEMENTO | C2: FOTO DE SIMILAR O REFERENCIA | D2: ANTIOQUIA | E2: CHOCO | F2: ATLANTICO | L2: BOLIVAR | AB2: BOYACA | AE2: CALDAS | AG2: CUNDINAMARCA | AH2: CAUCA | AN2: HUILA | AZ2: META | BB2: NARIÑO | BC2: NORTE DE SANTANDER | BH2: RISARALDA | BJ2: SANTANDER | BR2: SEDE CENTRAL | BU2: TOLIMA | BV2: VALLE | CD2: CANTIDADES TOTALES | CE2: VALOR UNITARIO INCLUIDO IVA | CF2: VALOR TOTAL INCLUIDO IVA
D3: MEDELLIN | E3: QUIBDO | F3: BARRANQUILLA | G3: MALAMBO | H3: SANTA MARTA | I3: VALLEDUPAR | J3: VILLANUEVA | K3: SUAN | L3: CARTAGENA | M3: SINCELEJO | N3: LA UNION | O3: LORICA | P3: TIERRA ALTA | Q3: San Andres | R3: MAGANGUE | S3: SAN ANDRES | T3: MONTERIA | U3: MONPOX | V3: MAJAGUAL | W3: CARMEN DE BOLIVAR | X3: COROZAL | Y3: SAN ANTERO | Z3: SAHAGUN | AA3: RESGUARDO INDIGENA | AB3: TUNJA | AC3: MONIQUIRA | AD3: SOGAMOSO | AE3: MANIZALES | AF3: LA DORADA | AG3: FUSAGASUGA | AH3: POPAYAN | AI3: MIRANDA | AJ3: BORDO | AK3: SANTANDER DE QUILICHAO | AL3: ROSAS | AM3: CALDONO | AN3: NEIVA | AO3: ALGECIRAS | AP3: LA PLATA | AQ3: GARZON | AR3: ACEVEDO | AS3: PITALITO | AT3: FLORENCIA | AU3: PAUJIL | AV3: SAN VICENTE | AW3: MOCOA | AX3: ORITO | AY3: PUERTO ASIS | AZ3: VILLAVICENCIO | BA3: SAN JOSE DEL GUAVIARE | BB3: PASTO | BC3: ARAUQUITA | BD3: ARAUCA | BE3: TAME | BF3: OCAÑA | BG3: CUCUTA | BH3: DOS QUEBRADAS | BI3: ARMENIA | BJ3: BUCARAMANGA | BK3: SANTA ROSA DEL SUR | BL3: SAN GIL | BM3: OIBA | BN3: BARRRANCABERMEJA | BO3: CIMITARRA | BP3: PUENTE NACIONAL | BQ3: MALAGA | BR3: SEDE CENTRAL | BS3: ROSALES | BT3: TEUSAQUILLO | BU3: IBAGUE | BV3: CALI | BW3: BUENAVENTURA | BX3: CARTAGO | BY3: TULUA | BZ3: SEVILLA | CA3: PRADERA | CB3: PALMIRA | CC3: BUGA
A4: 1 | B4: Silla giratoria ergonómica con brazos, Ancho: 61 cm., Altura: 102 cm – 115 cm., Altura asiento: 45 cm – 58 cm., Profundidad asiento: 61 cm, Tapizada en paño hilat, color a seleccionar por la ESAP, con carcazas en la espalda y asiento, Acabado en textil Hilat o similar, asiento en espuma inyectada densidad 45, espalda en espuma laminada de alta densidad 50 mm de espesor, carcasas asiento y espalda media en polipropileno, brazos en nylon Graduables. Mecanismo Contacto permanente, que reclina la espalda de 88 hasta 105 grados permitiendo que los pies permanezcan apoyados en el piso, sistema que permite graduar la altura de la espalda y la profundidad del asiento, columna neumática que amortigua los movimientos del cuerpo y permite ajustar la altura, telescopio protector de columna, base en nylon de cinco aspas, rodachinas doble rueda. GARANTIA DOS (2) AÑOS | D4: ='DOTACION ACTUALIZADA'!D4-'DOTACION INICIAL'!D4 -> -8 | E4: ='DOTACION ACTUALIZADA'!E4-'DOTACION INICIAL'!E4 -> 8 | F4: ='DOTACION ACTUALIZADA'!F4-'DOTACION INICIAL'!F4 -> 4 | G4: ='DOTACION ACTUALIZADA'!G4-'DOTACION INICIAL'!G4 -> 1 | H4: ='DOTACION ACTUALIZADA'!H4-'DOTACION INICIAL'!H4 -> 2 | I4: ='DOTACION ACTUALIZADA'!I4-'DOTACION INICIAL'!I4 -> 3 | J4: ='DOTACION ACTUALIZADA'!J4-'DOTACION INICIAL'!J4 -> 2 | K4: ='DOTACION ACTUALIZADA'!K4-'DOTACION INICIAL'!K4 -> 0 | ... CC4: ='DOTACION ACTUALIZADA'!CC4-'DOTACION INICIAL'!CC4 -> 0 | CD4: =SUM(D4:CC4) -> 105 | CE4: ='EM INICIALES'!J6 -> 304009.1 | CF4: =+CD4*CE4 -> 31920955
A5: 2 | B5: Silla giratoria ergonómica sin brazos, Ancho: 61 cm., Altura: 102 cm – 115 cm., Altura asiento: 45 cm – 58 cm., Profundidad asiento: 61 cm, Tapizada en paño hilat, color a seleccionar por la ESAP, con carcazas en la espalda y asiento, Acabado en textil Hilat o similar, asiento en espuma inyectada densidad 45, espalda en espuma laminada de alta densidad 50 mm de espesor, carcasas asiento y espalda media en polipropileno, brazos en nylon Graduables. Mecanismo Contacto permanente, que reclina la espalda de 88 hasta 105 grados permitiendo que los pies permanezcan apoyados en el piso, sistema que permite graduar la altura de la espalda y la profundidad del asiento, columna neumática que amortigua los movimientos del cuerpo y permite ajustar la altura, telescopio protector de columna, base en nylon de cinco aspas, rodachinas doble rueda. GARANTIA DOS (2) AÑOS | D5: ='DOTACION ACTUALIZADA'!D5-'DOTACION INICIAL'!D5 -> 20 | E5: ='DOTACION ACTUALIZADA'!E5-'DOTACION INICIAL'!E5 -> 0 | F5: ='DOTACION ACTUALIZADA'!F5-'DOTACION INICIAL'!F5 -> 0 | G5: ='DOTACION ACTUALIZADA'!G5-'DOTACION INICIAL'!G5 -> 0 | H5: ='DOTACION ACTUALIZADA'!H5-'DOTACION INICIAL'!H5 -> 0 | I5: ='DOTACION ACTUALIZADA'!I5-'DOTACION INICIAL'!I5 -> 0 | J5: ='DOTACION ACTUALIZADA'!J5-'DOTACION INICIAL'!J5 -> 0 | K5: ='DOTACION ACTUALIZADA'!K5-'DOTACION INICIAL'!K5 -> 0 | ... CC5: ='DOTACION ACTUALIZADA'!CC5-'DOTACION INICIAL'!CC5 -> 0 | CD5: =SUM(D5:CC5) -> 26 | CE5: ='EM INICIALES'!J7 -> 266118.44 | CF5: =+CD5*CE5 -> 6919079.5
A6: 3 | B6: Silla gerencial, Ancho: 71 cm., Altura: 117 cm – 126 cm., Altura asiento: 43 cm – 52 cm., Profundidad asiento: 68 cm., asiento en espuma de alta densidad forrado en paño color a seleccionar por la entidad, espaldar en malla elastica con carcaza en polipropileno y fibra de vidrio, asiento, espaldar y apoya brazos de altura ajustables, espladar con inclinación ajustable, Ajuste del respaldo lumbar y apoya cabeza en altura y posición, base en acero cromado de cinco aspas con rodachines . REF ROMA | D6: ='DOTACION ACTUALIZADA'!D6-'DOTACION INICIAL'!D6 -> 2 | E6: ='DOTACION ACTUALIZADA'!E6-'DOTACION INICIAL'!E6 -> 0 | F6: ='DOTACION ACTUALIZADA'!F6-'DOTACION INICIAL'!F6 -> 4 | G6: ='DOTACION ACTUALIZADA'!G6-'DOTACION INICIAL'!G6 -> 0 | H6: ='DOTACION ACTUALIZADA'!H6-'DOTACION INICIAL'!H6 -> 3 | I6: ='DOTACION ACTUALIZADA'!I6-'DOTACION INICIAL'!I6 -> 3 | J6: ='DOTACION ACTUALIZADA'!J6-'DOTACION INICIAL'!J6 -> 0 | K6: ='DOTACION ACTUALIZADA'!K6-'DOTACION INICIAL'!K6 -> 0 | ... CC6: ='DOTACION ACTUALIZADA'!CC6-'DOTACION INICIAL'!CC6 -> 0 | CD6: =SUM(D6:CC6) -> 111 | CE6: ='EM INICIALES'!J8 -> 593133.63 | CF6: =+CD6*CE6 -> 65837833
A7: 4 | B7: Silla interlocutora fija con brazos, Tapizada en paño hilat- con carcazas en la espalda y asiento, base tubo metálica, Silla Interlocutora, Acabado en paño Hilat o similar, asiento en espuma inyectada densidad 45, espalda en espuma laminada de alta densidad 50 mm de espesor, bastidores y carcazas en polipropileno, con brazos, estructura en tubo elíptico 14 * 24 mm., pintura epoxi poliéster de aplicación electrostática. DOS (2) AÑOS de Garantía. | D7: ='DOTACION ACTUALIZADA'!D7-'DOTACION INICIAL'!D7 -> 0 | E7: ='DOTACION ACTUALIZADA'!E7-'DOTACION INICIAL'!E7 -> 0 | F7: ='DOTACION ACTUALIZADA'!F7-'DOTACION INICIAL'!F7 -> 2 | G7: ='DOTACION ACTUALIZADA'!G7-'DOTACION INICIAL'!G7 -> 0 | H7: ='DOTACION ACTUALIZADA'!H7-'DOTACION INICIAL'!H7 -> 4 | I7: ='DOTACION ACTUALIZADA'!I7-'DOTACION INICIAL'!I7 -> 2 | J7: ='DOTACION ACTUALIZADA'!J7-'DOTACION INICIAL'!J7 -> 2 | K7: ='DOTACION ACTUALIZADA'!K7-'DOTACION INICIAL'!K7 -> 0 | ... CC7: ='DOTACION ACTUALIZADA'!CC7-'DOTACION INICIAL'!CC7 -> 0 | CD7: =SUM(D7:CC7) -> 36 | CE7: ='EM INICIALES'!J9 -> 241586.03 | CF7: =+CD7*CE7 -> 8697097
A8: 5 | B8: Archivador Metalico cuatro gavetas, capacidad aprox. 60 carpetas por gaveta. | D8: ='DOTACION ACTUALIZADA'!D8-'DOTACION INICIAL'!D8 -> 0 | E8: ='DOTACION ACTUALIZADA'!E8-'DOTACION INICIAL'!E8 -> 0 | F8: ='DOTACION ACTUALIZADA'!F8-'DOTACION INICIAL'!F8 -> -1 | G8: ='DOTACION ACTUALIZADA'!G8-'DOTACION INICIAL'!G8 -> 0 | H8: ='DOTACION ACTUALIZADA'!H8-'DOTACION INICIAL'!H8 -> 1 | I8: ='DOTACION ACTUALIZADA'!I8-'DOTACION INICIAL'!I8 -> 3 | J8: ='DOTACION ACTUALIZADA'!J8-'DOTACION INICIAL'!J8 -> 0 | K8: ='DOTACION ACTUALIZADA'!K8-'DOTACION INICIAL'!K8 -> 0 | ... CC8: ='DOTACION ACTUALIZADA'!CC8-'DOTACION INICIAL'!CC8 -> 0 | CD8: =SUM(D8:CC8) -> 5 | CE8: ='EM INICIALES'!J10 -> 740121.55 | CF8: =+CD8*CE8 -> 3700607.8
A9: 6 | B9: ESTE ITEM REQUIERE INSTALACION. Archivo de dos modulos rodantes manual y dos fijos laterales: Parales de 2.00 alto y entrepaños de 0.30 frente mts de fondo x 1,0 de frente, con dobles tope de espaldar y refuerzo, fabricados en lámina CR C16 y C20 respectivamente, con una resistencia de 80 kg peso repartido. Acabos frontales en lámina CR cal 18 en pintura electrostática, color a elegir por la ESAP, puerta con cerradura. Desplazamiento de módulos móviles manualmente, sobre bases y rieles fabricados en ángulo de 1 1/2" x 3/16 de pulgada, accionados mediante manija de empuje manual sobre las ruedas de tracción macizas de hierro maquinado, que incluyen rodamientos sellados de 3,5" de diámetro. Tensores en platina de 3/4 * 1/8 de pulgada. El archivo estará compuesto por dos unidades de consulta fijas y una doble rodante, con una puerta. Las UDC de consulta fijas medirán en su interior 1.0 de frente x 0.30 de fondo x 2.0 m de alto y el panel frontal será de 0,35 de frente por 2,0 de alto y las dobles rodantes serán cada una de 1,0 de frente x 0,60 de fondo (2 de 0,30 m) y 2,0 de alto y el panel frontal será de 0,75 x 2,0 m, la puerta será de 0,75 de frente por 2,0 de alto con llave. Espacios para carpetas tamaño oficio y AZ- Oficio. GARANTIA 2 AÑOS. | D9: ='DOTACION ACTUALIZADA'!D9-'DOTACION INICIAL'!D9 -> 0 | E9: ='DOTACION ACTUALIZADA'!E9-'DOTACION INICIAL'!E9 -> 3 | F9: ='DOTACION ACTUALIZADA'!F9-'DOTACION INICIAL'!F9 -> 2 | G9: ='DOTACION ACTUALIZADA'!G9-'DOTACION INICIAL'!G9 -> 0 | H9: ='DOTACION ACTUALIZADA'!H9-'DOTACION INICIAL'!H9 -> 0 | I9: ='DOTACION ACTUALIZADA'!I9-'DOTACION INICIAL'!I9 -> 0 | J9: ='DOTACION ACTUALIZADA'!J9-'DOTACION INICIAL'!J9 -> 0 | K9: ='DOTACION ACTUALIZADA'!K9-'DOTACION INICIAL'!K9 -> 0 | ... CC9: ='DOTACION ACTUALIZADA'!CC9-'DOTACION INICIAL'!CC9 -> 0 | CD9: =SUM(D9:CC9) -> 7 | CE9: ='EM INICIALES'!J11 -> 2766256.3 | CF9: =+CD9*CE9 -> 19363794
A10: 7 | B10: Silla fija, Ancho: 54 cm, Altura: 81 cm., Altura asiento: 46 cm, Profundidad asiento: 46 cm, con carcazas en la espalda y asiento, base tubo metálica, Acabado en paño Hilat o similar, asiento en espuma inyectada densidad 45, espalda en espuma laminada de alta densidad 50 mm de espesor, bastidores y carcazas en polipropileno, sin brazos, estructura en tubo elíptico 14 * 24 mm., pintura epoxi poliéster de aplicación electrostática. DOS (2) AÑOS de Garantía. | D10: ='DOTACION ACTUALIZADA'!D10-'DOTACION INICIAL'!D10 -> 0 | E10: ='DOTACION ACTUALIZADA'!E10-'DOTACION INICIAL'!E10 -> 0 | F10: ='DOTACION ACTUALIZADA'!F10-'DOTACION INICIAL'!F10 -> 0 | G10: ='DOTACION ACTUALIZADA'!G10-'DOTACION INICIAL'!G10 -> -4 | H10: ='DOTACION ACTUALIZADA'!H10-'DOTACION INICIAL'!H10 -> 0 | I10: ='DOTACION ACTUALIZADA'!I10-'DOTACION INICIAL'!I10 -> 0 | J10: ='DOTACION ACTUALIZADA'!J10-'DOTACION INICIAL'!J10 -> -4 | K10: ='DOTACION ACTUALIZADA'!K10-'DOTACION INICIAL'!K10 -> 0 | ... CC10: ='DOTACION ACTUALIZADA'!CC10-'DOTACION INICIAL'!CC10 -> 0 | CD10: =SUM(D10:CC10) -> 474 | CE10: ='EM INICIALES'!J12 -> 184083.41 | CF10: =+CD10*CE10 -> 87255539
A11: 8 | B11: Silla universitaria con brazo escualizable, Tapizada en paño hilat- con carcazas en la espalda y asiento, base tubo metálica, con carcazas en la espalda y asiento, base tubo metálica, Acabado en paño Hilat o similar, asiento en espuma inyectada densidad 45, espalda en espuma laminada de alta densidad 50 mm de espesor, bastidores y carcazas en polipropileno, con brazos, estructura en tubo elíptico 14 * 24 mm., pintura epoxi poliéster de aplicación electrostática. DOS (2) AÑOS de Garantía. | D11: ='DOTACION ACTUALIZADA'!D11-'DOTACION INICIAL'!D11 -> 0 | E11: ='DOTACION ACTUALIZADA'!E11-'DOTACION INICIAL'!E11 -> 0 | F11: ='DOTACION ACTUALIZADA'!F11-'DOTACION INICIAL'!F11 -> 30 | G11: ='DOTACION ACTUALIZADA'!G11-'DOTACION INICIAL'!G11 -> -70 | H11: ='DOTACION ACTUALIZADA'!H11-'DOTACION INICIAL'!H11 -> -10 | I11: ='DOTACION ACTUALIZADA'!I11-'DOTACION INICIAL'!I11 -> 10 | J11: ='DOTACION ACTUALIZADA'!J11-'DOTACION INICIAL'!J11 -> -70 | K11: ='DOTACION ACTUALIZADA'!K11-'DOTACION INICIAL'!K11 -> -40 | ... CC11: ='DOTACION ACTUALIZADA'!CC11-'DOTACION INICIAL'!CC11 -> 0 | CD11: =SUM(D11:CC11) -> 140 | CE11: ='EM INICIALES'!J13 -> 281639.41 | CF11: =+CD11*CE11 -> 39429518
A12: 9 | B12: Escritorio rectangular para profesor,( 1.60 m de largo x 0.60 ancho) con dos gavetas, bandeja portacables troquelada, superficie en aglomerado, formica y canto en PVC, estructura en lámica C.R. con pintura al horno, faldera en lámina C.R. troquelada | D12: ='DOTACION ACTUALIZADA'!D12-'DOTACION INICIAL'!D12 -> 0 | E12: ='DOTACION ACTUALIZADA'!E12-'DOTACION INICIAL'!E12 -> 10 | F12: ='DOTACION ACTUALIZADA'!F12-'DOTACION INICIAL'!F12 -> 0 | G12: ='DOTACION ACTUALIZADA'!G12-'DOTACION INICIAL'!G12 -> 0 | H12: ='DOTACION ACTUALIZADA'!H12-'DOTACION INICIAL'!H12 -> 0 | I12: ='DOTACION ACTUALIZADA'!I12-'DOTACION INICIAL'!I12 -> -3 | J12: ='DOTACION ACTUALIZADA'!J12-'DOTACION INICIAL'!J12 -> -6 | K12: ='DOTACION ACTUALIZADA'!K12-'DOTACION INICIAL'!K12 -> 0 | ... CC12: ='DOTACION ACTUALIZADA'!CC12-'DOTACION INICIAL'!CC12 -> 0 | CD12: =SUM(D12:CC12) -> 15 | CE12: ='EM INICIALES'!J14 -> 688959.76 | CF12: =+CD12*CE12 -> 10334396
A13: 10 | B13: ESTE ITEM REQUIERE INSTALACION. Tablero en acrilico fijado a muro, medidas: 2.40 x 1.20 m., con porta borrador enmarcado, con esquinas perfectamente de lineadas, ángulos perfectos, sin bordes cortantes ni filos, bordes recubiertos por protectores plásticos, al borrar no debe quedar huella Base en aglomerado de 9 mm con balance Enchapado con fórmica, pizarrón blanca, Marco en perfil de aluminio crudo Esquineros en polipropileno redondeados. | D13: ='DOTACION ACTUALIZADA'!D13-'DOTACION INICIAL'!D13 -> 0 | E13: ='DOTACION ACTUALIZADA'!E13-'DOTACION INICIAL'!E13 -> 0 | F13: ='DOTACION ACTUALIZADA'!F13-'DOTACION INICIAL'!F13 -> 0 | G13: ='DOTACION ACTUALIZADA'!G13-'DOTACION INICIAL'!G13 -> -2 | H13: ='DOTACION ACTUALIZADA'!H13-'DOTACION INICIAL'!H13 -> 0 | I13: ='DOTACION ACTUALIZADA'!I13-'DOTACION INICIAL'!I13 -> 1 | J13: ='DOTACION ACTUALIZADA'!J13-'DOTACION INICIAL'!J13 -> -1 | K13: ='DOTACION ACTUALIZADA'!K13-'DOTACION INICIAL'!K13 -> 2 | ... CC13: ='DOTACION ACTUALIZADA'!CC13-'DOTACION INICIAL'!CC13 -> 0 | CD13: =SUM(D13:CC13) -> 48 | CE13: ='EM INICIALES'!J15 -> 225588.28 | CF13: =+CD13*CE13 -> 10828237
A14: 11 | B14: ESTE ITEM REQUIERE INSTALACION.Tablero en acrilico fijado a muro, medidas: 80cm x 60 cm, con portaborrador enmarcado, con esquinas perfectamente de lineadas, ángulos perfectos, sin bordes cortantes ni filos, bordes recubiertos por protectores plásticos, al borrar no debe quedar huella Base en aglomerado de 9 mm con balance Enchapado con fórmica, pizarrón blanca, Marco en perfil de aluminio crudo Esquineros en polipropileno redondeados. | D14: ='DOTACION ACTUALIZADA'!D14-'DOTACION INICIAL'!D14 -> 0 | E14: ='DOTACION ACTUALIZADA'!E14-'DOTACION INICIAL'!E14 -> 0 | F14: ='DOTACION ACTUALIZADA'!F14-'DOTACION INICIAL'!F14 -> 0 | G14: ='DOTACION ACTUALIZADA'!G14-'DOTACION INICIAL'!G14 -> 0 | H14: ='DOTACION ACTUALIZADA'!H14-'DOTACION INICIAL'!H14 -> 0 | I14: ='DOTACION ACTUALIZADA'!I14-'DOTACION INICIAL'!I14 -> 0 | J14: ='DOTACION ACTUALIZADA'!J14-'DOTACION INICIAL'!J14 -> 0 | K14: ='DOTACION ACTUALIZADA'!K14-'DOTACION INICIAL'!K14 -> 0 | ... CC14: ='DOTACION ACTUALIZADA'!CC14-'DOTACION INICIAL'!CC14 -> 0 | CD14: =SUM(D14:CC14) -> 5 | CE14: ='EM INICIALES'!J16 -> 118393.85 | CF14: =+CD14*CE14 -> 591969.25
A15: 12 | B15: ESTE ITEM REQUIERE INSTALACION. Tablero en acrilico fijado a muro, medidas: 80cm x 120 cm, con portaborrador enmarcado, con esquinas perfectamente de lineadas, ángulos perfectos, sin bordes cortantes ni filos, bordes recubiertos por protectores plásticos, al borrar no debe quedar huella Base en aglomerado de 9 mm con balance Enchapado con fórmica, pizarrón blanca, Marco en perfil de aluminio crudo Esquineros en polipropileno redondeados. | D15: ='DOTACION ACTUALIZADA'!D15-'DOTACION INICIAL'!D15 -> 0 | E15: ='DOTACION ACTUALIZADA'!E15-'DOTACION INICIAL'!E15 -> 0 | F15: ='DOTACION ACTUALIZADA'!F15-'DOTACION INICIAL'!F15 -> 0 | G15: ='DOTACION ACTUALIZADA'!G15-'DOTACION INICIAL'!G15 -> 0 | H15: ='DOTACION ACTUALIZADA'!H15-'DOTACION INICIAL'!H15 -> 0 | I15: ='DOTACION ACTUALIZADA'!I15-'DOTACION INICIAL'!I15 -> 0 | J15: ='DOTACION ACTUALIZADA'!J15-'DOTACION INICIAL'!J15 -> 0 | K15: ='DOTACION ACTUALIZADA'!K15-'DOTACION INICIAL'!K15 -> 0 | ... CC15: ='DOTACION ACTUALIZADA'!CC15-'DOTACION INICIAL'!CC15 -> 0 | CD15: =SUM(D15:CC15) -> 0 | CE15: ='EM INICIALES'!J17 -> 174515.38 | CF15: =+CD15*CE15 -> 0
... A42: 39 | B42: Contenedor de Basura Elaborado en plástico Tapa con pedal Con ruedas Capacidad de 80 a 85 litros Color Verde Impresión de las palabras “Residuos No aprovechables y Ordinarios” en la cara delantera del contenedor DEBE PRESENTAR EL PICTOGRAMA O SIMBOLO QUE REPRESENTE LOS RESIDUOS A CONTENER SEGÚN RESOLUCION 2184 de 2019 PARA CADA CANECA PERTENECIENTE A LOS PUNTOS ECOLOGICOS | D42: ='DOTACION ACTUALIZADA'!D42-'DOTACION INICIAL'!D42 -> 0 | E42: ='DOTACION ACTUALIZADA'!E42-'DOTACION INICIAL'!E42 -> 0 | F42: ='DOTACION ACTUALIZADA'!F42-'DOTACION INICIAL'!F42 -> 0 | G42: ='DOTACION ACTUALIZADA'!G42-'DOTACION INICIAL'!G42 -> 0 | H42: ='DOTACION ACTUALIZADA'!H42-'DOTACION INICIAL'!H42 -> 0 | I42: ='DOTACION ACTUALIZADA'!I42-'DOTACION INICIAL'!I42 -> 0 | J42: ='DOTACION ACTUALIZADA'!J42-'DOTACION INICIAL'!J42 -> 0 | K42: ='DOTACION ACTUALIZADA'!K42-'DOTACION INICIAL'!K42 -> 0 | ... CC42: ='DOTACION ACTUALIZADA'!CC42-'DOTACION INICIAL'!CC42 -> 0 | CD42: =SUM(D42:CC42) -> -1 | CE42: ='EM INICIALES'!J44 -> 308094.93 | CF42: =+CD42*CE42 -> -308094.93
B43: TOTAL ELEMENTOS POR SEDE | D43: =SUM(D4:D42) -> 17 | E43: =SUM(E4:E42) -> 75 | F43: =SUM(F4:F42) -> 70 | G43: =SUM(G4:G42) -> -58 | H43: =SUM(H4:H42) -> 35 | I43: =SUM(I4:I42) -> 62 | J43: =SUM(J4:J42) -> -66 | K43: =SUM(K4:K42) -> -29 | ... CD43: =SUM(CD4:CD42) -> 1512 | CF43: =SUM(CF4:CF42) -> 5.5356841e+08

Sheet EM NO PREVISTOS
B1: ESTUDIO DE MERCADO ITEMS NO PREVISTOS
B2: ITEM | C2: ESPECIFICACIONES TÉCNICAS | D2: CANTIDAD | E2: UNIDAD | F2: PRECIO UNITARIO COTIZACION 1 (SOLMETAL) | G2: PRECIO UNITARIO COTIZACION 2 (ARCHICOL) | H2: PRECIO UNITARIO COTIZACION 3 (ESTANCOL) | I2: PROMEDIO | J2: MEDIA ARMONICA | K2: MINIMO | L2: VALOR UNITARIO DEFINITIVO | M2: VALOR TOTAL | N2: VALOR UNITARIO INCLUIDO IVA | O2: VALOR TOTAL
B3: 1 | C3: TV 70 pulgadas 4K-UHD LED Smart TV, cuenta con un procesador Crystal el cual escala con inteligencia artificial las imágenes hasta 4K | D3: 2 | E3: UN | F3: 7712500 | G3: 6170000 | H3: 7404000 | I3: =AVERAGE(F3:H3) -> 7095500 | J3: =HARMEAN(F3:H3) -> 7029113.9 | K3: =MIN(F3:H3) -> 6170000 | L3: =J3 -> 7029113.9 | M3: =J3*D3 -> 14058228 | N3: =L3+(L3*19%) -> 8364645.6 | O3: =N3*D3 -> 16729291
B4: 2 | C4: kit Mesa redonda de juntas de 4 puestos en madera, incluye sillas tipo gerencial ergonomica tapizada en cuero sintético negro de excelente calidad. | D4: 1 | E4: UN | F4: 5546300 | G4: 4437000 | H4: 5324400 | I4: =AVERAGE(F4:H4) -> 5102566.7 | J4: =HARMEAN(F4:H4) -> 5054824 | K4: =MIN(F4:H4) -> 4437000 | L4: =J4 -> 5054824 | M4: =J4*D4 -> 5054824 | N4: =L4+(L4*19%) -> 6015240.5 | O4: =N4*D4 -> 6015240.5
B5: 3 | C5: Escritorio TAU Presidente enchapado .Superficie en tablex 30 mm tintillado y lacado color a escoger por la ESAP. accesorios de amarre tipo pedestal en acero inoxidable tipo botón. pedestales con incrustación en U y dilatación en la parte superior. Frente curvo 2.10x0.90 retorno 1.20x0.60. c/archivo fijo 3 servicios c/niveladores | D5: 1 | E5: UN | F5: 4587500 | G5: 3670000 | H5: 4404000 | I5: =AVERAGE(F5:H5) -> 4220500 | J5: =HARMEAN(F5:H5) -> 4181012.7 | K5: =MIN(F5:H5) -> 3670000 | L5: =J5 -> 4181012.7 | M5: =J5*D5 -> 4181012.7 | N5: =L5+(L5*19%) -> 4975405.1 | O5: =N5*D5 -> 4975405.1
B6: 4 | C6: Ventilador de Torre ideal con 3 Velocidades ideales para ambientar tu espacio favorito. Temporizador electrónico que permite programar su apagado hasta por 7 horas Cuenta con Control Remoto ultra delgado y compacto para que el ventilador sea ajustado y programado desde la distancia. | D6: 1 | E6: UN | F6: 521300 | G6: 417000 | H6: 500400 | I6: =AVERAGE(F6:H6) -> 479566.67 | J6: =HARMEAN(F6:H6) -> 475077.13 | K6: =MIN(F6:H6) -> 417000 | L6: =J6 -> 475077.13 | M6: =J6*D6 -> 475077.13 | N6: =L6+(L6*19%) -> 565341.79 | O6: =N6*D6 -> 565341.79
B7: 5 | C7: mesa de centro 50 x 50 x 30 en madera natural. | D7: 1 | E7: UN | F7: 1000000 | G7: 800000 | H7: 960000 | I7: =AVERAGE(F7:H7) -> 920000 | J7: =HARMEAN(F7:H7) -> 911392.41 | K7: =MIN(F7:H7) -> 800000 | L7: =J7 -> 911392.41 | M7: =J7*D7 -> 911392.41 | N7: =L7+(L7*19%) -> 1084557 | O7: =N7*D7 -> 1084557
B8: 6 | C8: sofa cuero sintetico de alta calidad de 3 puestos 2,20 x 0,80 m, estructura en madera con relleno de espuma de alta elasticidad y fibras de poliéster. | D8: 2 | E8: UN | F8: 3187500 | G8: 2550000 | H8: 3060000 | I8: =AVERAGE(F8:H8) -> 2932500 | J8: =HARMEAN(F8:H8) -> 2905063.3 | K8: =MIN(F8:H8) -> 2550000 | L8: =J8 -> 2905063.3 | M8: =J8*D8 -> 5810126.6 | N8: =L8+(L8*19%) -> 3457025.3 | O8: =N8*D8 -> 6914050.6
B9: 7 | C9: Escritorio gerencial 2,20 x 0,75 con credenza de 1.80 x 50 formica f8, incluye archivador con tres cajones y silla tipo gerencial tipo KYOTO con: - mecanismo de espalda basculante - grduacion de altura en asiento - ajuste para tensionar la espalda - apoyo lumbar fijo - brazos fijo - asiento en paño color negro - espalda en malla negra | D9: 1 | E9: UN | F9: 9065000 | G9: 7252000 | H9: 7252000 | I9: =AVERAGE(F9:H9) -> 7856333.3 | J9: =HARMEAN(F9:H9) -> 7770000 | K9: =MIN(F9:H9) -> 7252000 | L9: =J9 -> 7770000 | M9: =J9*D9 -> 7770000 | N9: =L9+(L9*19%) -> 9246300 | O9: =N9*D9 -> 9246300
B10: 8 | C10: Videoproyector con conectividad inalambrica, pantalla de más de 100" con calidad excepcional y excelente brillo para situaciones de gran luz ambiental o artificial. a tecnología 3LCD ofrece imágenes claras, brillantes y llenas de color. Su luminosidad de 4.000 lúmenes en color1 y 4.000 lúmenes en blanco lo convierten en lamejor opción. Su resolución WXGA de 1.280 px x 800 px es ideal para presentaciones de gran calidad. - Excelente calidad: resolución nativa WXGA (1.280 px x 800 px). Ideal para presentaciones multimedia. - Ajustes de imagen simples e instantáneos: - Lámpara con una duración hasta de 12.000 horas - Conectividad inalámbrica: para dispositivos móviles - colores hasta 3 veces más brillantes, La tecnología 3LCD permite un balance más exacto entre la luz blanca y la de color, para proyecciones realmente naturales | D10: 10 | E10: UN | F10: 9562500 | G10: 7650000 | H10: 9180000 | I10: =AVERAGE(F10:H10) -> 8797500 | J10: =HARMEAN(F10:H10) -> 8715189.9 | K10: =MIN(F10:H10) -> 7650000 | L10: =J10 -> 8715189.9 | M10: =J10*D10 -> 87151899 | N10: =L10+(L10*19%) -> 10371076 | O10: =N10*D10 -> 1.0371076e+08
B11: 9 | C11: cable HDMI 4K de alta velocidad, de 8 metros de largo, es perfecto para transmisión de señales digitales de audio y de vídeo, se garantiza una transmisión de señal fiable a resoluciones hasta 4K (4096 x 2160 / 3840 x 2160 a 30 Hz) | D11: 30 | E11: UN | F11: 181300 | G11: 145000 | H11: 174000 | I11: =AVERAGE(F11:H11) -> 166766.67 | J11: =HARMEAN(F11:H11) -> 165203.71 | K11: =MIN(F11:H11) -> 145000 | L11: =J11 -> 165203.71 | M11: =J11*D11 -> 4956111.4 | N11: =L11+(L11*19%) -> 196592.42 | O11: =N11*D11 -> 5897772.6
B12: 10 | C12: dispensador de agua de piso con purificador sin botellon, Agua 99,9% libre de impurezas y contaminantes, Disponibilidad constante de agua, para conectar a la red hidraulica, Agua Fría y Caliente | D12: 3 | E12: UN | F12: 4790000 | G12: 3832000 | H12: 4598400 | I12: =AVERAGE(F12:H12) -> 4406800 | J12: =HARMEAN(F12:H12) -> 4365569.6 | K12: =MIN(F12:H12) -> 3832000 | L12: =J12 -> 4365569.6 | M12: =J12*D12 -> 13096709 | N12: =L12+(L12*19%) -> 5195027.8 | O12: =N12*D12 -> 15585084
M13: =SUM(M3:M12) -> 1.4346538e+08 | N13: =SUM(N3:N12) -> 49471211 | O13: =SUM(O3:O12) -> 1.707238e+08
L14: IVA 19% | M14: =M13*19% -> 27258422
L15: TOTAL | M15: =SUM(M13:M14) -> 1.707238e+08

Sheet NO PREVISTOS
A1: 2. BALANCE DE MAYORES Y MENORES CANTIDADES DE LA OFERTA ECONÓMICA INICIAL
A2: ITEM | B2: ELEMENTO | C2: FOTO DE SIMILAR O REFERENCIA | D2: ANTIOQUIA | E2: CHOCO | F2: ATLANTICO | L2: BOLIVAR | AB2: BOYACA | AE2: CALDAS | AG2: CUNDINAMARCA | AH2: CAUCA | AN2: HUILA | AZ2: META | BB2: NARIÑO | BC2: NORTE DE SANTANDER | BH2: RISARALDA | BJ2: SANTANDER | BR2: SEDE CENTRAL | BU2: TOLIMA | BV2: VALLE | CD2: CANTIDADES TOTALES | CE2: VALOR UNITARIO INCLUIDO IVA | CF2: VALOR TOTAL INCLUIDO IVA
D3: MEDELLIN | E3: QUIBDO | F3: BARRANQUILLA | G3: MALAMBO | H3: SANTA MARTA | I3: VALLEDUPAR | J3: VILLANUEVA | K3: SUAN | L3: CARTAGENA | M3: SINCELEJO | N3: LA UNION | O3: LORICA | P3: TIERRA ALTA | Q3: San Andres | R3: MAGANGUE | S3: SAN ANDRES | T3: MONTERIA | U3: MONPOX | V3: MAJAGUAL | W3: CARMEN DE BOLIVAR | X3: COROZAL | Y3: SAN ANTERO | Z3: SAHAGUN | AA3: RESGUARDO INDIGENA | AB3: TUNJA | AC3: MONIQUIRA | AD3: SOGAMOSO | AE3: MANIZALES | AF3: LA DORADA | AG3: FUSAGASUGA | AH3: POPAYAN | AI3: MIRANDA | AJ3: BORDO | AK3: SANTANDER DE QUILICHAO | AL3: ROSAS | AM3: CALDONO | AN3: NEIVA | AO3: ALGECIRAS | AP3: LA PLATA | AQ3: GARZON | AR3: ACEVEDO | AS3: PITALITO | AT3: FLORENCIA | AU3: PAUJIL | AV3: SAN VICENTE | AW3: MOCOA | AX3: ORITO | AY3: PUERTO ASIS | AZ3: VILLAVICENCIO | BA3: SAN JOSE DEL GUAVIARE | BB3: PASTO | BC3: ARAUQUITA | BD3: ARAUCA | BE3: TAME | BF3: OCAÑA | BG3: CUCUTA | BH3: DOS QUEBRADAS | BI3: ARMENIA | BJ3: BUCARAMANGA | BK3: SANTA ROSA DEL SUR | BL3: SAN GIL | BM3: OIBA | BN3: BARRRANCABERMEJA | BO3: CIMITARRA | BP3: PUENTE NACIONAL | BQ3: MALAGA | BR3: SEDE CENTRAL | BS3: ROSALES | BT3: TEUSAQUILLO | BU3: IBAGUE | BV3: CALI | BW3: BUENAVENTURA | BX3: CARTAGO | BY3: TULUA | BZ3: SEVILLA | CA3: PRADERA | CB3: PALMIRA | CC3: BUGA
A4: =+'BALANCE MAYORES Y MENORES'!A42+1 -> 40 | B4: TV 70 pulgadas 4K-UHD LED Smart TV, cuenta con un procesador Crystal el cual escala con inteligencia artificial las imágenes hasta 4K | E4: 2 | CD4: =SUM(D4:CC4) -> 2 | CE4: ='EM NO PREVISTOS'!N3 -> 8364645.6 | CF4: =+CD4*CE4 -> 16729291
A5: =+A4+1 -> 41 | B5: kit Mesa redonda de juntas de 4 puestos en madera. incluye sillas tipo gerencial ergonomica tapizada en cuero sintético negro de excelente calidad. | BR5: 1 | CD5: =SUM(D5:CC5) -> 1 | CE5: ='EM NO PREVISTOS'!N4 -> 6015240.5 | CF5: =+CD5*CE5 -> 6015240.5
A6: =+A5+1 -> 42 | B6: Escritorio TAU Presidente enchapado .Superficie en tablex 30 mm tintillado y lacado color a escoger por la ESAP. accesorios de amarre tipo pedestal en acero inoxidable tipo botón. pedestales con incrustación en U y dilatación en la parte superior. Frente curvo 2.10x0.90 retorno 1.20x0.60. c/archivo fijo 3 servicios c/niveladores | AZ6: 1 | CD6: =SUM(D6:CC6) -> 1 | CE6: ='EM NO PREVISTOS'!N5 -> 4975405.1 | CF6: =+CD6*CE6 -> 4975405.1
A7: =+A6+1 -> 43 | B7: Ventilador de Torre ideal con 3 Velocidades ideales para ambientar tu espacio favorito. Temporizador electrónico que permite programar su apagado hasta por 7 horas Cuenta con Control Remoto ultra delgado y compacto para que el ventilador sea ajustado y programado desde la distancia. | D7: 1 | CD7: =SUM(D7:CC7) -> 1 | CE7: ='EM NO PREVISTOS'!N6 -> 565341.79 | CF7: =+CD7*CE7 -> 565341.79
A8: =+A7+1 -> 44 | B8: mesa de centro 50 x 50 x 30 en madera natural. | BR8: 1 | CD8: =SUM(D8:CC8) -> 1 | CE8: ='EM NO PREVISTOS'!N7 -> 1084557 | CF8: =+CD8*CE8 -> 1084557
A9: =+A8+1 -> 45 | B9: sofa cuero sintetico de alta calidad de 3 puestos 2,20 x 0,80 m, estructura en madera con relleno de espuma de alta elasticidad y fibras de poliéster. | BR9: 2 | CD9: =SUM(D9:CC9) -> 2 | CE9: ='EM NO PREVISTOS'!N8 -> 3457025.3 | CF9: =+CD9*CE9 -> 6914050.6
A10: =+A9+1 -> 46 | B10: Escritorio gerencial 2,20 x 0,75 con credenza de 1.80 x 50 formica f8, incluye archivador con tres cajones y silla tipo gerencial tipo KYOTO con: - mecanismo de espalda basculante - grduacion de altura en asiento - ajuste para tensionar la espalda - apoyo lumbar fijo - brazos fijo - asiento en paño color negro - espalda en malla negra | BR10: 1 | CD10: =SUM(D10:CC10) -> 1 | CE10: ='EM NO PREVISTOS'!N9 -> 9246300 | CF10: =+CD10*CE10 -> 9246300
A11: =+A10+1 -> 47 | B11: Videoproyector con conectividad inalambrica, pantalla de más de 100" con calidad excepcional y excelente brillo para situaciones de gran luz ambiental o artificial. a tecnología 3LCD ofrece imágenes claras, brillantes y llenas de color. Su luminosidad de 4.000 lúmenes en color1 y 4.000 lúmenes en blanco lo convierten en lamejor opción. Su resolución WXGA de 1.280 px x 800 px es ideal para presentaciones de gran calidad. - Excelente calidad: resolución nativa WXGA (1.280 px x 800 px). Ideal para presentaciones multimedia. - Ajustes de imagen simples e instantáneos: - Lámpara con una duración hasta de 12.000 horas - Conectividad inalámbrica: para dispositivos móviles - colores hasta 3 veces más brillantes, La tecnología 3LCD permite un balance más exacto entre la luz blanca y la de color, para proyecciones realmente naturales | BR11: 10 | CD11: =SUM(D11:CC11) -> 10 | CE11: ='EM NO PREVISTOS'!N10 -> 10371076 | CF11: =+CD11*CE11 -> 1.0371076e+08
A12: =+A11+1 -> 48 | B12: cable HDMI 4K de alta velocidad, de 8 metros de largo, es perfecto para transmisión de señales digitales de audio y de vídeo, se garantiza una transmisión de señal fiable a resoluciones hasta 4K (4096 x 2160 / 3840 x 2160 a 30 Hz) | BR12: 30 | CD12: =SUM(D12:CC12) -> 30 | CE12: ='EM NO PREVISTOS'!N11 -> 196592.42 | CF12: =+CD12*CE12 -> 5897772.6
A13: =+A12+1 -> 49 | B13: dispensador de agua de piso con purificador sin botellon, Agua 99,9% libre de impurezas y contaminantes, Disponibilidad constante de agua, para conectar a la red hidraulica, Agua Fría y Caliente | BR13: 3 | CD13: =SUM(D13:CC13) -> 3 | CE13: ='EM NO PREVISTOS'!N12 -> 5195027.8 | CF13: =+CD13*CE13 -> 15585084
B14: TOTAL ELEMENTOS POR SEDE | D14: =SUM(D4:D13) -> 1 | E14: =SUM(E4:E13) -> 2 | F14: =SUM(F4:F13) -> 0 | G14: =SUM(G4:G13) -> 0 | H14: =SUM(H4:H13) -> 0 | I14: =SUM(I4:I13) -> 0 | J14: =SUM(J4:J13) -> 0 | K14: =SUM(K4:K13) -> 0 | ... CD14: =SUM(CD4:CD13) -> 52 | CF14: =SUM(CF4:CF13) -> 1.707238e+08

Sheet RESUMEN
A2: ITEM | B2: ELEMENTO | C2: VALOR UNITARIO CON IVA | D2: INICIAL | F2: MAYORES Y MENORES CANTIDADES | H2: ACTUALIZADAS
D3: CANTIDADES TOTALES | E3: VALOR TOTAL | F3: CANTIDADES ADICIONALES | G3: VALOR TOTAL | H3: CANTIDADES ADICIONALES | I3: VALOR TOTAL
A4: 1 | B4: Silla giratoria ergonómica con brazos, Ancho: 61 cm., Altura: 102 cm – 115 cm., Altura asiento: 45 cm – 58 cm., Profundidad asiento: 61 cm, Tapizada en paño hilat, color a seleccionar por la ESAP, con carcazas en la espalda y asiento, Acabado en textil Hilat o similar, asiento en espuma inyectada densidad 45, espalda en espuma laminada de alta densidad 50 mm de espesor, carcasas asiento y espalda media en polipropileno, brazos en nylon Graduables. Mecanismo Contacto permanente, que reclina la espalda de 88 hasta 105 grados permitiendo que los pies permanezcan apoyados en el piso, sistema que permite graduar la altura de la espalda y la profundidad del asiento, columna neumática que amortigua los movimientos del cuerpo y permite ajustar la altura, telescopio protector de columna, base en nylon de cinco aspas, rodachinas doble rueda. GARANTIA DOS (2) AÑOS | C4: ='DOTACION INICIAL'!CE4 -> 304009.1 | D4: ='DOTACION INICIAL'!CD4 -> 148 | E4: =+C4*D4 -> 44993346 | F4: ='BALANCE MAYORES Y MENORES'!CD4 -> 105 | G4: =+C4*F4 -> 31920955 | H4: =+D4+F4 -> 253 | I4: =+C4*H4 -> 76914301
A5: 2 | B5: Silla giratoria ergonómica sin brazos, Ancho: 61 cm., Altura: 102 cm – 115 cm., Altura asiento: 45 cm – 58 cm., Profundidad asiento: 61 cm, Tapizada en paño hilat, color a seleccionar por la ESAP, con carcazas en la espalda y asiento, Acabado en textil Hilat o similar, asiento en espuma inyectada densidad 45, espalda en espuma laminada de alta densidad 50 mm de espesor, carcasas asiento y espalda media en polipropileno, brazos en nylon Graduables. Mecanismo Contacto permanente, que reclina la espalda de 88 hasta 105 grados permitiendo que los pies permanezcan apoyados en el piso, sistema que permite graduar la altura de la espalda y la profundidad del asiento, columna neumática que amortigua los movimientos del cuerpo y permite ajustar la altura, telescopio protector de columna, base en nylon de cinco aspas, rodachinas doble rueda. GARANTIA DOS (2) AÑOS | C5: ='DOTACION INICIAL'!CE5 -> 266118.44 | D5: ='DOTACION INICIAL'!CD5 -> 25 | E5: =+C5*D5 -> 6652961 | F5: ='BALANCE MAYORES Y MENORES'!CD5 -> 26 | G5: =+C5*F5 -> 6919079.5 | H5: =+D5+F5 -> 51 | I5: =+C5*H5 -> 13572041
A6: 3 | B6: Silla gerencial, Ancho: 71 cm., Altura: 117 cm – 126 cm., Altura asiento: 43 cm – 52 cm., Profundidad asiento: 68 cm., asiento en espuma de alta densidad forrado en paño color a seleccionar por la entidad, espaldar en malla elastica con carcaza en polipropileno y fibra de vidrio, asiento, espaldar y apoya brazos de altura ajustables, espladar con inclinación ajustable, Ajuste del respaldo lumbar y apoya cabeza en altura y posición, base en acero cromado de cinco aspas con rodachines . REF ROMA | C6: ='DOTACION INICIAL'!CE6 -> 593133.63 | D6: ='DOTACION INICIAL'!CD6 -> 39 | E6: =+C6*D6 -> 23132212 | F6: ='BALANCE MAYORES Y MENORES'!CD6 -> 111 | G6: =+C6*F6 -> 65837833 | H6: =+D6+F6 -> 150 | I6: =+C6*H6 -> 88970045
A7: 4 | B7: Silla interlocutora fija con brazos, Tapizada en paño hilat- con carcazas en la espalda y asiento, base tubo metálica, Silla Interlocutora, Acabado en paño Hilat o similar, asiento en espuma inyectada densidad 45, espalda en espuma laminada de alta densidad 50 mm de espesor, bastidores y carcazas en polipropileno, con brazos, estructura en tubo elíptico 14 * 24 mm., pintura epoxi poliéster de aplicación electrostática. DOS (2) AÑOS de Garantía. | C7: ='DOTACION INICIAL'!CE7 -> 241586.03 | D7: ='DOTACION INICIAL'!CD7 -> 34 | E7: =+C7*D7 -> 8213924.9 | F7: ='BALANCE MAYORES Y MENORES'!CD7 -> 36 | G7: =+C7*F7 -> 8697097 | H7: =+D7+F7 -> 70 | I7: =+C7*H7 -> 16911022
A8: 5 | B8: Archivador Metalico cuatro gavetas, capacidad aprox. 60 carpetas por gaveta. | C8: ='DOTACION INICIAL'!CE8 -> 740121.55 | D8: ='DOTACION INICIAL'!CD8 -> 22 | E8: =+C8*D8 -> 16282674 | F8: ='BALANCE MAYORES Y MENORES'!CD8 -> 5 | G8: =+C8*F8 -> 3700607.8 | H8: =+D8+F8 -> 27 | I8: =+C8*H8 -> 19983282
A9: 6 | B9: ESTE ITEM REQUIERE INSTALACION. Archivo de dos modulos rodantes manual y dos fijos laterales: Parales de 2.00 alto y entrepaños de 0.30 frente mts de fondo x 1,0 de frente, con dobles tope de espaldar y refuerzo, fabricados en lámina CR C16 y C20 respectivamente, con una resistencia de 80 kg peso repartido. Acabos frontales en lámina CR cal 18 en pintura electrostática, color a elegir por la ESAP, puerta con cerradura. Desplazamiento de módulos móviles manualmente, sobre bases y rieles fabricados en ángulo de 1 1/2" x 3/16 de pulgada, accionados mediante manija de empuje manual sobre las ruedas de tracción macizas de hierro maquinado, que incluyen rodamientos sellados de 3,5" de diámetro. Tensores en platina de 3/4 * 1/8 de pulgada. El archivo estará compuesto por dos unidades de consulta fijas y una doble rodante, con una puerta. Las UDC de consulta fijas medirán en su interior 1.0 de frente x 0.30 de fondo x 2.0 m de alto y el panel frontal será de 0,35 de frente por 2,0 de alto y las dobles rodantes serán cada una de 1,0 de frente x 0,60 de fondo (2 de 0,30 m) y 2,0 de alto y el panel frontal será de 0,75 x 2,0 m, la puerta será de 0,75 de frente por 2,0 de alto con llave. Espacios para carpetas tamaño oficio y AZ- Oficio. GARANTIA 2 AÑOS. | C9: ='DOTACION INICIAL'!CE9 -> 2766256.3 | D9: ='DOTACION INICIAL'!CD9 -> 4 | E9: =+C9*D9 -> 11065025 | F9: ='BALANCE MAYORES Y MENORES'!CD9 -> 7 | G9: =+C9*F9 -> 19363794 | H9: =+D9+F9 -> 11 | I9: =+C9*H9 -> 30428819
A10: 7 | B10: Silla fija, Ancho: 54 cm, Altura: 81 cm., Altura asiento: 46 cm, Profundidad asiento: 46 cm, con carcazas en la espalda y asiento, base tubo metálica, Acabado en paño Hilat o similar, asiento en espuma inyectada densidad 45, espalda en espuma laminada de alta densidad 50 mm de espesor, bastidores y carcazas en polipropileno, sin brazos, estructura en tubo elíptico 14 * 24 mm., pintura epoxi poliéster de aplicación electrostática. DOS (2) AÑOS de Garantía. | C10: ='DOTACION INICIAL'!CE10 -> 184083.41 | D10: ='DOTACION INICIAL'!CD10 -> 103 | E10: =+C10*D10 -> 18960592 | F10: ='BALANCE MAYORES Y MENORES'!CD10 -> 474 | G10: =+C10*F10 -> 87255539 | H10: =+D10+F10 -> 577 | I10: =+C10*H10 -> 1.0621613e+08
A11: 8 | B11: Silla universitaria con brazo escualizable, Tapizada en paño hilat- con carcazas en la espalda y asiento, base tubo metálica, con carcazas en la espalda y asiento, base tubo metálica, Acabado en paño Hilat o similar, asiento en espuma inyectada densidad 45, espalda en espuma laminada de alta densidad 50 mm de espesor, bastidores y carcazas en polipropileno, con brazos, estructura en tubo elíptico 14 * 24 mm., pintura epoxi poliéster de aplicación electrostática. DOS (2) AÑOS de Garantía. | C11: ='DOTACION INICIAL'!CE11 -> 281639.41 | D11: ='DOTACION INICIAL'!CD11 -> 710 | E11: =+C11*D11 -> 1.9996398e+08 | F11: ='BALANCE MAYORES Y MENORES'!CD11 -> 140 | G11: =+C11*F11 -> 39429518 | H11: =+D11+F11 -> 850 | I11: =+C11*H11 -> 2.393935e+08
A12: 9 | B12: Escritorio rectangular para profesor,( 1.60 m de largo x 0.60 ancho) con dos gavetas, bandeja portacables troquelada, superficie en aglomerado, formica y canto en PVC, estructura en lámica C.R. con pintura al horno, faldera en lámina C.R. troquelada | C12: ='DOTACION INICIAL'!CE12 -> 688959.76 | D12: ='DOTACION INICIAL'!CD12 -> 9 | E12: =+C12*D12 -> 6200637.9 | F12: ='BALANCE MAYORES Y MENORES'!CD12 -> 15 | G12: =+C12*F12 -> 10334396 | H12: =+D12+F12 -> 24 | I12: =+C12*H12 -> 16535034
A13: 10 | B13: ESTE ITEM REQUIERE INSTALACION. Tablero en acrilico fijado a muro, medidas: 2.40 x 1.20 m., con porta borrador enmarcado, con esquinas perfectamente de lineadas, ángulos perfectos, sin bordes cortantes ni filos, bordes recubiertos por protectores plásticos, al borrar no debe quedar huella Base en aglomerado de 9 mm con balance Enchapado con fórmica, pizarrón blanca, Marco en perfil de aluminio crudo Esquineros en polipropileno redondeados. | C13: ='DOTACION INICIAL'!CE13 -> 225588.28 | D13: ='DOTACION INICIAL'!CD13 -> 46 | E13: =+C13*D13 -> 10377061 | F13: ='BALANCE MAYORES Y MENORES'!CD13 -> 48 | G13: =+C13*F13 -> 10828237 | H13: =+D13+F13 -> 94 | I13: =+C13*H13 -> 21205298
A14: 11 | B14: ESTE ITEM REQUIERE INSTALACION.Tablero en acrilico fijado a muro, medidas: 80cm x 60 cm, con portaborrador enmarcado, con esquinas perfectamente de lineadas, ángulos perfectos, sin bordes cortantes ni filos, bordes recubiertos por protectores plásticos, al borrar no debe quedar huella Base en aglomerado de 9 mm con balance Enchapado con fórmica, pizarrón blanca, Marco en perfil de aluminio crudo Esquineros en polipropileno redondeados. | C14: ='DOTACION INICIAL'!CE14 -> 118393.85 | D14: ='DOTACION INICIAL'!CD14 -> 8 | E14: =+C14*D14 -> 947150.8 | F14: ='BALANCE MAYORES Y MENORES'!CD14 -> 5 | G14: =+C14*F14 -> 591969.25 | H14: =+D14+F14 -> 13 | I14: =+C14*H14 -> 1539120
A15: 12 | B15: ESTE ITEM REQUIERE INSTALACION. Tablero en acrilico fijado a muro, medidas: 80cm x 120 cm, con portaborrador enmarcado, con esquinas perfectamente de lineadas, ángulos perfectos, sin bordes cortantes ni filos, bordes recubiertos por protectores plásticos, al borrar no debe quedar huella Base en aglomerado de 9 mm con balance Enchapado con fórmica, pizarrón blanca, Marco en perfil de aluminio crudo Esquineros en polipropileno redondeados. | C15: ='DOTACION INICIAL'!CE15 -> 174515.38 | D15: ='DOTACION INICIAL'!CD15 -> 11 | E15: =+C15*D15 -> 1919669.2 | F15: ='BALANCE MAYORES Y MENORES'!CD15 -> 0 | G15: =+C15*F15 -> 0 | H15: =+D15+F15 -> 11 | I15: =+C15*H15 -> 1919669.2
... A42: 39 | B42: Contenedor de Basura Elaborado en plástico Tapa con pedal Con ruedas Capacidad de 80 a 85 litros Color Verde Impresión de las palabras “Residuos No aprovechables y Ordinarios” en la cara delantera del contenedor DEBE PRESENTAR EL PICTOGRAMA O SIMBOLO QUE REPRESENTE LOS RESIDUOS A CONTENER SEGÚN RESOLUCION 2184 de 2019 PARA CADA CANECA PERTENECIENTE A LOS PUNTOS ECOLOGICOS | C42: ='DOTACION INICIAL'!CE42 -> 308094.93 | D42: ='DOTACION INICIAL'!CD42 -> 4 | E42: =+C42*D42 -> 1232379.7 | F42: ='BALANCE MAYORES Y MENORES'!CD42 -> -1 | G42: =+C42*F42 -> -308094.93 | H42: =+D42+F42 -> 3 | I42: =+C42*H42 -> 924284.79
B43: TOTAL ELEMENTOS POR SEDE | D43: =SUM(D4:D42) -> 1791 | E43: =SUM(E4:E42) -> 6.4e+08 | F43: =SUM(F4:F42) -> 1512 | G43: =SUM(G4:G42) -> 5.5356841e+08 | H43: =SUM(H4:H42) -> 3303 | I43: =SUM(I4:I42) -> 1.1935684e+09
A44: ELEMENTOS ADICIONALES
A45: 40 | B45: TV 70 pulgadas 4K-UHD LED Smart TV, cuenta con un procesador Crystal el cual escala con inteligencia artificial las imágenes hasta 4K | C45: ='EM NO PREVISTOS'!N3 -> 8364645.6 | F45: ='NO PREVISTOS'!CD4 -> 2 | G45: =+C45*F45 -> 16729291 | H45: =+D45+F45 -> 2 | I45: =+C45*H45 -> 16729291
A46: 41 | B46: kit Mesa redonda de juntas de 4 puestos en madera. incluye sillas tipo gerencial ergonomica tapizada en cuero sintético negro de excelente calidad. | C46: ='EM NO PREVISTOS'!N4 -> 6015240.5 | F46: ='NO PREVISTOS'!CD5 -> 1 | G46: =+C46*F46 -> 6015240.5 | H46: =+D46+F46 -> 1 | I46: =+C46*H46 -> 6015240.5
A47: 42 | B47: Escritorio TAU Presidente enchapado .Superficie en tablex 30 mm tintillado y lacado color a escoger por la ESAP. accesorios de amarre tipo pedestal en acero inoxidable tipo botón. pedestales con incrustación en U y dilatación en la parte superior. Frente curvo 2.10x0.90 retorno 1.20x0.60. c/archivo fijo 3 servicios c/niveladores | C47: ='EM NO PREVISTOS'!N5 -> 4975405.1 | F47: ='NO PREVISTOS'!CD6 -> 1 | G47: =+C47*F47 -> 4975405.1 | H47: =+D47+F47 -> 1 | I47: =+C47*H47 -> 4975405.1
A48: 43 | B48: Ventilador de Torre ideal con 3 Velocidades ideales para ambientar tu espacio favorito. Temporizador electrónico que permite programar su apagado hasta por 7 horas Cuenta con Control Remoto ultra delgado y compacto para que el ventilador sea ajustado y programado desde la distancia. | C48: ='EM NO PREVISTOS'!N6 -> 565341.79 | F48: ='NO PREVISTOS'!CD7 -> 1 | G48: =+C48*F48 -> 565341.79 | H48: =+D48+F48 -> 1 | I48: =+C48*H48 -> 565341.79
A49: 45 | B49: mesa de centro 50 x 50 x 30 en madera natural. | C49: ='EM NO PREVISTOS'!N7 -> 1084557 | F49: ='NO PREVISTOS'!CD8 -> 1 | G49: =+C49*F49 -> 1084557 | H49: =+D49+F49 -> 1 | I49: =+C49*H49 -> 1084557
A50: 46 | B50: sofa cuero sintetico de alta calidad de 3 puestos 2,20 x 0,80 m, estructura en madera con relleno de espuma de alta elasticidad y fibras de poliéster. | C50: ='EM NO PREVISTOS'!N8 -> 3457025.3 | F50: ='NO PREVISTOS'!CD9 -> 2 | G50: =+C50*F50 -> 6914050.6 | H50: =+D50+F50 -> 2 | I50: =+C50*H50 -> 6914050.6
A51: 47 | B51: Escritorio gerencial 2,20 x 0,75 con credenza de 1.80 x 50 formica f8, incluye archivador con tres cajones y silla tipo gerencial tipo KYOTO con: - mecanismo de espalda basculante - grduacion de altura en asiento - ajuste para tensionar la espalda - apoyo lumbar fijo - brazos fijo - asiento en paño color negro - espalda en malla negra | C51: ='EM NO PREVISTOS'!N9 -> 9246300 | F51: ='NO PREVISTOS'!CD10 -> 1 | G51: =+C51*F51 -> 9246300 | H51: =+D51+F51 -> 1 | I51: =+C51*H51 -> 9246300
A52: 48 | B52: Videoproyector con conectividad inalambrica, pantalla de más de 100" con calidad excepcional y excelente brillo para situaciones de gran luz ambiental o artificial. a tecnología 3LCD ofrece imágenes claras, brillantes y llenas de color. Su luminosidad de 4.000 lúmenes en color1 y 4.000 lúmenes en blanco lo convierten en lamejor opción. Su resolución WXGA de 1.280 px x 800 px es ideal para presentaciones de gran calidad. - Excelente calidad: resolución nativa WXGA (1.280 px x 800 px). Ideal para presentaciones multimedia. - Ajustes de imagen simples e instantáneos: - Lámpara con una duración hasta de 12.000 horas - Conectividad inalámbrica: para dispositivos móviles - colores hasta 3 veces más brillantes, La tecnología 3LCD permite un balance más exacto entre la luz blanca y la de color, para proyecciones realmente naturales | C52: ='EM NO PREVISTOS'!N10 -> 10371076 | F52: ='NO PREVISTOS'!CD11 -> 10 | G52: =+C52*F52 -> 1.0371076e+08 | H52: =+D52+F52 -> 10 | I52: =+C52*H52 -> 1.0371076e+08
A53: 49 | B53: cable HDMI 4K de alta velocidad, de 8 metros de largo, es perfecto para transmisión de señales digitales de audio y de vídeo, se garantiza una transmisión de señal fiable a resoluciones hasta 4K (4096 x 2160 / 3840 x 2160 a 30 Hz) | C53: ='EM NO PREVISTOS'!N11 -> 196592.42 | F53: ='NO PREVISTOS'!CD12 -> 30 | G53: =+C53*F53 -> 5897772.6 | H53: =+D53+F53 -> 30 | I53: =+C53*H53 -> 5897772.6
A54: 50 | B54: dispensador de agua de piso con purificador sin botellon, Agua 99,9% libre de impurezas y contaminantes, Disponibilidad constante de agua, para conectar a la red hidraulica, Agua Fría y Caliente | C54: ='EM NO PREVISTOS'!N12 -> 5195027.8 | F54: ='NO PREVISTOS'!CD13 -> 3 | G54: =+C54*F54 -> 15585084 | H54: =+D54+F54 -> 3 | I54: =+C54*H54 -> 15585084
B55: TOTAL ELEMENTOS POR SEDE | F55: =SUM(F45:F54) -> 52 | G55: =SUM(G45:G54) -> 1.707238e+08 | H55: =SUM(H45:H54) -> 52 | I55: =SUM(I45:I54) -> 1.707238e+08
B57: TOTAL ELEMENTOS POR SEDE | D57: =+D55+D43 -> 1791 | E57: =+E55+E43 -> 6.4e+08 | F57: =+F55+F43 -> 1564 | G57: =+G55+G43 -> 7.2429221e+08 | H57: =+H55+H43 -> 3355 | I57: =+I55+I43 -> 1.3642922e+09
H59: TOTAL CONTRATO | I59: 1428076471
H61: SALDO | I61: =+I59-I57 -> 63784259

Sheet DOTACION ACTUALIZADA
A2: ITEM | B2: ELEMENTO | C2: FOTO DE SIMILAR O REFERENCIA | D2: ANTIOQUIA | E2: CHOCO | F2: ATLANTICO | L2: BOLIVAR | AB2: BOYACA | AE2: CALDAS | AG2: CUNDINAMARCA | AH2: CAUCA | AO2: HUILA | BA2: META | BC2: NARIÑO | BD2: NORTE DE SANTANDER | BI2: RISARALDA | BK2: SANTANDER | BS2: SEDE CENTRAL | BV2: TOLIMA | BW2: VALLE | CE2: CANTIDADES TOTALES | CF2: VALOR UNITARIO INCLUIDO IVA | CG2: VALOR TOTAL INCLUIDO IVA
D3: MEDELLIN | E3: QUIBDO | F3: BARRANQUILLA | G3: MALAMBO | H3: SANTA MARTA | I3: VALLEDUPAR | J3: VILLANUEVA | K3: SUAN | L3: CARTAGENA | M3: SINCELEJO | N3: LA UNION | O3: LORICA | P3: TIERRA ALTA | Q3: San Andres | R3: MAGANGUE | S3: SAN ANDRES | T3: MONTERIA | U3: MONPOX | V3: MAJAGUAL | W3: CARMEN DE BOLIVAR | X3: COROZAL | Y3: SAN ANTERO | Z3: SAHAGUN | AA3: RESGUARDO INDIGENA | AB3: TUNJA | AC3: MONIQUIRA | AD3: SOGAMOSO | AE3: MANIZALES | AF3: LA DORADA | AG3: FUSAGASUGA | AH3: POPAYAN | AI3: MIRANDA | AJ3: BORDO | AK3: SANTANDER DE QUILICHAO | AL3: ROSAS | AM3: SILVA | AN3: CALDONO | AO3: NEIVA | AP3: ALGECIRAS | AQ3: LA PLATA | AR3: GARZON | AS3: ACEVEDO | AT3: PITALITO | AU3: FLORENCIA | AV3: PAUJIL | AW3: SAN VICENTE | AX3: MOCOA | AY3: ORITO | AZ3: PUERTO ASIS | BA3: VILLAVICENCIO | BB3: SAN JOSE DEL GUAVIARE | BC3: PASTO | BD3: ARAUQUITA | BE3: ARAUCA | BF3: TAME | BG3: OCAÑA | BH3: CUCUTA | BI3: DOS QUEBRADAS | BJ3: ARMENIA | BK3: BUCARAMANGA | BL3: SANTA ROSA DEL SUR | BM3: SAN GIL | BN3: OIBA | BO3: BARRRANCABERMEJA | BP3: CIMITARRA | BQ3: PUENTE NACIONAL | BR3: MALAGA | BS3: SEDE CENTRAL | BT3: ROSALES | BU3: TEUSAQUILLO | BV3: IBAGUE | BW3: CALI | BX3: BUENAVENTURA | BY3: CARTAGO | BZ3: TULUA | CA3: SEVILLA | CB3: PRADERA | CC3: PALMIRA | CD3: BUGA
A4: 1 | B4: Silla giratoria ergonómica con brazos, Ancho: 61 cm., Altura: 102 cm – 115 cm., Altura asiento: 45 cm – 58 cm., Profundidad asiento: 61 cm, Tapizada en paño hilat, color a seleccionar por la ESAP, con carcazas en la espalda y asiento, Acabado en textil Hilat o similar, asiento en espuma inyectada densidad 45, espalda en espuma laminada de alta densidad 50 mm de espesor, carcasas asiento y espalda media en polipropileno, brazos en nylon Graduables. Mecanismo Contacto permanente, que reclina la espalda de 88 hasta 105 grados permitiendo que los pies permanezcan apoyados en el piso, sistema que permite graduar la altura de la espalda y la profundidad del asiento, columna neumática que amortigua los movimientos del cuerpo y permite ajustar la altura, telescopio protector de columna, base en nylon de cinco aspas, rodachinas doble rueda. GARANTIA DOS (2) AÑOS | E4: 8 | F4: 12 | G4: 1 | H4: 3 | I4: 4 | J4: 2 | K4: 1 | M4: 3 | AE4: 5 | AG4: 20 | AH4: 10 | BC4: 35 | BI4: 10 | BJ4: 4 | BS4: 65 | BT4: 22 | BU4: 28 | BV4: 0 | BW4: 20 | CE4: =SUM(D4:CD4) -> 253 | CF4: ='DOTACION INICIAL'!CE4 -> 304009.1 | CG4: =+CE4*CF4 -> 76914301
A5: 2 | B5: Silla giratoria ergonómica sin brazos, Ancho: 61 cm., Altura: 102 cm – 115 cm., Altura asiento: 45 cm – 58 cm., Profundidad asiento: 61 cm, Tapizada en paño hilat, color a seleccionar por la ESAP, con carcazas en la espalda y asiento, Acabado en textil Hilat o similar, asiento en espuma inyectada densidad 45, espalda en espuma laminada de alta densidad 50 mm de espesor, carcasas asiento y espalda media en polipropileno, brazos en nylon Graduables. Mecanismo Contacto permanente, que reclina la espalda de 88 hasta 105 grados permitiendo que los pies permanezcan apoyados en el piso, sistema que permite graduar la altura de la espalda y la profundidad del asiento, columna neumática que amortigua los movimientos del cuerpo y permite ajustar la altura, telescopio protector de columna, base en nylon de cinco aspas, rodachinas doble rueda. GARANTIA DOS (2) AÑOS | D5: =20 -> 20 | E5: 10 | AG5: 6 | BA5: 15 | BV5: 0 | BW5: 0 | CE5: =SUM(D5:CD5) -> 51 | CF5: ='DOTACION INICIAL'!CE5 -> 266118.44 | CG5: =+CE5*CF5 -> 13572041
A6: 3 | B6: Silla gerencial, Ancho: 71 cm., Altura: 117 cm – 126 cm., Altura asiento: 43 cm – 52 cm., Profundidad asiento: 68 cm., asiento en espuma de alta densidad forrado en paño color a seleccionar por la entidad, espaldar en malla elastica con carcaza en polipropileno y fibra de vidrio, asiento, espaldar y apoya brazos de altura ajustables, espladar con inclinación ajustable, Ajuste del respaldo lumbar y apoya cabeza en altura y posición, base en acero cromado de cinco aspas con rodachines . REF ROMA | D6: =1+2 -> 3 | E6: 1 | F6: 6 | H6: 3 | I6: 3 | AE6: 1 | AG6: 2 | AH6: 3 | AO6: 30 | BA6: 1 | BI6: 1 | BK6: 30 | BS6: 30 | BV6: 35 | BW6: 1 | CE6: =SUM(D6:CD6) -> 150 | CF6: ='DOTACION INICIAL'!CE6 -> 593133.63 | CG6: =+CE6*CF6 -> 88970045
A7: 4 | B7: Silla interlocutora fija con brazos, Tapizada en paño hilat- con carcazas en la espalda y asiento, base tubo metálica, Silla Interlocutora, Acabado en paño Hilat o similar, asiento en espuma inyectada densidad 45, espalda en espuma laminada de alta densidad 50 mm de espesor, bastidores y carcazas en polipropileno, con brazos, estructura en tubo elíptico 14 * 24 mm., pintura epoxi poliéster de aplicación electrostática. DOS (2) AÑOS de Garantía. | D7: 12 | E7: 12 | F7: 6 | G7: 2 | H7: 4 | I7: 4 | J7: 2 | K7: 2 | AG7: 10 | AH7: 10 | AO7: 6 | BV7: 0 | BW7: 0 | CE7: =SUM(D7:CD7) -> 70 | CF7: ='DOTACION INICIAL'!CE7 -> 241586.03 | CG7: =+CE7*CF7 -> 16911022
A8: 5 | B8: Archivador Metalico cuatro gavetas, capacidad aprox. 60 carpetas por gaveta. | E8: 8 | F8: 1 | G8: 1 | H8: 1 | I8: 4 | J8: 1 | K8: 1 | L8: 4 | M8: 2 | Q8: 1 | AG8: 3 | BV8: 0 | BW8: 0 | CE8: =SUM(D8:CD8) -> 27 | CF8: ='DOTACION INICIAL'!CE8 -> 740121.55 | CG8: =+CE8*CF8 -> 19983282
A9: 6 | B9: ESTE ITEM REQUIERE INSTALACION. Archivo de dos modulos rodantes manual y dos fijos laterales: Parales de 2.00 alto y entrepaños de 0.30 frente mts de fondo x 1,0 de frente, con dobles tope de espaldar y refuerzo, fabricados en lámina CR C16 y C20 respectivamente, con una resistencia de 80 kg peso repartido. Acabos frontales en lámina CR cal 18 en pintura electrostática, color a elegir por la ESAP, puerta con cerradura. Desplazamiento de módulos móviles manualmente, sobre bases y rieles fabricados en ángulo de 1 1/2" x 3/16 de pulgada, accionados mediante manija de empuje manual sobre las ruedas de tracción macizas de hierro maquinado, que incluyen rodamientos sellados de 3,5" de diámetro. Tensores en platina de 3/4 * 1/8 de pulgada. El archivo estará compuesto por dos unidades de consulta fijas y una doble rodante, con una puerta. Las UDC de consulta fijas medirán en su interior 1.0 de frente x 0.30 de fondo x 2.0 m de alto y el panel frontal será de 0,35 de frente por 2,0 de alto y las dobles rodantes serán cada una de 1,0 de frente x 0,60 de fondo (2 de 0,30 m) y 2,0 de alto y el panel frontal será de 0,75 x 2,0 m, la puerta será de 0,75 de frente por 2,0 de alto con llave. Espacios para carpetas tamaño oficio y AZ- Oficio. GARANTIA 2 AÑOS. | E9: 3 | F9: 2 | AG9: 2 | AH9: 2 | BI9: 1 | BS9: 1 | BV9: 0 | BW9: 0 | CE9: =SUM(D9:CD9) -> 11 | CF9: ='DOTACION INICIAL'!CE9 -> 2766256.3 | CG9: =+CE9*CF9 -> 30428819
A10: 7 | B10: Silla fija, Ancho: 54 cm, Altura: 81 cm., Altura asiento: 46 cm, Profundidad asiento: 46 cm, con carcazas en la espalda y asiento, base tubo metálica, Acabado en paño Hilat o similar, asiento en espuma inyectada densidad 45, espalda en espuma laminada de alta densidad 50 mm de espesor, bastidores y carcazas en polipropileno, sin brazos, estructura en tubo elíptico 14 * 24 mm., pintura epoxi poliéster de aplicación electrostática. DOS (2) AÑOS de Garantía. | D10: 12 | E10: 20 | AE10: 35 | AG10: 150 | AH10: 60 | AI10: 20 | AL10: 20 | BW10: 200 | BX10: 60 | CE10: =SUM(D10:CD10) -> 577 | CF10: ='DOTACION INICIAL'!CE10 -> 184083.41 | CG10: =+CE10*CF10 -> 1.0621613e+08
A11: 8 | B11: Silla universitaria con brazo escualizable, Tapizada en paño hilat- con carcazas en la espalda y asiento, base tubo metálica, con carcazas en la espalda y asiento, base tubo metálica, Acabado en paño Hilat o similar, asiento en espuma inyectada densidad 45, espalda en espuma laminada de alta densidad 50 mm de espesor, bastidores y carcazas en polipropileno, con brazos, estructura en tubo elíptico 14 * 24 mm., pintura epoxi poliéster de aplicación electrostática. DOS (2) AÑOS de Garantía. | F11: 150 | G11: 50 | H11: 50 | I11: 100 | J11: 50 | K11: 50 | AE11: 20 | AH11: 40 | BC11: 50 | BK11: 40 | BL11: 20 | BM11: 20 | BN11: 20 | BO11: 20 | BQ11: 20 | BV11: 100 | BW11: 50 | CE11: =SUM(D11:CD11) -> 850 | CF11: ='DOTACION INICIAL'!CE11 -> 281639.41 | CG11: =+CE11*CF11 -> 2.393935e+08
A12: 9 | B12: Escritorio rectangular para profesor,( 1.60 m de largo x 0.60 ancho) con dos gavetas, bandeja portacables troquelada, superficie en aglomerado, formica y canto en PVC, estructura en lámica C.R. con pintura al horno, faldera en lámina C.R. troquelada | E12: 10 | AG12: 10 | AH12: 4 | BW12: 0 | CE12: =SUM(D12:CD12) -> 24 | CF12: ='DOTACION INICIAL'!CE12 -> 688959.76 | CG12: =+CE12*CF12 -> 16535034
A13: 10 | B13: ESTE ITEM REQUIERE INSTALACION. Tablero en acrilico fijado a muro, medidas: 2.40 x 1.20 m., con porta borrador enmarcado, con esquinas perfectamente de lineadas, ángulos perfectos, sin bordes cortantes ni filos, bordes recubiertos por protectores plásticos, al borrar no debe quedar huella Base en aglomerado de 9 mm con balance Enchapado con fórmica, pizarrón blanca, Marco en perfil de aluminio crudo Esquineros en polipropileno redondeados. | G13: 6 | I13: 6 | J13: 6 | K13: 2 | Q13: 5 | AE13: 1 | AG13: 3 | BS13: 65 | BW13: 0 | CE13: =SUM(D13:CD13) -> 94 | CF13: ='DOTACION INICIAL'!CE13 -> 225588.28 | CG13: =+CE13*CF13 -> 21205298
A14: 11 | B14: ESTE ITEM REQUIERE INSTALACION.Tablero en acrilico fijado a muro, medidas: 80cm x 60 cm, con portaborrador enmarcado, con esquinas perfectamente de lineadas, ángulos perfectos, sin bordes cortantes ni filos, bordes recubiertos por protectores plásticos, al borrar no debe quedar huella Base en aglomerado de 9 mm con balance Enchapado con fórmica, pizarrón blanca, Marco en perfil de aluminio crudo Esquineros en polipropileno redondeados. | BI14: 4 | BJ14: 3 | BK14: 4 | BQ14: 1 | BS14: 1 | BW14: 0 | CE14: =SUM(D14:CD14) -> 13 | CF14: ='DOTACION INICIAL'!CE14 -> 118393.85 | CG14: =+CE14*CF14 -> 1539120
A15: 12 | B15: ESTE ITEM REQUIERE INSTALACION. Tablero en acrilico fijado a muro, medidas: 80cm x 120 cm, con portaborrador enmarcado, con esquinas perfectamente de lineadas, ángulos perfectos, sin bordes cortantes ni filos, bordes recubiertos por protectores plásticos, al borrar no debe quedar huella Base en aglomerado de 9 mm con balance Enchapado con fórmica, pizarrón blanca, Marco en perfil de aluminio crudo Esquineros en polipropileno redondeados. | AE15: 10 | BS15: 1 | BW15: 0 | CE15: =SUM(D15:CD15) -> 11 | CF15: ='DOTACION INICIAL'!CE15 -> 174515.38 | CG15: =+CE15*CF15 -> 1919669.2
A16: 13 | B16: Tablero fabricado en mdf de 9mm y laminado en formica blanca para escritura con marcador borrable, medidas 80*120 cms. Estructura movil fabricada en tubo de 2" x 1" , ruedas con freno medida total de la estructura incluido el tablero 185 * 120 cms. Acabados en pintura electrostatica negra o gris. | E16: 3 | L16: 2 | M16: 2 | Q16: 2 | AG16: 2 | AH16: 1 | BC16: 2 | BI16: 1 | BJ16: 1 | BV16: 5 | BW16: 0 | CE16: =SUM(D16:CD16) -> 21 | CF16: ='DOTACION INICIAL'!CE16 -> 245933.89 | CG16: =+CE16*CF16 -> 5164611.7
A17: 14 | B17: ESTE ITEM REQUIERE INSTALACION. Puestos de trabajo autosoportados (1.20 m. de lado x 0.60 m. ancho) con cajonera 2x1 con cerradura, superficie en aglomerado cara superior en fórmica de alta calidad F8 o superior, superficie inferior en balance Backer para evitar pandeos y proteger de la humedad y canto en PVC, erstructura en lámina de acero CR con pintura electroestática, pantalla en vidrio sandblasting (2) h= 0.40 m. y soportes en acero, faldero en lámica C.R. troquelado con pintura electtoestética. Bandeja portacables en lámica C.R. troquelada y pintura electroestática. Perforación rematada por un pasa cables de material plástico o similar que atraviese la superficie. | G17: 1 | I17: 2 | K17: 1 | AG17: 5 | BK17: 6 | BW17: 0 | CE17: =SUM(D17:CD17) -> 15 | CF17: ='DOTACION INICIAL'!CE17 -> 1256921.4 | CG17: =+CE17*CF17 -> 18853821
A18: 15 | B18: ESTE ITEM REQUIERE INSTALACION.Estantes metálicos fijados a muro o piso, h=2m. L=0,90m, a=0.30m, con 5 entrepaños y tapa superior, Anaqueles o bandejas en lámina de hierro calibre 1/32″ o chapa 22. Angulos ranurados de lámina de hierro espesor 1/16″ y 2.0mm., terminados con pintura electrostática. | E18: 10 | F18: 8 | G18: 1 | H18: 3 | I18: 5 | J18: 1 | K18: 1 | AH18: 5 | AO18: 3 | BW18: 0 | CE18: =SUM(D18:CD18) -> 37 | CF18: ='DOTACION INICIAL'!CE18 -> 318845.66 | CG18: =+CE18*CF18 -> 11797289
A19: 16 | B19: Kit Base y asta en madera para Bandera Moharra en bronce, brillante. Base en madera 4 niveles. Asta en madera de 2.20 Cms por 6 Cms de diámetro. | D19: 3 | E19: 3 | F19: 3 | G19: 3 | H19: 3 | I19: 3 | J19: 3 | L19: 3 | M19: 3 | Q19: 3 | AE19: 3 | AG19: 25 | AH19: 3 | AI19: 2 | AJ19: 2 | AK19: 2 | AL19: 2 | AM19: 2 | AN19: 2 | AO19: 3 | BA19: 3 | BB19: 3 | BC19: 3 | BI19: 3 | BJ19: 4 | BK19: 6 | BS19: 3 | BV19: 3 | BW19: 3 | CE19: =SUM(D19:CD19) -> 107 | CF19: ='DOTACION INICIAL'!CE19 -> 169191.21 | CG19: =+CE19*CF19 -> 18103460
A20: 17 | B20: BANDERA DE LA ESAP 100% poliéster (+/-2%) tipo de ligamento tafetán peso: (78 gr/m2) (117 gr/m) +/-5% ancho útil 150 (+/-2cm) encogimiento 2% urdido y trama solidez al lavado 4-5, solidez a la luz 4-5 Anclajes laterales con mínimo 3 ojales metálicos costura en hilo industrial no. 40dobles al margen para cabo de izado doble con refuerzo interno. Garantía: 6 meses contra defectos de fabricación Se debe incluir el nombre de la empresa fabricante, fecha de fabricación, mediante la colocación de una etiqueta de 2×5 cm en el reverso, en la manga (borde) de la bandera. logotipo: Aplicado en el centro de la bandera pegado y cocido puede ser sublimado oserigrafiado de acuerdo al requerimiento de la entidad. Medidas: 3.00m X 2.00m | D20: 1 | E20: 5 | F20: 1 | G20: 1 | H20: 1 | I20: 1 | J20: 1 | K20: 1 | L20: 2 | M20: 2 | Q20: 1 | AE20: 1 | AG20: 4 | AH20: 2 | AI20: 1 | AJ20: 1 | AK20: 1 | AL20: 1 | AM20: 1 | AN20: 1 | AO20: 1 | BA20: 1 | BB20: 1 | BC20: 3 | BI20: 1 | BJ20: 1 | BK20: 2 | BS20: 2 | BT20: 1 | BV20: 3 | BW20: 3 | CE20: =SUM(D20:CD20) -> 49 | CF20: ='DOTACION INICIAL'!CE20 -> 243471.8 | CG20: =+CE20*CF20 -> 11930118
A21: 18 | B21: BANDERA DE COLOMBIA 100% poliéster (+/-2%) tipo de ligamento tafetán peso: (78 gr/m2) (117 gr/m) +/-5% ancho útil 150 (+/-2cm) encogimiento 2% urdido y trama solidez al lavado 4-5, solidez a la luz 4-5 Anclajes laterales con mínimo 3 ojales metálicos costura en hilo industrial no. 40dobles al margen para cabo de izado doble con refuerzo interno. Garantía: 6 meses contra defectos de fabricación Se debe incluir el nombre de la empresa fabricante, fecha de fabricación, mediante la colocación de una etiqueta de 2×5 cm en el reverso, en la manga (borde) de la bandera. logotipo: Aplicado en el centro de la bandera pegado y cocido puede ser sublimado oserigrafiado de acuerdo al requerimiento de la entidad. Medidas: 3.00m X 2.00m | D21: 1 | E21: 5 | F21: 1 | G21: 1 | H21: 1 | I21: 1 | J21: 1 | K21: 1 | L21: 2 | M21: 2 | Q21: 1 | AE21: 1 | AG21: 4 | AH21: 2 | AI21: 1 | AJ21: 1 | AK21: 1 | AL21: 1 | AM21: 1 | AN21: 1 | AO21: 1 | BA21: 1 | BB21: 1 | BC21: 3 | BI21: 1 | BJ21: 1 | BK21: 2 | BS21: 2 | BT21: 1 | BV21: 3 | BW21: 3 | CE21: =SUM(D21:CD21) -> 49 | CF21: ='DOTACION INICIAL'!CE21 -> 252360.22 | CG21: =+CE21*CF21 -> 12365651
A22: 19 | B22: BANDERA DEPARTAMENTAL 100% poliéster (+/-2%) tipo de ligamento tafetán peso: (78 gr/m2) (117 gr/m) +/-5% ancho útil 150 (+/-2cm) encogimiento 2% urdido y trama solidez al lavado 4-5, solidez a la luz 4-5 Anclajes laterales con mínimo 3 ojales metálicos costura en hilo industrial no. 40dobles al margen para cabo de izado doble con refuerzo interno. Garantía: 6 meses contra defectos de fabricación Se debe incluir el nombre de la empresa fabricante, fecha de fabricación, mediante la colocación de una etiqueta de 2×5 cm en el reverso, en la manga (borde) de la bandera. logotipo: Aplicado en el centro de la bandera pegado y cocido puede ser sublimado oserigrafiado de acuerdo al requerimiento de la entidad. Medidas: 3.00m X 2.00m | D22: 1 | E22: 5 | F22: 1 | H22: 1 | I22: 1 | L22: 1 | M22: 1 | Q22: 1 | AE22: 1 | AG22: 4 | AH22: 1 | AO22: 1 | BA22: 1 | BB22: 1 | BC22: 2 | BI22: 1 | BJ22: 2 | BK22: 2 | BS22: 2 | BT22: 1 | BV22: 3 | BW22: 3 | CE22: =SUM(D22:CD22) -> 37 | CF22: ='DOTACION INICIAL'!CE22 -> 252360.22 | CG22: =+CE22*CF22 -> 9337328.3
A23: 20 | B23: Basurera: Alto: 30 cms. Frente: 25 cms. Estructura: Lámina lisa cr c20. Fondo: lámina lisa cr c22. Peso: 1.86 kg. Acabado: pintura electrostática previo desengrase y fosfatado. Colores: estándar aluminios, gris nopal, gris tronado y negro | D23: 2 | F23: 12 | G23: 2 | H23: 2 | I23: 2 | J23: 2 | K23: 2 | AG23: 10 | BC23: 20 | BW23: 0 | CE23: =SUM(D23:CD23) -> 54 | CF23: ='DOTACION INICIAL'!CE23 -> 81133.563 | CG23: =+CE23*CF23 -> 4381212.4
A24: 21 | B24: Ventilador de pedestal/pie de 18” portátil, 3 velocidades, Ventilador de pie con 5 aspas y asa ergonómica integrada para transportarlo, Oscilación automática para una mayor difusión del aire; orientación y altura ajustable, Rejilla reforzada para la seguridad infantil que impide introducir una mano o un dedo en las aspas, ruido 45 dB(A), material: metal platico, con 5 aspas y asa ergonómica integrada para transportarlo | E24: 20 | F24: 5 | G24: 5 | H24: 10 | I24: 10 | L24: 10 | M24: 10 | Q24: 4 | AE24: 30 | AG24: 4 | BI24: 18 | BJ24: 7 | BK24: 2 | BL24: 2 | BO24: 1 | BP24: 1 | BV24: 10 | BW24: 20 | CE24: =SUM(D24:CD24) -> 169 | CF24: ='DOTACION INICIAL'!CE24 -> 139159.88 | CG24: =+CE24*CF24 -> 23518020
A25: 22 | B25: Conjunto de mesa para exterior en madera teka tratada para soportar la intemperie, sillas incluidas (4 personas) en el mismo material. Con sombrilla en tela polyester lavable de armado sencillo, y con traba de seguridad | F25: 2 | G25: 2 | I25: 4 | J25: 2 | K25: 2 | AG25: 4 | AH25: 10 | BC25: 6 | BI25: 6 | BS25: 12 | BV25: 4 | BW25: 0 | CE25: =SUM(D25:CD25) -> 54 | CF25: ='DOTACION INICIAL'!CE25 -> 2077723.2 | CG25: =+CE25*CF25 -> 1.1219705e+08
A26: 23 | B26: Silla de ruedas Estructura en acero cromado. Plegable, apoya brazos abatibles. Tapiz de respaldo en Engomado 600 relleno en espuma densidad 25. Tapiz de asiento en lona impermeable con refuerzo tejido de fibra. Apoya pies desmontables de altura regulable. Ruedas delanteras 7” maciza. Ruedas traseras aro 24, aro propulsor y freno Ancho del asiento: 44cm. Y 40 cm. Profundidad del asiento: 40 cm. | E26: 1 | F26: 1 | H26: 1 | I26: 1 | L26: 1 | M26: 1 | Q26: 1 | AG26: 2 | AH26: 1 | BC26: 2 | BI26: 1 | BJ26: 1 | BK26: 2 | BV26: 1 | BW26: 2 | CE26: =SUM(D26:CD26) -> 19 | CF26: ='DOTACION INICIAL'!CE26 -> 387913.18 | CG26: =+CE26*CF26 -> 7370350.4
A27: 24 | B27: Escaleras Dieléctricas - Fibra de Vidrio Cumplen con las normas ANSI 14.2 - AUTOSOPORTADA TIPO TIJERA Rango de Medidas DE 0,91 m hasta 6,10 m Material largueros PLASTICO REFORZADO CON FIBRA DE VIDRIO Material peldaños ALUMINIO Capacidad de carga 300 lb - 136 kg Numero de secciones 1 Tipo de escalera IA Capacidad dieléctrica C.A.90.000 V C.D. 25.000 V Elaboración FABRICADO BAJO NORMA ANSI ASC A14.5:2017 Accesorios Bandeja plástica, Zapatas antideslizantes | E27: 1 | F27: 1 | G27: 1 | H27: 1 | I27: 1 | J27: 1 | K27: 1 | L27: 2 | M27: 1 | Q27: 1 | AG27: 1 | AH27: 1 | BA27: 1 | BC27: 2 | BI27: 1 | BJ27: 1 | BK27: 1 | BV27: 1 | BW27: 2 | CE27: =SUM(D27:CD27) -> 22 | CF27: ='DOTACION INICIAL'!CE27 -> 2689726.9 | CG27: =+CE27*CF27 -> 59173993
A28: 25 | B28: Cartelera en corcho Medidas: 80 cm largo x 60 cm alto (Este item requiere instalación) Características: diseño tradicional, de alta calidad, resistente y duradera, con marco. Material: Corcho Color Café, plateado | E28: 3 | F28: 2 | H28: 2 | I28: 2 | AH28: 1 | BV28: 2 | BW28: 0 | CE28: =SUM(D28:CD28) -> 12 | CF28: ='DOTACION INICIAL'!CE28 -> 125237.94 | CG28: =+CE28*CF28 -> 1502855.3
A29: 26 | B29: CARRETA SUPER LIVIANA ( 16 Kilos) 2 MODOS DE USO (en dos ruedas o en 4 ruedas) Soporta CARGA (300LB ) , HECHA CON MATERIALES ALUMINIO CALIDAD INDUSTRIAL LIVIANOS Y RESISTENTES, DE MUY FACIL PLEGADO, DIMENSIONES: ( 55 CMS, X 53 CMS X 125 CMS), ERGONÓMICO - Reduce el riesgo de lesiones, fatiga y tensión muscular. FUERTE - Capacidad de 300 lb en la posición 4 ruedas. FÁCIL DE MOVER - Llantas Para Trabajo Pesado. FÁCIL DE USAR - conversión rápida con una sola mano, sin tornillos o herramientas. LIGERO - de aluminio de calidad comercial - Fácil de manejar, ideal tanto para la industria,hogar como la oficina.Cargador manual fabricado en aluminio | E29: 1 | F29: 1 | H29: 1 | I29: 1 | L29: 1 | AE29: 1 | AG29: 3 | AH29: 1 | BC29: 2 | BI29: 1 | BK29: 1 | BS29: 1 | BV29: 1 | BW29: 1 | CE29: =SUM(D29:CD29) -> 17 | CF29: ='DOTACION INICIAL'!CE29 -> 281805.36 | CG29: =+CE29*CF29 -> 4790691.1
A30: 27 | B30: ESTE ITEM REQUIERE INSTALACION. Cartelera Tablero de corcho 112x72cm espesor 3 mm , su cara interior forrada con tela fieltro, color azul oscura y sujeta a la cara posterior del tablero de corcho con pega en la cual la tela cubrirá 10 cm desde el perímetro del tablero.  EL tablero de MDF delgado 112x72cm espesor 3 mm se colocara junta a la cara posterior del tablero de corcho.  Los dos tableros se ubicarán en el lado posterior de la estructura y será enmarcado con un ángulo de aluminio 10 x 10 mm y espesor 1 mm, a la cual se sujetaran ambos elementos con remaches | F30: 2 | G30: 1 | H30: 2 | I30: 2 | J30: 1 | K30: 1 | AH30: 5 | AO30: 1 | BC30: 5 | BK30: 2 | BW30: 4 | CE30: =SUM(D30:CD30) -> 26 | CF30: ='DOTACION INICIAL'!CE30 -> 725682.3 | CG30: =+CE30*CF30 -> 18867740
A31: 28 | B31: Estiba Plastica Medida: 1.00 x 1.20 x 15 cm Resistencia en estática: Desde 3.000 Kg a 5.000 Kg. Resistencia en dinámica: De 1.000 kg a 1.500 kg Material: Plásticos pos industriales y polipropileno Almacenamiento: Piso, piso y rack. Entradas: Dos y cuatro Superficie: Plana Propiedades: Resistencia al impacto, rigidez, frío y calor. | F31: 1 | H31: 1 | I31: 1 | AG31: 15 | AH31: 5 | AO31: 4 | BA31: 3 | BS31: 20 | BW31: 2 | CE31: =SUM(D31:CD31) -> 52 | CF31: ='DOTACION INICIAL'!CE31 -> 230146.27 | CG31: =+CE31*CF31 -> 11967606
A32: 29 | B32: Horno Microhondas Trabajo pesado. Especial para dobles porciones. Descongelamiento automático. 10 botones programables en diferentes opciones. Memoria anti fallos de luz. Reloj indicador de gran visibilidad. Apropiado para calentar almuerzos. Capacidad: 0.8 pie cúbico. Dimensiones internas: 33 x 33 x 20 cm. Dimensiones externas: 51 x 36 x 30 cm. Potencia: 1.000 Wh., 110 V. 1 año de garantía Capacidad para 4 portacomidas, hasta de quince 15 centímetros de diámetro. El tiempo promedio para calentar los 4 almuerzos es de 3 minutos | D32: 4 | E32: 3 | F32: 4 | L32: 2 | M32: 3 | Q32: 1 | AB32: 2 | AC32: 2 | AE32: 4 | AG32: 3 | AH32: 4 | AO32: 2 | BA32: 4 | BB32: 1 | BC32: 2 | BE32: 1 | BH32: 2 | BI32: 2 | BJ32: 2 | BK32: 2 | BS32: 8 | BT32: 2 | BU32: 1 | BV32: 1 | BW32: 2 | CE32: =SUM(D32:CD32) -> 64 | CF32: ='DOTACION INICIAL'!CE32 -> 1581784.5 | CG32: =+CE32*CF32 -> 1.0123421e+08
A33: 30 | B33: Caja Fuerte Digital 31x20x20cm ( Tesoreria) Teclado, Clave y llave Capacidad 8,5lt Anclaje a piso Modo de apertura: Clave- Llave Picaporte Mecanico Tamaño Pequeña | E33: 1 | AE33: 1 | BI33: 1 | BS33: 1 | BU33: 1 | BW33: 1 | CE33: =SUM(D33:CD33) -> 6 | CF33: ='DOTACION INICIAL'!CE33 -> 202353.49 | CG33: =+CE33*CF33 -> 1214120.9
A34: 31 | B34: Nevera No frost ( Sala Amiga) Tipo Pequeño Entre 230 y 260 lt de capacacidad Ancho : Entre 55 y 65 cm Alto: Entre 130 cm y 160 Cm Tecnología Home Energy Saver. Cuida el ambiente con el compresor Eco Advance y gas refrigerante R600a. Total Fresh Flow Consumo Energetico 28.2 kWh/mes Control de Temperatura, Luz iterna, sin bandeja de huevos Material de Bandejas en Nevera: Cristal Templado | D34: 1 | E34: 1 | F34: 2 | H34: 1 | I34: 1 | L34: 1 | M34: 1 | Q34: 1 | AB34: 1 | AE34: 1 | AG34: 1 | AH34: 1 | AO34: 1 | BA34: 1 | BC34: 1 | BH34: 1 | BI34: 1 | BK34: 2 | BS34: 1 | BV34: 1 | BW34: 1 | CE34: =SUM(D34:CD34) -> 23 | CF34: ='DOTACION INICIAL'!CE34 -> 1130154.6 | CG34: =+CE34*CF34 -> 25993556
A35: 32 | B35: Poltrona (Sala Amiga) Poltronas fijas Ancho: 70 centímetros Largo: 65 centímetros Material: Facil de limpiar Alto: 65 centímetros Color a Elección. | D35: 2 | E35: 4 | F35: 2 | H35: 2 | I35: 2 | L35: 2 | AB35: 2 | AE35: 2 | AG35: 10 | AH35: 2 | AO35: 2 | BA35: 2 | BC35: 6 | BH35: 2 | BI35: 3 | BK35: 4 | BS35: 2 | BV35: 2 | BW35: 2 | CE35: =SUM(D35:CD35) -> 55 | CF35: ='DOTACION INICIAL'!CE35 -> 539138.66 | CG35: =+CE35*CF35 -> 29652626
A36: 33 | B36: Papelera Cuerpo metálico enmallado con tapa Pedal Con capacidad mínima de 10 litros Diseño para baños DEBE PRESENTAR EL PICTOGRAMA O SIMBOLO QUE REPRESENTE LOS RESIDUOS A CONTENER SEGÚN RESOLUCION 2184 de 2019 | F36: 5 | G36: 1 | H36: 3 | I36: 3 | J36: 1 | K36: 1 | L36: 2 | M36: 6 | Q36: 4 | AG36: 15 | AH36: 20 | AO36: 5 | BA36: 7 | BC36: 20 | BI36: 20 | BJ36: 6 | BK36: 10 | BU36: 15 | BV36: 20 | BW36: 13 | CE36: =SUM(D36:CD36) -> 177 | CF36: ='DOTACION INICIAL'!CE36 -> 78771.908 | CG36: =+CE36*CF36 -> 13942628
A37: 34 | B37: Punto Ecológico Base metálica con tablero tres puestos Mínimo tres contenedores así: Color blanco: Para depositar los residuos aprovechables como plástico, botellas, latas, vidrio, metales, papel y cartón. - Este tipo de caneca debe ir con el nombre de Residuos Aprovechables Color negro: Para depositar residuos no aprovechables como el papel higiénico; servilletas, papeles y cartones contaminados con comida; papeles metalizados, entre otros. -Este tipo de caneca debe ir con el nombre de Residuos No Aprovechables u ordinarios. Color verde: Para depositar residuos orgánicos aprovechables como los restos de comida, desechos agrícolas etc.- Este tipo de caneca debe ir con el nombre de Residuos Orgánicos Capacidad 35 litros Contenedores elaborados en plástico DEBE PRESENTAR EL PICTOGRAMA O SIMBOLO QUE REPRESENTE LOS RESIDUOS A CONTENER SEGÚN RESOLUCION 2184 de 2019 PARA CADA CANECA PERTENECIENTE A LOS PUNTOS ECOLOGICOS | D37: 2 | F37: 2 | L37: 2 | M37: 2 | Q37: 2 | AE37: 3 | AG37: 10 | AH37: 8 | BA37: 1 | BC37: 12 | BI37: 4 | BJ37: 3 | BK37: 2 | BS37: 6 | BV37: 2 | BW37: 0 | CE37: =SUM(D37:CD37) -> 61 | CF37: ='DOTACION INICIAL'!CE37 -> 641847.72 | CG37: =+CE37*CF37 -> 39152711
A38: 35 | B38: Punto Ecológico con techo 53 litros tres puestos Base metálica Mínimo tres contenedores así: Color blanco: Para depositar los residuos aprovechables como plástico, botellas, latas, vidrio, metales, papel y cartón. - Este tipo de caneca debe ir con el nombre de Residuos Aprovechables Color negro: Para depositar residuos no aprovechables como el papel higiénico; servilletas, papeles y cartones contaminados con comida; papeles metalizados, entre otros. -Este tipo de caneca debe ir con el nombre de Residuos No Aprovechables u ordinarios. Color verde: Para depositar residuos orgánicos aprovechables como los restos de comida, desechos agrícolas etc.- Este tipo de caneca debe ir con el nombre de Residuos Orgánicos Capacidad 53 litros Contenedores elaborados en plástico DEBE PRESENTAR EL PICTOGRAMA O SIMBOLO QUE REPRESENTE LOS RESIDUOS A CONTENER SEGÚN RESOLUCION 2184 de 2019 PARA CADA CANECA PERTENECIENTE A LOS PUNTOS ECOLOGICOS | AH38: 4 | BM38: 1 | BN38: 1 | BO38: 1 | BP38: 1 | BQ38: 1 | BR38: 1 | BS38: 4 | BW38: 0 | CE38: =SUM(D38:CD38) -> 14 | CF38: ='DOTACION INICIAL'!CE38 -> 543002.46 | CG38: =+CE38*CF38 -> 7602034.4
A39: 36 | B39: Contenedor de Basura Elaborado en plástico Tapa con pedal Con ruedas Capacidad de 80 a 85 litros Color Negro Impresión de las palabras “Residuos No aprovechables y Ordinarios” en la cara delantera del contenedor DEBE PRESENTAR EL PICTOGRAMA O SIMBOLO QUE REPRESENTE LOS RESIDUOS A CONTENER SEGÚN RESOLUCION 2184 de 2019 PARA CADA CANECA PERTENECIENTE A LOS PUNTOS ECOLOGICOS | F39: 1 | I39: 1 | L39: 2 | M39: 1 | AG39: 4 | AH39: 2 | BC39: 1 | BI39: 1 | BJ39: 1 | BK39: 2 | BS39: 1 | BW39: 0 | CE39: =SUM(D39:CD39) -> 17 | CF39: ='DOTACION INICIAL'!CE39 -> 308351.09 | CG39: =+CE39*CF39 -> 5241968.6
A40: 37 | B40: Contenedor de Basura Elaborado en plástico Tapa con pedal Con ruedas Capacidad de 80 a 85 litros Color Blanco Impresión de las palabras “Residuos No aprovechables y Ordinarios” en la cara delantera del contenedor DEBE PRESENTAR EL PICTOGRAMA O SIMBOLO QUE REPRESENTE LOS RESIDUOS A CONTENER SEGÚN RESOLUCION 2184 de 2019 PARA CADA CANECA PERTENECIENTE A LOS PUNTOS ECOLOGICOS | L40: 1 | M40: 1 | AG40: 1 | BC40: 1 | BI40: 1 | BJ40: 1 | BK40: 2 | BW40: 0 | CE40: =SUM(D40:CD40) -> 8 | CF40: ='DOTACION INICIAL'!CE40 -> 308351.09 | CG40: =+CE40*CF40 -> 2466808.7
A41: 38 | B41: Contenedor de Basura Elaborado en plástico Tapa con pedal Con ruedas Capacidad de 80 a 85 litros Color Rojo Impresión de las palabras “Residuos No aprovechables y Ordinarios” en la cara delantera del contenedor DEBE PRESENTAR EL PICTOGRAMA O SIMBOLO QUE REPRESENTE LOS RESIDUOS A CONTENER SEGÚN RESOLUCION 2184 de 2019 PARA CADA CANECA PERTENECIENTE A LOS PUNTOS ECOLOGICOS | BC41: 1 | BI41: 1 | BK41: 1 | BS41: 1 | BW41: 0 | CE41: =SUM(D41:CD41) -> 4 | CF41: ='DOTACION INICIAL'!CE41 -> 308351.09 | CG41: =+CE41*CF41 -> 1233404.4
A42: 39 | B42: Contenedor de Basura Elaborado en plástico Tapa con pedal Con ruedas Capacidad de 80 a 85 litros Color Verde Impresión de las palabras “Residuos No aprovechables y Ordinarios” en la cara delantera del contenedor DEBE PRESENTAR EL PICTOGRAMA O SIMBOLO QUE REPRESENTE LOS RESIDUOS A CONTENER SEGÚN RESOLUCION 2184 de 2019 PARA CADA CANECA PERTENECIENTE A LOS PUNTOS ECOLOGICOS | AG42: 1 | BC42: 1 | BK42: 1 | BW42: 0 | CE42: =SUM(D42:CD42) -> 3 | CF42: ='DOTACION INICIAL'!CE42 -> 308094.93 | CG42: =+CE42*CF42 -> 924284.79
B43: TOTAL ELEMENTOS POR SEDE | D43: =SUM(D4:D42) -> 64 | E43: =SUM(E4:E42) -> 138 | F43: =SUM(F4:F42) -> 234 | G43: =SUM(G4:G42) -> 79 | H43: =SUM(H4:H42) -> 96 | I43: =SUM(I4:I42) -> 165 | J43: =SUM(J4:J42) -> 74 | K43: =SUM(K4:K42) -> 67 | ... CE43: =SUM(CE4:CE42) -> 3303 | CG43: =SUM(CG4:CG42) -> 1.1935684e+09
A44: ELEMENTOS ADICIONALES
A45: 40 | B45: TV 70 pulgadas 4K-UHD LED Smart TV, cuenta con un procesador Crystal el cual escala con inteligencia artificial las imágenes hasta 4K | E45: 2 | CE45: =SUM(E45:CD45) -> 2 | CF45: ='EM NO PREVISTOS'!N3 -> 8364645.6 | CG45: =+CE45*CF45 -> 16729291
A46: 41 | B46: kit Mesa redonda de juntas de 4 puestos en madera. incluye sillas tipo gerencial ergonomica tapizada en cuero sintético negro de excelente calidad. | BS46: 1 | CE46: =SUM(E46:CD46) -> 1 | CF46: ='EM NO PREVISTOS'!N4 -> 6015240.5 | CG46: =+CE46*CF46 -> 6015240.5
A47: 42 | B47: Escritorio TAU Presidente enchapado .Superficie en tablex 30 mm tintillado y lacado color a escoger por la ESAP. accesorios de amarre tipo pedestal en acero inoxidable tipo botón. pedestales con incrustación en U y dilatación en la parte superior. Frente curvo 2.10x0.90 retorno 1.20x0.60. c/archivo fijo 3 servicios c/niveladores | BA47: 1 | CE47: =SUM(E47:CD47) -> 1 | CF47: ='EM NO PREVISTOS'!N5 -> 4975405.1 | CG47: =+CE47*CF47 -> 4975405.1
A48: 43 | B48: Ventilador de Torre ideal con 3 Velocidades ideales para ambientar tu espacio favorito. Temporizador electrónico que permite programar su apagado hasta por 7 horas Cuenta con Control Remoto ultra delgado y compacto para que el ventilador sea ajustado y programado desde la distancia. | D48: 1 | CE48: =SUM(D48:CD48) -> 1 | CF48: ='EM NO PREVISTOS'!N6 -> 565341.79 | CG48: =+CE48*CF48 -> 565341.79
A49: 45 | B49: mesa de centro 50 x 50 x 30 en madera natural. | BS49: 1 | CE49: =SUM(E49:CD49) -> 1 | CF49: ='EM NO PREVISTOS'!N7 -> 1084557 | CG49: =+CE49*CF49 -> 1084557
A50: 46 | B50: sofa cuero sintetico de alta calidad de 3 puestos 2,20 x 0,80 m, estructura en madera con relleno de espuma de alta elasticidad y fibras de poliéster. | BS50: 2 | CE50: =SUM(E50:CD50) -> 2 | CF50: ='EM NO PREVISTOS'!N8 -> 3457025.3 | CG50: =+CE50*CF50 -> 6914050.6
A51: 47 | B51: Escritorio gerencial 2,20 x 0,75 con credenza de 1.80 x 50 formica f8, incluye archivador con tres cajones y silla tipo gerencial tipo KYOTO con: - mecanismo de espalda basculante - grduacion de altura en asiento - ajuste para tensionar la espalda - apoyo lumbar fijo - brazos fijo - asiento en paño color negro - espalda en malla negra | BS51: 1 | CE51: =SUM(E51:CD51) -> 1 | CF51: ='EM NO PREVISTOS'!N9 -> 9246300 | CG51: =+CE51*CF51 -> 9246300
A52: 48 | B52: Videoproyector con conectividad inalambrica, pantalla de más de 100" con calidad excepcional y excelente brillo para situaciones de gran luz ambiental o artificial. a tecnología 3LCD ofrece imágenes claras, brillantes y llenas de color. Su luminosidad de 4.000 lúmenes en color1 y 4.000 lúmenes en blanco lo convierten en lamejor opción. Su resolución WXGA de 1.280 px x 800 px es ideal para presentaciones de gran calidad. - Excelente calidad: resolución nativa WXGA (1.280 px x 800 px). Ideal para presentaciones multimedia. - Ajustes de imagen simples e instantáneos: - Lámpara con una duración hasta de 12.000 horas - Conectividad inalámbrica: para dispositivos móviles - colores hasta 3 veces más brillantes, La tecnología 3LCD permite un balance más exacto entre la luz blanca y la de color, para proyecciones realmente naturales | BS52: 10 | CE52: =SUM(E52:CD52) -> 10 | CF52: ='EM NO PREVISTOS'!N10 -> 10371076 | CG52: =+CE52*CF52 -> 1.0371076e+08
A53: 49 | B53: cable HDMI 4K de alta velocidad, de 8 metros de largo, es perfecto para transmisión de señales digitales de audio y de vídeo, se garantiza una transmisión de señal fiable a resoluciones hasta 4K (4096 x 2160 / 3840 x 2160 a 30 Hz) | BS53: 30 | CE53: =SUM(E53:CD53) -> 30 | CF53: ='EM NO PREVISTOS'!N11 -> 196592.42 | CG53: =+CE53*CF53 -> 5897772.6
A54: 50 | B54: dispensador de agua de piso con purificador sin botellon, Agua 99,9% libre de impurezas y contaminantes, Disponibilidad constante de agua, para conectar a la red hidraulica, Agua Fría y Caliente | BS54: 3 | CE54: =SUM(E54:CD54) -> 3 | CF54: ='EM NO PREVISTOS'!N12 -> 5195027.8 | CG54: =+CE54*CF54 -> 15585084
B55: TOTAL ELEMENTOS POR SEDE | D55: =SUM(D16:D54) -> 82 | E55: =SUM(E16:E54) -> 206 | F55: =SUM(F16:F54) -> 291 | G55: =SUM(G16:G54) -> 98 | H55: =SUM(H16:H54) -> 131 | I55: =SUM(I16:I54) -> 209 | J55: =SUM(J16:J54) -> 87 | K55: =SUM(K16:K54) -> 78 | ... CD55: =SUM(CD16:CD54) -> 0 | CE55: =SUM(CE45:CE54) -> 52 | CG55: =SUM(CG45:CG54) -> 1.707238e+08
B56: TOTAL ELEMENTOS POR SEDE | D56: =+D55+D43 -> 146 | E56: =+E55+E43 -> 344 | F56: =+F55+F43 -> 525 | G56: =+G55+G43 -> 177 | H56: =+H55+H43 -> 227 | I56: =+I55+I43 -> 374 | J56: =+J55+J43 -> 161 | K56: =+K55+K43 -> 145 | ... CE56: =+CE55+CE43 -> 3355 | CG56: =+CG43+CG55 -> 1.3642922e+09
CF58: TOTAL CONTRATO | CG58: 1428076471
CF60: MONTO AGOTABLE | CG60: =+CG58-CG56 -> 63784259

Sheet BALANCE PRIMERA ENTREGA 
A2: ITEM | B2: ELEMENTO | C2: FOTO DE SIMILAR O REFERENCIA | D2: ANTIOQUIA | E2: CHOCO | F2: ATLANTICO | L2: BOLIVAR | AB2: BOYACA | AE2: CALDAS | AG2: CUNDINAMARCA | AH2: CAUCA | AO2: HUILA | BA2: META | BC2: NARIÑO | BD2: NORTE DE SANTANDER | BI2: RISARALDA | BK2: SANTANDER | BS2: SEDE CENTRAL | BV2: TOLIMA | BW2: VALLE | CE2: CANTIDADES TOTALES | CF2: VALOR UNITARIO INCLUIDO IVA | CG2: VALOR TOTAL INCLUIDO IVA
D3: MEDELLIN | E3: QUIBDO | F3: BARRANQUILLA | G3: MALAMBO | H3: SANTA MARTA | I3: VALLEDUPAR | J3: VILLANUEVA | K3: SUAN | L3: CARTAGENA | M3: SINCELEJO | N3: LA UNION | O3: LORICA | P3: TIERRA ALTA | Q3: San Andres | R3: MAGANGUE | S3: SAN ANDRES | T3: MONTERIA | U3: MONPOX | V3: MAJAGUAL | W3: CARMEN DE BOLIVAR | X3: COROZAL | Y3: SAN ANTERO | Z3: SAHAGUN | AA3: RESGUARDO INDIGENA | AB3: TUNJA | AC3: MONIQUIRA | AD3: SOGAMOSO | AE3: MANIZALES | AF3: LA DORADA | AG3: FUSAGASUGA | AH3: POPAYAN | AI3: MIRANDA | AJ3: BORDO | AK3: SANTANDER DE QUILICHAO | AL3: ROSAS | AM3: SILVA | AN3: CALDONO | AO3: NEIVA | AP3: ALGECIRAS | AQ3: LA PLATA | AR3: GARZON | AS3: ACEVEDO | AT3: PITALITO | AU3: FLORENCIA | AV3: PAUJIL | AW3: SAN VICENTE | AX3: MOCOA | AY3: ORITO | AZ3: PUERTO ASIS | BA3: VILLAVICENCIO | BB3: SAN JOSE DEL GUAVIARE | BC3: PASTO | BD3: ARAUQUITA | BE3: ARAUCA | BF3: TAME | BG3: OCAÑA | BH3: CUCUTA | BI3: DOS QUEBRADAS | BJ3: ARMENIA | BK3: BUCARAMANGA | BL3: SANTA ROSA DEL SUR | BM3: SAN GIL | BN3: OIBA | BO3: BARRRANCABERMEJA | BP3: CIMITARRA | BQ3: PUENTE NACIONAL | BR3: MALAGA | BS3: SEDE CENTRAL | BT3: ROSALES | BU3: TEUSAQUILLO | BV3: IBAGUE | BW3: CALI | BX3: BUENAVENTURA | BY3: CARTAGO | BZ3: TULUA | CA3: SEVILLA | CB3: PRADERA | CC3: PALMIRA | CD3: BUGA
A4: 1 | B4: Silla giratoria ergonómica con brazos, Ancho: 61 cm., Altura: 102 cm – 115 cm., Altura asiento: 45 cm – 58 cm., Profundidad asiento: 61 cm, Tapizada en paño hilat, color a seleccionar por la ESAP, con carcazas en la espalda y asiento, Acabado en textil Hilat o similar, asiento en espuma inyectada densidad 45, espalda en espuma laminada de alta densidad 50 mm de espesor, carcasas asiento y espalda media en polipropileno, brazos en nylon Graduables. Mecanismo Contacto permanente, que reclina la espalda de 88 hasta 105 grados permitiendo que los pies permanezcan apoyados en el piso, sistema que permite graduar la altura de la espalda y la profundidad del asiento, columna neumática que amortigua los movimientos del cuerpo y permite ajustar la altura, telescopio protector de columna, base en nylon de cinco aspas, rodachinas doble rueda. GARANTIA DOS (2) AÑOS | BS4: 65 | BT4: 22 | BU4: 13 | CE4: =SUM(D4:CD4) -> 100 | CF4: ='DOTACION INICIAL'!CE4 -> 304009.1 | CG4: =+CE4*CF4 -> 30400910 | CI4: =CF4/1.19 -> 255469.83
A5: 2 | B5: Silla giratoria ergonómica sin brazos, Ancho: 61 cm., Altura: 102 cm – 115 cm., Altura asiento: 45 cm – 58 cm., Profundidad asiento: 61 cm, Tapizada en paño hilat, color a seleccionar por la ESAP, con carcazas en la espalda y asiento, Acabado en textil Hilat o similar, asiento en espuma inyectada densidad 45, espalda en espuma laminada de alta densidad 50 mm de espesor, carcasas asiento y espalda media en polipropileno, brazos en nylon Graduables. Mecanismo Contacto permanente, que reclina la espalda de 88 hasta 105 grados permitiendo que los pies permanezcan apoyados en el piso, sistema que permite graduar la altura de la espalda y la profundidad del asiento, columna neumática que amortigua los movimientos del cuerpo y permite ajustar la altura, telescopio protector de columna, base en nylon de cinco aspas, rodachinas doble rueda. GARANTIA DOS (2) AÑOS | BV5: 0 | BW5: 0 | CE5: =SUM(D5:CD5) -> 0 | CF5: ='DOTACION INICIAL'!CE5 -> 266118.44 | CG5: =+CE5*CF5 -> 0 | CI5: =CF5/1.19 -> 223628.94
A6: 3 | B6: Silla gerencial, Ancho: 71 cm., Altura: 117 cm – 126 cm., Altura asiento: 43 cm – 52 cm., Profundidad asiento: 68 cm., asiento en espuma de alta densidad forrado en paño color a seleccionar por la entidad, espaldar en malla elastica con carcaza en polipropileno y fibra de vidrio, asiento, espaldar y apoya brazos de altura ajustables, espladar con inclinación ajustable, Ajuste del respaldo lumbar y apoya cabeza en altura y posición, base en acero cromado de cinco aspas con rodachines . REF ROMA | BS6: 30 | CE6: =SUM(D6:CD6) -> 30 | CF6: ='DOTACION INICIAL'!CE6 -> 593133.63 | CG6: =+CE6*CF6 -> 17794009 | CI6: =CF6/1.19 -> 498431.62
A7: 4 | B7: Silla interlocutora fija con brazos, Tapizada en paño hilat- con carcazas en la espalda y asiento, base tubo metálica, Silla Interlocutora, Acabado en paño Hilat o similar, asiento en espuma inyectada densidad 45, espalda en espuma laminada de alta densidad 50 mm de espesor, bastidores y carcazas en polipropileno, con brazos, estructura en tubo elíptico 14 * 24 mm., pintura epoxi poliéster de aplicación electrostática. DOS (2) AÑOS de Garantía. | AG7: 6 | CE7: =SUM(D7:CD7) -> 6 | CF7: ='DOTACION INICIAL'!CE7 -> 241586.03 | CG7: =+CE7*CF7 -> 1449516.2 | CI7: =CF7/1.19 -> 203013.47
A8: 5 | B8: Archivador Metalico cuatro gavetas, capacidad aprox. 60 carpetas por gaveta. | AG8: 3 | CE8: =SUM(D8:CD8) -> 3 | CF8: ='DOTACION INICIAL'!CE8 -> 740121.55 | CG8: =+CE8*CF8 -> 2220364.7 | CI8: =CF8/1.19 -> 621950.88
A9: 6 | B9: ESTE ITEM REQUIERE INSTALACION. Archivo de dos modulos rodantes manual y dos fijos laterales: Parales de 2.00 alto y entrepaños de 0.30 frente mts de fondo x 1,0 de frente, con dobles tope de espaldar y refuerzo, fabricados en lámina CR C16 y C20 respectivamente, con una resistencia de 80 kg peso repartido. Acabos frontales en lámina CR cal 18 en pintura electrostática, color a elegir por la ESAP, puerta con cerradura. Desplazamiento de módulos móviles manualmente, sobre bases y rieles fabricados en ángulo de 1 1/2" x 3/16 de pulgada, accionados mediante manija de empuje manual sobre las ruedas de tracción macizas de hierro maquinado, que incluyen rodamientos sellados de 3,5" de diámetro. Tensores en platina de 3/4 * 1/8 de pulgada. El archivo estará compuesto por dos unidades de consulta fijas y una doble rodante, con una puerta. Las UDC de consulta fijas medirán en su interior 1.0 de frente x 0.30 de fondo x 2.0 m de alto y el panel frontal será de 0,35 de frente por 2,0 de alto y las dobles rodantes serán cada una de 1,0 de frente x 0,60 de fondo (2 de 0,30 m) y 2,0 de alto y el panel frontal será de 0,75 x 2,0 m, la puerta será de 0,75 de frente por 2,0 de alto con llave. Espacios para carpetas tamaño oficio y AZ- Oficio. GARANTIA 2 AÑOS. | CE9: =SUM(D9:CD9) -> 0 | CF9: ='DOTACION INICIAL'!CE9 -> 2766256.3 | CG9: =+CE9*CF9 -> 0 | CI9: =CF9/1.19 -> 2324585.1
A10: 7 | B10: Silla fija, Ancho: 54 cm, Altura: 81 cm., Altura asiento: 46 cm, Profundidad asiento: 46 cm, con carcazas en la espalda y asiento, base tubo metálica, Acabado en paño Hilat o similar, asiento en espuma inyectada densidad 45, espalda en espuma laminada de alta densidad 50 mm de espesor, bastidores y carcazas en polipropileno, sin brazos, estructura en tubo elíptico 14 * 24 mm., pintura epoxi poliéster de aplicación electrostática. DOS (2) AÑOS de Garantía. | D10: 12 | E10: 20 | AG10: 148 | CE10: =SUM(D10:CD10) -> 180 | CF10: ='DOTACION INICIAL'!CE10 -> 184083.41 | CG10: =+CE10*CF10 -> 33135015 | CI10: =CF10/1.19 -> 154691.95
A11: 8 | B11: Silla universitaria con brazo escualizable, Tapizada en paño hilat- con carcazas en la espalda y asiento, base tubo metálica, con carcazas en la espalda y asiento, base tubo metálica, Acabado en paño Hilat o similar, asiento en espuma inyectada densidad 45, espalda en espuma laminada de alta densidad 50 mm de espesor, bastidores y carcazas en polipropileno, con brazos, estructura en tubo elíptico 14 * 24 mm., pintura epoxi poliéster de aplicación electrostática. DOS (2) AÑOS de Garantía. | AG11: 140 | CE11: =SUM(D11:CD11) -> 140 | CF11: ='DOTACION INICIAL'!CE11 -> 281639.41 | CG11: =+CE11*CF11 -> 39429518 | CI11: =CF11/1.19 -> 236671.78
A12: 9 | B12: Escritorio rectangular para profesor,( 1.60 m de largo x 0.60 ancho) con dos gavetas, bandeja portacables troquelada, superficie en aglomerado, formica y canto en PVC, estructura en lámica C.R. con pintura al horno, faldera en lámina C.R. troquelada | CE12: =SUM(D12:CD12) -> 0 | CF12: ='DOTACION INICIAL'!CE12 -> 688959.76 | CG12: =+CE12*CF12 -> 0 | CI12: =CF12/1.19 -> 578957.78
A13: 10 | B13: ESTE ITEM REQUIERE INSTALACION. Tablero en acrilico fijado a muro, medidas: 2.40 x 1.20 m., con porta borrador enmarcado, con esquinas perfectamente de lineadas, ángulos perfectos, sin bordes cortantes ni filos, bordes recubiertos por protectores plásticos, al borrar no debe quedar huella Base en aglomerado de 9 mm con balance Enchapado con fórmica, pizarrón blanca, Marco en perfil de aluminio crudo Esquineros en polipropileno redondeados. | BS13: =30+20 -> 50 | CE13: =SUM(D13:CD13) -> 50 | CF13: ='DOTACION INICIAL'!CE13 -> 225588.28 | CG13: =+CE13*CF13 -> 11279414 | CI13: =CF13/1.19 -> 189569.98
A14: 11 | B14: ESTE ITEM REQUIERE INSTALACION.Tablero en acrilico fijado a muro, medidas: 80cm x 60 cm, con portaborrador enmarcado, con esquinas perfectamente de lineadas, ángulos perfectos, sin bordes cortantes ni filos, bordes recubiertos por protectores plásticos, al borrar no debe quedar huella Base en aglomerado de 9 mm con balance Enchapado con fórmica, pizarrón blanca, Marco en perfil de aluminio crudo Esquineros en polipropileno redondeados. | CE14: =SUM(D14:CD14) -> 0 | CF14: ='DOTACION INICIAL'!CE14 -> 118393.85 | CG14: =+CE14*CF14 -> 0 | CI14: =CF14/1.19 -> 99490.63
A15: 12 | B15: ESTE ITEM REQUIERE INSTALACION. Tablero en acrilico fijado a muro, medidas: 80cm x 120 cm, con portaborrador enmarcado, con esquinas perfectamente de lineadas, ángulos perfectos, sin bordes cortantes ni filos, bordes recubiertos por protectores plásticos, al borrar no debe quedar huella Base en aglomerado de 9 mm con balance Enchapado con fórmica, pizarrón blanca, Marco en perfil de aluminio crudo Esquineros en polipropileno redondeados. | CE15: =SUM(D15:CD15) -> 0 | CF15: ='DOTACION INICIAL'!CE15 -> 174515.38 | CG15: =+CE15*CF15 -> 0 | CI15: =CF15/1.19 -> 146651.58
A16: 13 | B16: Tablero fabricado en mdf de 9mm y laminado en formica blanca para escritura con marcador borrable, medidas 80*120 cms. Estructura movil fabricada en tubo de 2" x 1" , ruedas con freno medida total de la estructura incluido el tablero 185 * 120 cms. Acabados en pintura electrostatica negra o gris. | CE16: =SUM(D16:CD16) -> 0 | CF16: ='DOTACION INICIAL'!CE16 -> 245933.89 | CG16: =+CE16*CF16 -> 0 | CI16: =CF16/1.19 -> 206667.13
A17: 14 | B17: ESTE ITEM REQUIERE INSTALACION. Puestos de trabajo autosoportados (1.20 m. de lado x 0.60 m. ancho) con cajonera 2x1 con cerradura, superficie en aglomerado cara superior en fórmica de alta calidad F8 o superior, superficie inferior en balance Backer para evitar pandeos y proteger de la humedad y canto en PVC, erstructura en lámina de acero CR con pintura electroestática, pantalla en vidrio sandblasting (2) h= 0.40 m. y soportes en acero, faldero en lámica C.R. troquelado con pintura electtoestética. Bandeja portacables en lámica C.R. troquelada y pintura electroestática. Perforación rematada por un pasa cables de material plástico o similar que atraviese la superficie. | CE17: =SUM(D17:CD17) -> 0 | CF17: ='DOTACION INICIAL'!CE17 -> 1256921.4 | CG17: =+CE17*CF17 -> 0 | CI17: =CF17/1.19 -> 1056236.4
A18: 15 | B18: ESTE ITEM REQUIERE INSTALACION.Estantes metálicos fijados a muro o piso, h=2m. L=0,90m, a=0.30m, con 5 entrepaños y tapa superior, Anaqueles o bandejas en lámina de hierro calibre 1/32″ o chapa 22. Angulos ranurados de lámina de hierro espesor 1/16″ y 2.0mm., terminados con pintura electrostática. | CE18: =SUM(D18:CD18) -> 0 | CF18: ='DOTACION INICIAL'!CE18 -> 318845.66 | CG18: =+CE18*CF18 -> 0 | CI18: =CF18/1.19 -> 267937.53
A19: 16 | B19: Kit Base y asta en madera para Bandera Moharra en bronce, brillante. Base en madera 4 niveles. Asta en madera de 2.20 Cms por 6 Cms de diámetro. | CE19: =SUM(D19:CD19) -> 0 | CF19: ='DOTACION INICIAL'!CE19 -> 169191.21 | CG19: =+CE19*CF19 -> 0 | CI19: =CF19/1.19 -> 142177.49
A20: 17 | B20: BANDERA DE LA ESAP 100% poliéster (+/-2%) tipo de ligamento tafetán peso: (78 gr/m2) (117 gr/m) +/-5% ancho útil 150 (+/-2cm) encogimiento 2% urdido y trama solidez al lavado 4-5, solidez a la luz 4-5 Anclajes laterales con mínimo 3 ojales metálicos costura en hilo industrial no. 40dobles al margen para cabo de izado doble con refuerzo interno. Garantía: 6 meses contra defectos de fabricación Se debe incluir el nombre de la empresa fabricante, fecha de fabricación, mediante la colocación de una etiqueta de 2×5 cm en el reverso, en la manga (borde) de la bandera. logotipo: Aplicado en el centro de la bandera pegado y cocido puede ser sublimado oserigrafiado de acuerdo al requerimiento de la entidad. Medidas: 3.00m X 2.00m | CE20: =SUM(D20:CD20) -> 0 | CF20: ='DOTACION INICIAL'!CE20 -> 243471.8 | CG20: =+CE20*CF20 -> 0 | CI20: =CF20/1.19 -> 204598.15
A21: 18 | B21: BANDERA DE COLOMBIA 100% poliéster (+/-2%) tipo de ligamento tafetán peso: (78 gr/m2) (117 gr/m) +/-5% ancho útil 150 (+/-2cm) encogimiento 2% urdido y trama solidez al lavado 4-5, solidez a la luz 4-5 Anclajes laterales con mínimo 3 ojales metálicos costura en hilo industrial no. 40dobles al margen para cabo de izado doble con refuerzo interno. Garantía: 6 meses contra defectos de fabricación Se debe incluir el nombre de la empresa fabricante, fecha de fabricación, mediante la colocación de una etiqueta de 2×5 cm en el reverso, en la manga (borde) de la bandera. logotipo: Aplicado en el centro de la bandera pegado y cocido puede ser sublimado oserigrafiado de acuerdo al requerimiento de la entidad. Medidas: 3.00m X 2.00m | CE21: =SUM(D21:CD21) -> 0 | CF21: ='DOTACION INICIAL'!CE21 -> 252360.22 | CG21: =+CE21*CF21 -> 0 | CI21: =CF21/1.19 -> 212067.41
A22: 19 | B22: BANDERA DEPARTAMENTAL 100% poliéster (+/-2%) tipo de ligamento tafetán peso: (78 gr/m2) (117 gr/m) +/-5% ancho útil 150 (+/-2cm) encogimiento 2% urdido y trama solidez al lavado 4-5, solidez a la luz 4-5 Anclajes laterales con mínimo 3 ojales metálicos costura en hilo industrial no. 40dobles al margen para cabo de izado doble con refuerzo interno. Garantía: 6 meses contra defectos de fabricación Se debe incluir el nombre de la empresa fabricante, fecha de fabricación, mediante la colocación de una etiqueta de 2×5 cm en el reverso, en la manga (borde) de la bandera. logotipo: Aplicado en el centro de la bandera pegado y cocido puede ser sublimado oserigrafiado de acuerdo al requerimiento de la entidad. Medidas: 3.00m X 2.00m | CE22: =SUM(D22:CD22) -> 0 | CF22: ='DOTACION INICIAL'!CE22 -> 252360.22 | CG22: =+CE22*CF22 -> 0 | CI22: =CF22/1.19 -> 212067.41
A23: 20 | B23: Basurera: Alto: 30 cms. Frente: 25 cms. Estructura: Lámina lisa cr c20. Fondo: lámina lisa cr c22. Peso: 1.86 kg. Acabado: pintura electrostática previo desengrase y fosfatado. Colores: estándar aluminios, gris nopal, gris tronado y negro | D23: 2 | AG23: 10 | BW23: 0 | CE23: =SUM(D23:CD23) -> 12 | CF23: ='DOTACION INICIAL'!CE23 -> 81133.563 | CG23: =+CE23*CF23 -> 973602.75 | CI23: =CF23/1.19 -> 68179.465
A24: 21 | B24: Ventilador de pedestal/pie de 18” portátil, 3 velocidades, Ventilador de pie con 5 aspas y asa ergonómica integrada para transportarlo, Oscilación automática para una mayor difusión del aire; orientación y altura ajustable, Rejilla reforzada para la seguridad infantil que impide introducir una mano o un dedo en las aspas, ruido 45 dB(A), material: metal platico, con 5 aspas y asa ergonómica integrada para transportarlo | E24: 20 | AG24: 4 | BL24: 2 | BO24: 1 | BP24: 1 | CE24: =SUM(D24:CD24) -> 28 | CF24: ='DOTACION INICIAL'!CE24 -> 139159.88 | CG24: =+CE24*CF24 -> 3896476.7 | CI24: =CF24/1.19 -> 116941.08
A25: 22 | B25: Conjunto de mesa para exterior en madera teka tratada para soportar la intemperie, sillas incluidas (4 personas) en el mismo material. Con sombrilla en tela polyester lavable de armado sencillo, y con traba de seguridad | CE25: =SUM(D25:CD25) -> 0 | CF25: ='DOTACION INICIAL'!CE25 -> 2077723.2 | CG25: =+CE25*CF25 -> 0 | CI25: =CF25/1.19 -> 1745985.9
A26: 23 | B26: Silla de ruedas Estructura en acero cromado. Plegable, apoya brazos abatibles. Tapiz de respaldo en Engomado 600 relleno en espuma densidad 25. Tapiz de asiento en lona impermeable con refuerzo tejido de fibra. Apoya pies desmontables de altura regulable. Ruedas delanteras 7” maciza. Ruedas traseras aro 24, aro propulsor y freno Ancho del asiento: 44cm. Y 40 cm. Profundidad del asiento: 40 cm. | CE26: =SUM(D26:CD26) -> 0 | CF26: ='DOTACION INICIAL'!CE26 -> 387913.18 | CG26: =+CE26*CF26 -> 0 | CI26: =CF26/1.19 -> 325977.46
A27: 24 | B27: Escaleras Dieléctricas - Fibra de Vidrio Cumplen con las normas ANSI 14.2 - AUTOSOPORTADA TIPO TIJERA Rango de Medidas DE 0,91 m hasta 6,10 m Material largueros PLASTICO REFORZADO CON FIBRA DE VIDRIO Material peldaños ALUMINIO Capacidad de carga 300 lb - 136 kg Numero de secciones 1 Tipo de escalera IA Capacidad dieléctrica C.A.90.000 V C.D. 25.000 V Elaboración FABRICADO BAJO NORMA ANSI ASC A14.5:2017 Accesorios Bandeja plástica, Zapatas antideslizantes | CE27: =SUM(D27:CD27) -> 0 | CF27: ='DOTACION INICIAL'!CE27 -> 2689726.9 | CG27: =+CE27*CF27 -> 0 | CI27: =CF27/1.19 -> 2260274.7
A28: 25 | B28: Cartelera en corcho Medidas: 80 cm largo x 60 cm alto (Este item requiere instalación) Características: diseño tradicional, de alta calidad, resistente y duradera, con marco. Material: Corcho Color Café, plateado | CE28: =SUM(D28:CD28) -> 0 | CF28: ='DOTACION INICIAL'!CE28 -> 125237.94 | CG28: =+CE28*CF28 -> 0 | CI28: =CF28/1.19 -> 105241.96
A29: 26 | B29: CARRETA SUPER LIVIANA ( 16 Kilos) 2 MODOS DE USO (en dos ruedas o en 4 ruedas) Soporta CARGA (300LB ) , HECHA CON MATERIALES ALUMINIO CALIDAD INDUSTRIAL LIVIANOS Y RESISTENTES, DE MUY FACIL PLEGADO, DIMENSIONES: ( 55 CMS, X 53 CMS X 125 CMS), ERGONÓMICO - Reduce el riesgo de lesiones, fatiga y tensión muscular. FUERTE - Capacidad de 300 lb en la posición 4 ruedas. FÁCIL DE MOVER - Llantas Para Trabajo Pesado. FÁCIL DE USAR - conversión rápida con una sola mano, sin tornillos o herramientas. LIGERO - de aluminio de calidad comercial - Fácil de manejar, ideal tanto para la industria,hogar como la oficina.Cargador manual fabricado en aluminio | CE29: =SUM(D29:CD29) -> 0 | CF29: ='DOTACION INICIAL'!CE29 -> 281805.36 | CG29: =+CE29*CF29 -> 0 | CI29: =CF29/1.19 -> 236811.23
A30: 27 | B30: ESTE ITEM REQUIERE INSTALACION. Cartelera Tablero de corcho 112x72cm espesor 3 mm , su cara interior forrada con tela fieltro, color azul oscura y sujeta a la cara posterior del tablero de corcho con pega en la cual la tela cubrirá 10 cm desde el perímetro del tablero.  EL tablero de MDF delgado 112x72cm espesor 3 mm se colocara junta a la cara posterior del tablero de corcho.  Los dos tableros se ubicarán en el lado posterior de la estructura y será enmarcado con un ángulo de aluminio 10 x 10 mm y espesor 1 mm, a la cual se sujetaran ambos elementos con remaches | CE30: =SUM(D30:CD30) -> 0 | CF30: ='DOTACION INICIAL'!CE30 -> 725682.3 | CG30: =+CE30*CF30 -> 0 | CI30: =CF30/1.19 -> 609817.06
A31: 28 | B31: Estiba Plastica Medida: 1.00 x 1.20 x 15 cm Resistencia en estática: Desde 3.000 Kg a 5.000 Kg. Resistencia en dinámica: De 1.000 kg a 1.500 kg Material: Plásticos pos industriales y polipropileno Almacenamiento: Piso, piso y rack. Entradas: Dos y cuatro Superficie: Plana Propiedades: Resistencia al impacto, rigidez, frío y calor. | AG31: 15 | BS31: 20 | CE31: =SUM(D31:CD31) -> 35 | CF31: ='DOTACION INICIAL'!CE31 -> 230146.27 | CG31: =+CE31*CF31 -> 8055119.3 | CI31: =CF31/1.19 -> 193400.22
A32: 29 | B32: Horno Microhondas Trabajo pesado. Especial para dobles porciones. Descongelamiento automático. 10 botones programables en diferentes opciones. Memoria anti fallos de luz. Reloj indicador de gran visibilidad. Apropiado para calentar almuerzos. Capacidad: 0.8 pie cúbico. Dimensiones internas: 33 x 33 x 20 cm. Dimensiones externas: 51 x 36 x 30 cm. Potencia: 1.000 Wh., 110 V. 1 año de garantía Capacidad para 4 portacomidas, hasta de quince 15 centímetros de diámetro. El tiempo promedio para calentar los 4 almuerzos es de 3 minutos | D32: 4 | E32: 3 | AB32: 2 | AC32: 2 | AG32: 3 | BE32: 1 | BH32: 2 | BS32: 8 | BT32: 2 | BU32: 1 | CE32: =SUM(D32:CD32) -> 28 | CF32: ='DOTACION INICIAL'!CE32 -> 1581784.5 | CG32: =+CE32*CF32 -> 44289966 | CI32: =CF32/1.19 -> 1329230.7
A33: 30 | B33: Caja Fuerte Digital 31x20x20cm ( Tesoreria) Teclado, Clave y llave Capacidad 8,5lt Anclaje a piso Modo de apertura: Clave- Llave Picaporte Mecanico Tamaño Pequeña | CE33: =SUM(D33:CD33) -> 0 | CF33: ='DOTACION INICIAL'!CE33 -> 202353.49 | CG33: =+CE33*CF33 -> 0 | CI33: =CF33/1.19 -> 170044.95
A34: 31 | B34: Nevera No frost ( Sala Amiga) Tipo Pequeño Entre 230 y 260 lt de capacacidad Ancho : Entre 55 y 65 cm Alto: Entre 130 cm y 160 Cm Tecnología Home Energy Saver. Cuida el ambiente con el compresor Eco Advance y gas refrigerante R600a. Total Fresh Flow Consumo Energetico 28.2 kWh/mes Control de Temperatura, Luz iterna, sin bandeja de huevos Material de Bandejas en Nevera: Cristal Templado | E34: 1 | AB34: 1 | AG34: 1 | BH34: 1 | BS34: 1 | CE34: =SUM(D34:CD34) -> 5 | CF34: ='DOTACION INICIAL'!CE34 -> 1130154.6 | CG34: =+CE34*CF34 -> 5650773.1 | CI34: =CF34/1.19 -> 949709.77
A35: 32 | B35: Poltrona (Sala Amiga) Poltronas fijas Ancho: 70 centímetros Largo: 65 centímetros Material: Facil de limpiar Alto: 65 centímetros Color a Elección. | D35: 2 | AB35: 2 | AG35: 10 | BH35: 2 | BS35: 2 | CE35: =SUM(D35:CD35) -> 18 | CF35: ='DOTACION INICIAL'!CE35 -> 539138.66 | CG35: =+CE35*CF35 -> 9704495.9 | CI35: =CF35/1.19 -> 453057.7
A36: 33 | B36: Papelera Cuerpo metálico enmallado con tapa Pedal Con capacidad mínima de 10 litros Diseño para baños DEBE PRESENTAR EL PICTOGRAMA O SIMBOLO QUE REPRESENTE LOS RESIDUOS A CONTENER SEGÚN RESOLUCION 2184 de 2019 | AG36: 15 | BU36: 15 | CE36: =SUM(D36:CD36) -> 30 | CF36: ='DOTACION INICIAL'!CE36 -> 78771.908 | CG36: =+CE36*CF36 -> 2363157.2 | CI36: =CF36/1.19 -> 66194.881
A37: 34 | B37: Punto Ecológico Base metálica con tablero tres puestos Mínimo tres contenedores así: Color blanco: Para depositar los residuos aprovechables como plástico, botellas, latas, vidrio, metales, papel y cartón. - Este tipo de caneca debe ir con el nombre de Residuos Aprovechables Color negro: Para depositar residuos no aprovechables como el papel higiénico; servilletas, papeles y cartones contaminados con comida; papeles metalizados, entre otros. -Este tipo de caneca debe ir con el nombre de Residuos No Aprovechables u ordinarios. Color verde: Para depositar residuos orgánicos aprovechables como los restos de comida, desechos agrícolas etc.- Este tipo de caneca debe ir con el nombre de Residuos Orgánicos Capacidad 35 litros Contenedores elaborados en plástico DEBE PRESENTAR EL PICTOGRAMA O SIMBOLO QUE REPRESENTE LOS RESIDUOS A CONTENER SEGÚN RESOLUCION 2184 de 2019 PARA CADA CANECA PERTENECIENTE A LOS PUNTOS ECOLOGICOS | D37: 2 | AG37: 10 | BS37: 6 | CE37: =SUM(D37:CD37) -> 18 | CF37: ='DOTACION INICIAL'!CE37 -> 641847.72 | CG37: =+CE37*CF37 -> 11553259 | CI37: =CF37/1.19 -> 539367.83
A38: 35 | B38: Punto Ecológico con techo 53 litros tres puestos Base metálica Mínimo tres contenedores así: Color blanco: Para depositar los residuos aprovechables como plástico, botellas, latas, vidrio, metales, papel y cartón. - Este tipo de caneca debe ir con el nombre de Residuos Aprovechables Color negro: Para depositar residuos no aprovechables como el papel higiénico; servilletas, papeles y cartones contaminados con comida; papeles metalizados, entre otros. -Este tipo de caneca debe ir con el nombre de Residuos No Aprovechables u ordinarios. Color verde: Para depositar residuos orgánicos aprovechables como los restos de comida, desechos agrícolas etc.- Este tipo de caneca debe ir con el nombre de Residuos Orgánicos Capacidad 53 litros Contenedores elaborados en plástico DEBE PRESENTAR EL PICTOGRAMA O SIMBOLO QUE REPRESENTE LOS RESIDUOS A CONTENER SEGÚN RESOLUCION 2184 de 2019 PARA CADA CANECA PERTENECIENTE A LOS PUNTOS ECOLOGICOS | BM38: 1 | BN38: 1 | BO38: 1 | BP38: 1 | BR38: 1 | BS38: 4 | CE38: =SUM(D38:CD38) -> 9 | CF38: ='DOTACION INICIAL'!CE38 -> 543002.46 | CG38: =+CE38*CF38 -> 4887022.1 | CI38: =CF38/1.19 -> 456304.59
A39: 36 | B39: Contenedor de Basura Elaborado en plástico Tapa con pedal Con ruedas Capacidad de 80 a 85 litros Color Negro Impresión de las palabras “Residuos No aprovechables y Ordinarios” en la cara delantera del contenedor DEBE PRESENTAR EL PICTOGRAMA O SIMBOLO QUE REPRESENTE LOS RESIDUOS A CONTENER SEGÚN RESOLUCION 2184 de 2019 PARA CADA CANECA PERTENECIENTE A LOS PUNTOS ECOLOGICOS | AG39: 4 | BS39: 1 | CE39: =SUM(D39:CD39) -> 5 | CF39: ='DOTACION INICIAL'!CE39 -> 308351.09 | CG39: =+CE39*CF39 -> 1541755.5 | CI39: =CF39/1.19 -> 259118.56
A40: 37 | B40: Contenedor de Basura Elaborado en plástico Tapa con pedal Con ruedas Capacidad de 80 a 85 litros Color Blanco Impresión de las palabras “Residuos No aprovechables y Ordinarios” en la cara delantera del contenedor DEBE PRESENTAR EL PICTOGRAMA O SIMBOLO QUE REPRESENTE LOS RESIDUOS A CONTENER SEGÚN RESOLUCION 2184 de 2019 PARA CADA CANECA PERTENECIENTE A LOS PUNTOS ECOLOGICOS | AG40: 1 | CE40: =SUM(D40:CD40) -> 1 | CF40: ='DOTACION INICIAL'!CE40 -> 308351.09 | CG40: =+CE40*CF40 -> 308351.09 | CI40: =CF40/1.19 -> 259118.56
A41: 38 | B41: Contenedor de Basura Elaborado en plástico Tapa con pedal Con ruedas Capacidad de 80 a 85 litros Color Rojo Impresión de las palabras “Residuos No aprovechables y Ordinarios” en la cara delantera del contenedor DEBE PRESENTAR EL PICTOGRAMA O SIMBOLO QUE REPRESENTE LOS RESIDUOS A CONTENER SEGÚN RESOLUCION 2184 de 2019 PARA CADA CANECA PERTENECIENTE A LOS PUNTOS ECOLOGICOS | BS41: 1 | CE41: =SUM(D41:CD41) -> 1 | CF41: ='DOTACION INICIAL'!CE41 -> 308351.09 | CG41: =+CE41*CF41 -> 308351.09 | CI41: =CF41/1.19 -> 259118.56
A42: 39 | B42: Contenedor de Basura Elaborado en plástico Tapa con pedal Con ruedas Capacidad de 80 a 85 litros Color Verde Impresión de las palabras “Residuos No aprovechables y Ordinarios” en la cara delantera del contenedor DEBE PRESENTAR EL PICTOGRAMA O SIMBOLO QUE REPRESENTE LOS RESIDUOS A CONTENER SEGÚN RESOLUCION 2184 de 2019 PARA CADA CANECA PERTENECIENTE A LOS PUNTOS ECOLOGICOS | AG42: 1 | CE42: =SUM(D42:CD42) -> 1 | CF42: ='DOTACION INICIAL'!CE42 -> 308094.93 | CG42: =+CE42*CF42 -> 308094.93 | CI42: =CF42/1.19 -> 258903.3
B43: TOTAL ELEMENTOS POR SEDE | D43: =SUM(D4:D42) -> 22 | E43: =SUM(E4:E42) -> 44 | F43: =SUM(F4:F42) -> 0 | G43: =SUM(G4:G42) -> 0 | H43: =SUM(H4:H42) -> 0 | I43: =SUM(I4:I42) -> 0 | J43: =SUM(J4:J42) -> 0 | K43: =SUM(K4:K42) -> 0 | ... CE43: =SUM(CE4:CE42) -> 700 | CG43: =SUM(CG4:CG42) -> 2.2954917e+08
A44: ELEMENTOS ADICIONALES
A45: 40 | B45: TV 70 pulgadas 4K-UHD LED Smart TV, cuenta con un procesador Crystal el cual escala con inteligencia artificial las imágenes hasta 4K | CE45: =SUM(E45:CD45) -> 0 | CF45: ='EM NO PREVISTOS'!N3 -> 8364645.6 | CG45: =+CE45*CF45 -> 0 | CI45: =CF45/1.19 -> 7029113.9
A46: 41 | B46: kit Mesa redonda de juntas de 4 puestos en madera. incluye sillas tipo gerencial ergonomica tapizada en cuero sintético negro de excelente calidad. | CE46: =SUM(E46:CD46) -> 0 | CF46: ='EM NO PREVISTOS'!N4 -> 6015240.5 | CG46: =+CE46*CF46 -> 0 | CI46: =CF46/1.19 -> 5054824
A47: 42 | B47: Escritorio TAU Presidente enchapado .Superficie en tablex 30 mm tintillado y lacado color a escoger por la ESAP. accesorios de amarre tipo pedestal en acero inoxidable tipo botón. pedestales con incrustación en U y dilatación en la parte superior. Frente curvo 2.10x0.90 retorno 1.20x0.60. c/archivo fijo 3 servicios c/niveladores | CE47: =SUM(E47:CD47) -> 0 | CF47: ='EM NO PREVISTOS'!N5 -> 4975405.1 | CG47: =+CE47*CF47 -> 0 | CI47: =CF47/1.19 -> 4181012.7
A48: 43 | B48: Ventilador de Torre ideal con 3 Velocidades ideales para ambientar tu espacio favorito. Temporizador electrónico que permite programar su apagado hasta por 7 horas Cuenta con Control Remoto ultra delgado y compacto para que el ventilador sea ajustado y programado desde la distancia. | CE48: =SUM(E48:CD48) -> 0 | CF48: ='EM NO PREVISTOS'!N6 -> 565341.79 | CG48: =+CE48*CF48 -> 0 | CI48: =CF48/1.19 -> 475077.13
A49: 45 | B49: mesa de centro 50 x 50 x 30 en madera natural. | CE49: =SUM(E49:CD49) -> 0 | CF49: ='EM NO PREVISTOS'!N7 -> 1084557 | CG49: =+CE49*CF49 -> 0 | CI49: =CF49/1.19 -> 911392.41
A50: 46 | B50: sofa cuero sintetico de alta calidad de 3 puestos 2,20 x 0,80 m, estructura en madera con relleno de espuma de alta elasticidad y fibras de poliéster. | CE50: =SUM(E50:CD50) -> 0 | CF50: ='EM NO PREVISTOS'!N8 -> 3457025.3 | CG50: =+CE50*CF50 -> 0 | CI50: =CF50/1.19 -> 2905063.3
A51: 47 | B51: Escritorio gerencial 2,20 x 0,75 con credenza de 1.80 x 50 formica f8, incluye archivador con tres cajones y silla tipo gerencial tipo KYOTO con: - mecanismo de espalda basculante - grduacion de altura en asiento - ajuste para tensionar la espalda - apoyo lumbar fijo - brazos fijo - asiento en paño color negro - espalda en malla negra | CE51: =SUM(E51:CD51) -> 0 | CF51: ='EM NO PREVISTOS'!N9 -> 9246300 | CG51: =+CE51*CF51 -> 0 | CI51: =CF51/1.19 -> 7770000
A52: 48 | B52: Videoproyector con conectividad inalambrica, pantalla de más de 100" con calidad excepcional y excelente brillo para situaciones de gran luz ambiental o artificial. a tecnología 3LCD ofrece imágenes claras, brillantes y llenas de color. Su luminosidad de 4.000 lúmenes en color1 y 4.000 lúmenes en blanco lo convierten en lamejor opción. Su resolución WXGA de 1.280 px x 800 px es ideal para presentaciones de gran calidad. - Excelente calidad: resolución nativa WXGA (1.280 px x 800 px). Ideal para presentaciones multimedia. - Ajustes de imagen simples e instantáneos: - Lámpara con una duración hasta de 12.000 horas - Conectividad inalámbrica: para dispositivos móviles - colores hasta 3 veces más brillantes, La tecnología 3LCD permite un balance más exacto entre la luz blanca y la de color, para proyecciones realmente naturales | BS52: 10 | CE52: =SUM(E52:CD52) -> 10 | CF52: ='EM NO PREVISTOS'!N10 -> 10371076 | CG52: =+CE52*CF52 -> 1.0371076e+08 | CI52: =CF52/1.19 -> 8715189.9
A53: 49 | B53: cable HDMI 4K de alta velocidad, de 8 metros de largo, es perfecto para transmisión de señales digitales de audio y de vídeo, se garantiza una transmisión de señal fiable a resoluciones hasta 4K (4096 x 2160 / 3840 x 2160 a 30 Hz) | BS53: 30 | CE53: =SUM(E53:CD53) -> 30 | CF53: ='EM NO PREVISTOS'!N11 -> 196592.42 | CG53: =+CE53*CF53 -> 5897772.6 | CI53: =CF53/1.19 -> 165203.71
A54: 50 | B54: dispensador de agua de piso con purificador sin botellon, Agua 99,9% libre de impurezas y contaminantes, Disponibilidad constante de agua, para conectar a la red hidraulica, Agua Fría y Caliente | BS54: 3 | CE54: =SUM(E54:CD54) -> 3 | CF54: ='EM NO PREVISTOS'!N12 -> 5195027.8 | CG54: =+CE54*CF54 -> 15585084 | CI54: =CF54/1.19 -> 4365569.6
B55: TOTAL ELEMENTOS POR SEDE | D55: =SUM(D16:D54) -> 32 | E55: =SUM(E16:E54) -> 68 | F55: =SUM(F16:F54) -> 0 | G55: =SUM(G16:G54) -> 0 | H55: =SUM(H16:H54) -> 0 | I55: =SUM(I16:I54) -> 0 | J55: =SUM(J16:J54) -> 0 | K55: =SUM(K16:K54) -> 0 | ... CD55: =SUM(CD16:CD54) -> 0 | CE55: =SUM(CE45:CE54) -> 43 | CG55: =SUM(CG45:CG54) -> 1.2519362e+08
B56: TOTAL ELEMENTOS POR SEDE | D56: =+D55+D43 -> 54 | E56: =+E55+E43 -> 112 | F56: =+F55+F43 -> 0 | G56: =+G55+G43 -> 0 | H56: =+H55+H43 -> 0 | I56: =+I55+I43 -> 0 | J56: =+J55+J43 -> 0 | K56: =+K55+K43 -> 0 | ... CE56: =+CE55+CE43 -> 743 | CG56: =+CG43+CG55 -> 3.5474279e+08
CF58: TOTAL CONTRATO | CG58: 1428076471
CF60: MONTO TOTAL CON MODIFICACIONES | CG60: ='DOTACION ACTUALIZADA'!CG56 -> 1.3642922e+09
CF62: TOTAL EJECUTADO (%) | CG62: =CG56/CG60 -> 0.26001965

Sheet BALANCE SEGUNDA ENTREGA
A2: ITEM | B2: ELEMENTO | C2: FOTO DE SIMILAR O REFERENCIA | D2: ANTIOQUIA | E2: CHOCO | F2: ATLANTICO | L2: BOLIVAR | AB2: BOYACA | AE2: CALDAS | AG2: CUNDINAMARCA | AH2: CAUCA | AO2: HUILA | BA2: META | BC2: NARIÑO | BD2: NORTE DE SANTANDER | BI2: RISARALDA | BK2: SANTANDER | BS2: SEDE CENTRAL | BV2: TOLIMA | BW2: VALLE | CE2: CANTIDADES TOTALES | CF2: VALOR UNITARIO INCLUIDO IVA | CG2: VALOR TOTAL INCLUIDO IVA
D3: MEDELLIN | E3: QUIBDO | F3: BARRANQUILLA | G3: MALAMBO | H3: SANTA MARTA | I3: VALLEDUPAR | J3: VILLANUEVA | K3: SUAN | L3: CARTAGENA | M3: SINCELEJO | N3: LA UNION | O3: LORICA | P3: TIERRA ALTA | Q3: San Andres | R3: MAGANGUE | S3: SAN ANDRES | T3: MONTERIA | U3: MONPOX | V3: MAJAGUAL | W3: CARMEN DE BOLIVAR | X3: COROZAL | Y3: SAN ANTERO | Z3: SAHAGUN | AA3: RESGUARDO INDIGENA | AB3: TUNJA | AC3: MONIQUIRA | AD3: SOGAMOSO | AE3: MANIZALES | AF3: LA DORADA | AG3: FUSAGASUGA | AH3: POPAYAN | AI3: MIRANDA | AJ3: BORDO | AK3: SANTANDER DE QUILICHAO | AL3: ROSAS | AM3: SILVA | AN3: CALDONO | AO3: NEIVA | AP3: ALGECIRAS | AQ3: LA PLATA | AR3: GARZON | AS3: ACEVEDO | AT3: PITALITO | AU3: FLORENCIA | AV3: PAUJIL | AW3: SAN VICENTE | AX3: MOCOA | AY3: ORITO | AZ3: PUERTO ASIS | BA3: VILLAVICENCIO | BB3: SAN JOSE DEL GUAVIARE | BC3: PASTO | BD3: ARAUQUITA | BE3: ARAUCA | BF3: TAME | BG3: OCAÑA | BH3: CUCUTA | BI3: DOS QUEBRADAS | BJ3: ARMENIA | BK3: BUCARAMANGA | BL3: SANTA ROSA DEL SUR | BM3: SAN GIL | BN3: OIBA | BO3: BARRRANCABERMEJA | BP3: CIMITARRA | BQ3: PUENTE NACIONAL | BR3: MALAGA | BS3: SEDE CENTRAL | BT3: ROSALES | BU3: TEUSAQUILLO | BV3: IBAGUE | BW3: CALI | BX3: BUENAVENTURA | BY3: CARTAGO | BZ3: TULUA | CA3: SEVILLA | CB3: PRADERA | CC3: PALMIRA | CD3: BUGA
A4: 1 | B4: Silla giratoria ergonómica con brazos, Ancho: 61 cm., Altura: 102 cm – 115 cm., Altura asiento: 45 cm – 58 cm., Profundidad asiento: 61 cm, Tapizada en paño hilat, color a seleccionar por la ESAP, con carcazas en la espalda y asiento, Acabado en textil Hilat o similar, asiento en espuma inyectada densidad 45, espalda en espuma laminada de alta densidad 50 mm de espesor, carcasas asiento y espalda media en polipropileno, brazos en nylon Graduables. Mecanismo Contacto permanente, que reclina la espalda de 88 hasta 105 grados permitiendo que los pies permanezcan apoyados en el piso, sistema que permite graduar la altura de la espalda y la profundidad del asiento, columna neumática que amortigua los movimientos del cuerpo y permite ajustar la altura, telescopio protector de columna, base en nylon de cinco aspas, rodachinas doble rueda. GARANTIA DOS (2) AÑOS | E4: 8 | F4: 12 | G4: 1 | H4: 3 | I4: 4 | J4: 2 | K4: 1 | M4: 3 | AG4: 20 | AH4: 10 | BC4: 35 | BI4: 10 | BW4: 20 | CE4: =SUM(D4:CD4) -> 129 | CF4: ='DOTACION INICIAL'!CE4 -> 304009.1 | CG4: =+CE4*CF4 -> 39217173
A5: 2 | B5: Silla giratoria ergonómica sin brazos, Ancho: 61 cm., Altura: 102 cm – 115 cm., Altura asiento: 45 cm – 58 cm., Profundidad asiento: 61 cm, Tapizada en paño hilat, color a seleccionar por la ESAP, con carcazas en la espalda y asiento, Acabado en textil Hilat o similar, asiento en espuma inyectada densidad 45, espalda en espuma laminada de alta densidad 50 mm de espesor, carcasas asiento y espalda media en polipropileno, brazos en nylon Graduables. Mecanismo Contacto permanente, que reclina la espalda de 88 hasta 105 grados permitiendo que los pies permanezcan apoyados en el piso, sistema que permite graduar la altura de la espalda y la profundidad del asiento, columna neumática que amortigua los movimientos del cuerpo y permite ajustar la altura, telescopio protector de columna, base en nylon de cinco aspas, rodachinas doble rueda. GARANTIA DOS (2) AÑOS | D5: 20 | E5: 10 | AG5: 6 | BA5: 15 | CE5: =SUM(D5:CD5) -> 51 | CF5: ='DOTACION INICIAL'!CE5 -> 266118.44 | CG5: =+CE5*CF5 -> 13572041
A6: 3 | B6: Silla gerencial, Ancho: 71 cm., Altura: 117 cm – 126 cm., Altura asiento: 43 cm – 52 cm., Profundidad asiento: 68 cm., asiento en espuma de alta densidad forrado en paño color a seleccionar por la entidad, espaldar en malla elastica con carcaza en polipropileno y fibra de vidrio, asiento, espaldar y apoya brazos de altura ajustables, espladar con inclinación ajustable, Ajuste del respaldo lumbar y apoya cabeza en altura y posición, base en acero cromado de cinco aspas con rodachines . REF ROMA | D6: 3 | E6: 1 | F6: 6 | H6: 3 | I6: 3 | AE6: 1 | AG6: 2 | AH6: 3 | AO6: 30 | BA6: 1 | BI6: 1 | BK6: 30 | BV6: 35 | BW6: 1 | CE6: =SUM(D6:CD6) -> 120 | CF6: ='DOTACION INICIAL'!CE6 -> 593133.63 | CG6: =+CE6*CF6 -> 71176036
A7: 4 | B7: Silla interlocutora fija con brazos, Tapizada en paño hilat- con carcazas en la espalda y asiento, base tubo metálica, Silla Interlocutora, Acabado en paño Hilat o similar, asiento en espuma inyectada densidad 45, espalda en espuma laminada de alta densidad 50 mm de espesor, bastidores y carcazas en polipropileno, con brazos, estructura en tubo elíptico 14 * 24 mm., pintura epoxi poliéster de aplicación electrostática. DOS (2) AÑOS de Garantía. | CE7: =SUM(D7:CD7) -> 0 | CF7: ='DOTACION INICIAL'!CE7 -> 241586.03 | CG7: =+CE7*CF7 -> 0
A8: 5 | B8: Archivador Metalico cuatro gavetas, capacidad aprox. 60 carpetas por gaveta. | E8: 8 | F8: 1 | G8: 1 | H8: 1 | I8: 4 | J8: 1 | K8: 1 | L8: 4 | M8: 2 | CE8: =SUM(D8:CD8) -> 23 | CF8: ='DOTACION INICIAL'!CE8 -> 740121.55 | CG8: =+CE8*CF8 -> 17022796
A9: 6 | B9: ESTE ITEM REQUIERE INSTALACION. Archivo de dos modulos rodantes manual y dos fijos laterales: Parales de 2.00 alto y entrepaños de 0.30 frente mts de fondo x 1,0 de frente, con dobles tope de espaldar y refuerzo, fabricados en lámina CR C16 y C20 respectivamente, con una resistencia de 80 kg peso repartido. Acabos frontales en lámina CR cal 18 en pintura electrostática, color a elegir por la ESAP, puerta con cerradura. Desplazamiento de módulos móviles manualmente, sobre bases y rieles fabricados en ángulo de 1 1/2" x 3/16 de pulgada, accionados mediante manija de empuje manual sobre las ruedas de tracción macizas de hierro maquinado, que incluyen rodamientos sellados de 3,5" de diámetro. Tensores en platina de 3/4 * 1/8 de pulgada. El archivo estará compuesto por dos unidades de consulta fijas y una doble rodante, con una puerta. Las UDC de consulta fijas medirán en su interior 1.0 de frente x 0.30 de fondo x 2.0 m de alto y el panel frontal será de 0,35 de frente por 2,0 de alto y las dobles rodantes serán cada una de 1,0 de frente x 0,60 de fondo (2 de 0,30 m) y 2,0 de alto y el panel frontal será de 0,75 x 2,0 m, la puerta será de 0,75 de frente por 2,0 de alto con llave. Espacios para carpetas tamaño oficio y AZ- Oficio. GARANTIA 2 AÑOS. | AG9: 2 | CE9: =SUM(D9:CD9) -> 2 | CF9: ='DOTACION INICIAL'!CE9 -> 2766256.3 | CG9: =+CE9*CF9 -> 5532512.6
A10: 7 | B10: Silla fija, Ancho: 54 cm, Altura: 81 cm., Altura asiento: 46 cm, Profundidad asiento: 46 cm, con carcazas en la espalda y asiento, base tubo metálica, Acabado en paño Hilat o similar, asiento en espuma inyectada densidad 45, espalda en espuma laminada de alta densidad 50 mm de espesor, bastidores y carcazas en polipropileno, sin brazos, estructura en tubo elíptico 14 * 24 mm., pintura epoxi poliéster de aplicación electrostática. DOS (2) AÑOS de Garantía. | AH10: 60 | CE10: =SUM(D10:CD10) -> 60 | CF10: ='DOTACION INICIAL'!CE10 -> 184083.41 | CG10: =+CE10*CF10 -> 11045005
A11: 8 | B11: Silla universitaria con brazo escualizable, Tapizada en paño hilat- con carcazas en la espalda y asiento, base tubo metálica, con carcazas en la espalda y asiento, base tubo metálica, Acabado en paño Hilat o similar, asiento en espuma inyectada densidad 45, espalda en espuma laminada de alta densidad 50 mm de espesor, bastidores y carcazas en polipropileno, con brazos, estructura en tubo elíptico 14 * 24 mm., pintura epoxi poliéster de aplicación electrostática. DOS (2) AÑOS de Garantía. | AE11: 20 | AH11: 40 | BC11: 50 | CE11: =SUM(D11:CD11) -> 110 | CF11: ='DOTACION INICIAL'!CE11 -> 281639.41 | CG11: =+CE11*CF11 -> 30980335 | CH11: ok
A12: 9 | B12: Escritorio rectangular para profesor,( 1.60 m de largo x 0.60 ancho) con dos gavetas, bandeja portacables troquelada, superficie en aglomerado, formica y canto en PVC, estructura en lámica C.R. con pintura al horno, faldera en lámina C.R. troquelada | E12: 10 | AH12: 4 | CE12: =SUM(D12:CD12) -> 14 | CF12: ='DOTACION INICIAL'!CE12 -> 688959.76 | CG12: =+CE12*CF12 -> 9645436.7
A13: 10 | B13: ESTE ITEM REQUIERE INSTALACION. Tablero en acrilico fijado a muro, medidas: 2.40 x 1.20 m., con porta borrador enmarcado, con esquinas perfectamente de lineadas, ángulos perfectos, sin bordes cortantes ni filos, bordes recubiertos por protectores plásticos, al borrar no debe quedar huella Base en aglomerado de 9 mm con balance Enchapado con fórmica, pizarrón blanca, Marco en perfil de aluminio crudo Esquineros en polipropileno redondeados. | G13: 6 | I13: 6 | AE13: 1 | AG13: 3 | CE13: =SUM(D13:CD13) -> 16 | CF13: ='DOTACION INICIAL'!CE13 -> 225588.28 | CG13: =+CE13*CF13 -> 3609412.5
A14: 11 | B14: ESTE ITEM REQUIERE INSTALACION.Tablero en acrilico fijado a muro, medidas: 80cm x 60 cm, con portaborrador enmarcado, con esquinas perfectamente de lineadas, ángulos perfectos, sin bordes cortantes ni filos, bordes recubiertos por protectores plásticos, al borrar no debe quedar huella Base en aglomerado de 9 mm con balance Enchapado con fórmica, pizarrón blanca, Marco en perfil de aluminio crudo Esquineros en polipropileno redondeados. | BI14: 4 | BJ14: 3 | BK14: 4 | CE14: =SUM(D14:CD14) -> 11 | CF14: ='DOTACION INICIAL'!CE14 -> 118393.85 | CG14: =+CE14*CF14 -> 1302332.3
A15: 12 | B15: ESTE ITEM REQUIERE INSTALACION. Tablero en acrilico fijado a muro, medidas: 80cm x 120 cm, con portaborrador enmarcado, con esquinas perfectamente de lineadas, ángulos perfectos, sin bordes cortantes ni filos, bordes recubiertos por protectores plásticos, al borrar no debe quedar huella Base en aglomerado de 9 mm con balance Enchapado con fórmica, pizarrón blanca, Marco en perfil de aluminio crudo Esquineros en polipropileno redondeados. | AE15: 10 | CE15: =SUM(D15:CD15) -> 10 | CF15: ='DOTACION INICIAL'!CE15 -> 174515.38 | CG15: =+CE15*CF15 -> 1745153.8
A16: 13 | B16: Tablero fabricado en mdf de 9mm y laminado en formica blanca para escritura con marcador borrable, medidas 80*120 cms. Estructura movil fabricada en tubo de 2" x 1" , ruedas con freno medida total de la estructura incluido el tablero 185 * 120 cms. Acabados en pintura electrostatica negra o gris. | CE16: =SUM(D16:CD16) -> 0 | CF16: ='DOTACION INICIAL'!CE16 -> 245933.89 | CG16: =+CE16*CF16 -> 0
A17: 14 | B17: ESTE ITEM REQUIERE INSTALACION. Puestos de trabajo autosoportados (1.20 m. de lado x 0.60 m. ancho) con cajonera 2x1 con cerradura, superficie en aglomerado cara superior en fórmica de alta calidad F8 o superior, superficie inferior en balance Backer para evitar pandeos y proteger de la humedad y canto en PVC, erstructura en lámina de acero CR con pintura electroestática, pantalla en vidrio sandblasting (2) h= 0.40 m. y soportes en acero, faldero en lámica C.R. troquelado con pintura electtoestética. Bandeja portacables en lámica C.R. troquelada y pintura electroestática. Perforación rematada por un pasa cables de material plástico o similar que atraviese la superficie. | G17: 1 | K17: 1 | CE17: =SUM(D17:CD17) -> 2 | CF17: ='DOTACION INICIAL'!CE17 -> 1256921.4 | CG17: =+CE17*CF17 -> 2513842.7
A18: 15 | B18: ESTE ITEM REQUIERE INSTALACION.Estantes metálicos fijados a muro o piso, h=2m. L=0,90m, a=0.30m, con 5 entrepaños y tapa superior, Anaqueles o bandejas en lámina de hierro calibre 1/32″ o chapa 22. Angulos ranurados de lámina de hierro espesor 1/16″ y 2.0mm., terminados con pintura electrostática. | E18: 10 | F18: 8 | G18: 1 | H18: 3 | I18: 5 | J18: 1 | K18: 1 | AH18: 5 | AO18: 3 | CE18: =SUM(D18:CD18) -> 37 | CF18: ='DOTACION INICIAL'!CE18 -> 318845.66 | CG18: =+CE18*CF18 -> 11797289
A19: 16 | B19: Kit Base y asta en madera para Bandera Moharra en bronce, brillante. Base en madera 4 niveles. Asta en madera de 2.20 Cms por 6 Cms de diámetro. | CE19: =SUM(D19:CD19) -> 0 | CF19: ='DOTACION INICIAL'!CE19 -> 169191.21 | CG19: =+CE19*CF19 -> 0
A20: 17 | B20: BANDERA DE LA ESAP 100% poliéster (+/-2%) tipo de ligamento tafetán peso: (78 gr/m2) (117 gr/m) +/-5% ancho útil 150 (+/-2cm) encogimiento 2% urdido y trama solidez al lavado 4-5, solidez a la luz 4-5 Anclajes laterales con mínimo 3 ojales metálicos costura en hilo industrial no. 40dobles al margen para cabo de izado doble con refuerzo interno. Garantía: 6 meses contra defectos de fabricación Se debe incluir el nombre de la empresa fabricante, fecha de fabricación, mediante la colocación de una etiqueta de 2×5 cm en el reverso, en la manga (borde) de la bandera. logotipo: Aplicado en el centro de la bandera pegado y cocido puede ser sublimado oserigrafiado de acuerdo al requerimiento de la entidad. Medidas: 3.00m X 2.00m | CE20: =SUM(D20:CD20) -> 0 | CF20: ='DOTACION INICIAL'!CE20 -> 243471.8 | CG20: =+CE20*CF20 -> 0
A21: 18 | B21: BANDERA DE COLOMBIA 100% poliéster (+/-2%) tipo de ligamento tafetán peso: (78 gr/m2) (117 gr/m) +/-5% ancho útil 150 (+/-2cm) encogimiento 2% urdido y trama solidez al lavado 4-5, solidez a la luz 4-5 Anclajes laterales con mínimo 3 ojales metálicos costura en hilo industrial no. 40dobles al margen para cabo de izado doble con refuerzo interno. Garantía: 6 meses contra defectos de fabricación Se debe incluir el nombre de la empresa fabricante, fecha de fabricación, mediante la colocación de una etiqueta de 2×5 cm en el reverso, en la manga (borde) de la bandera. logotipo: Aplicado en el centro de la bandera pegado y cocido puede ser sublimado oserigrafiado de acuerdo al requerimiento de la entidad. Medidas: 3.00m X 2.00m | CE21: =SUM(D21:CD21) -> 0 | CF21: ='DOTACION INICIAL'!CE21 -> 252360.22 | CG21: =+CE21*CF21 -> 0
A22: 19 | B22: BANDERA DEPARTAMENTAL 100% poliéster (+/-2%) tipo de ligamento tafetán peso: (78 gr/m2) (117 gr/m) +/-5% ancho útil 150 (+/-2cm) encogimiento 2% urdido y trama solidez al lavado 4-5, solidez a la luz 4-5 Anclajes laterales con mínimo 3 ojales metálicos costura en hilo industrial no. 40dobles al margen para cabo de izado doble con refuerzo interno. Garantía: 6 meses contra defectos de fabricación Se debe incluir el nombre de la empresa fabricante, fecha de fabricación, mediante la colocación de una etiqueta de 2×5 cm en el reverso, en la manga (borde) de la bandera. logotipo: Aplicado en el centro de la bandera pegado y cocido puede ser sublimado oserigrafiado de acuerdo al requerimiento de la entidad. Medidas: 3.00m X 2.00m | CE22: =SUM(D22:CD22) -> 0 | CF22: ='DOTACION INICIAL'!CE22 -> 252360.22 | CG22: =+CE22*CF22 -> 0
A23: 20 | B23: Basurera: Alto: 30 cms. Frente: 25 cms. Estructura: Lámina lisa cr c20. Fondo: lámina lisa cr c22. Peso: 1.86 kg. Acabado: pintura electrostática previo desengrase y fosfatado. Colores: estándar aluminios, gris nopal, gris tronado y negro | F23: 12 | G23: 2 | H23: 2 | I23: 2 | J23: 2 | K23: 2 | BC23: 20 | CE23: =SUM(D23:CD23) -> 42 | CF23: ='DOTACION INICIAL'!CE23 -> 81133.563 | CG23: =+CE23*CF23 -> 3407609.6
A24: 21 | B24: Ventilador de pedestal/pie de 18” portátil, 3 velocidades, Ventilador de pie con 5 aspas y asa ergonómica integrada para transportarlo, Oscilación automática para una mayor difusión del aire; orientación y altura ajustable, Rejilla reforzada para la seguridad infantil que impide introducir una mano o un dedo en las aspas, ruido 45 dB(A), material: metal platico, con 5 aspas y asa ergonómica integrada para transportarlo | F24: 5 | G24: 5 | H24: 10 | I24: 10 | L24: 10 | M24: 10 | AE24: 30 | BI24: 18 | BJ24: 7 | BK24: 2 | BV24: 10 | BW24: 20 | CE24: =SUM(D24:CD24) -> 137 | CF24: ='DOTACION INICIAL'!CE24 -> 139159.88 | CG24: =+CE24*CF24 -> 19064904
A25: 22 | B25: Conjunto de mesa para exterior en madera teka tratada para soportar la intemperie, sillas incluidas (4 personas) en el mismo material. Con sombrilla en tela polyester lavable de armado sencillo, y con traba de seguridad | G25: 2 | AG25: 4 | AH25: 10 | BI25: 6 | BS25: 12 | BV25: 4 | CE25: =SUM(D25:CD25) -> 38 | CF25: ='DOTACION INICIAL'!CE25 -> 2077723.2 | CG25: =+CE25*CF25 -> 78953481
A26: 23 | B26: Silla de ruedas Estructura en acero cromado. Plegable, apoya brazos abatibles. Tapiz de respaldo en Engomado 600 relleno en espuma densidad 25. Tapiz de asiento en lona impermeable con refuerzo tejido de fibra. Apoya pies desmontables de altura regulable. Ruedas delanteras 7” maciza. Ruedas traseras aro 24, aro propulsor y freno Ancho del asiento: 44cm. Y 40 cm. Profundidad del asiento: 40 cm. | H26: 1 | L26: 1 | M26: 1 | AG26: 2 | CE26: =SUM(D26:CD26) -> 5 | CF26: ='DOTACION INICIAL'!CE26 -> 387913.18 | CG26: =+CE26*CF26 -> 1939565.9
A27: 24 | B27: Escaleras Dieléctricas - Fibra de Vidrio Cumplen con las normas ANSI 14.2 - AUTOSOPORTADA TIPO TIJERA Rango de Medidas DE 0,91 m hasta 6,10 m Material largueros PLASTICO REFORZADO CON FIBRA DE VIDRIO Material peldaños ALUMINIO Capacidad de carga 300 lb - 136 kg Numero de secciones 1 Tipo de escalera IA Capacidad dieléctrica C.A.90.000 V C.D. 25.000 V Elaboración FABRICADO BAJO NORMA ANSI ASC A14.5:2017 Accesorios Bandeja plástica, Zapatas antideslizantes | CE27: =SUM(D27:CD27) -> 0 | CF27: ='DOTACION INICIAL'!CE27 -> 2689726.9 | CG27: =+CE27*CF27 -> 0
A28: 25 | B28: Cartelera en corcho Medidas: 80 cm largo x 60 cm alto (Este item requiere instalación) Características: diseño tradicional, de alta calidad, resistente y duradera, con marco. Material: Corcho Color Café, plateado | F28: 2 | I28: 2 | AH28: 1 | BC28: 5 | BV28: 2 | CE28: =SUM(D28:CD28) -> 12 | CF28: ='DOTACION INICIAL'!CE28 -> 125237.94 | CG28: =+CE28*CF28 -> 1502855.3
A29: 26 | B29: CARRETA SUPER LIVIANA ( 16 Kilos) 2 MODOS DE USO (en dos ruedas o en 4 ruedas) Soporta CARGA (300LB ) , HECHA CON MATERIALES ALUMINIO CALIDAD INDUSTRIAL LIVIANOS Y RESISTENTES, DE MUY FACIL PLEGADO, DIMENSIONES: ( 55 CMS, X 53 CMS X 125 CMS), ERGONÓMICO - Reduce el riesgo de lesiones, fatiga y tensión muscular. FUERTE - Capacidad de 300 lb en la posición 4 ruedas. FÁCIL DE MOVER - Llantas Para Trabajo Pesado. FÁCIL DE USAR - conversión rápida con una sola mano, sin tornillos o herramientas. LIGERO - de aluminio de calidad comercial - Fácil de manejar, ideal tanto para la industria,hogar como la oficina.Cargador manual fabricado en aluminio | E29: 1 | H29: 1 | AG29: 3 | AH29: 1 | BI29: 1 | BS29: 1 | BW29: 1 | CE29: =SUM(D29:CD29) -> 9 | CF29: ='DOTACION INICIAL'!CE29 -> 281805.36 | CG29: =+CE29*CF29 -> 2536248.2
A30: 27 | B30: ESTE ITEM REQUIERE INSTALACION. Cartelera Tablero de corcho 112x72cm espesor 3 mm , su cara interior forrada con tela fieltro, color azul oscura y sujeta a la cara posterior del tablero de corcho con pega en la cual la tela cubrirá 10 cm desde el perímetro del tablero.  EL tablero de MDF delgado 112x72cm espesor 3 mm se colocara junta a la cara posterior del tablero de corcho.  Los dos tableros se ubicarán en el lado posterior de la estructura y será enmarcado con un ángulo de aluminio 10 x 10 mm y espesor 1 mm, a la cual se sujetaran ambos elementos con remaches | F30: 2 | G30: 1 | H30: 1 | I30: 2 | J30: 1 | K30: 2 | AH30: 5 | AO30: 1 | BC30: 5 | BK30: 2 | BW30: 4 | CE30: =SUM(D30:CD30) -> 26 | CF30: ='DOTACION INICIAL'!CE30 -> 725682.3 | CG30: =+CE30*CF30 -> 18867740
A31: 28 | B31: Estiba Plastica Medida: 1.00 x 1.20 x 15 cm Resistencia en estática: Desde 3.000 Kg a 5.000 Kg. Resistencia en dinámica: De 1.000 kg a 1.500 kg Material: Plásticos pos industriales y polipropileno Almacenamiento: Piso, piso y rack. Entradas: Dos y cuatro Superficie: Plana Propiedades: Resistencia al impacto, rigidez, frío y calor. | F31: 1 | H31: 1 | I31: 1 | AH31: 5 | AO31: 4 | BA31: 3 | BW31: 2 | CE31: =SUM(D31:CD31) -> 17 | CF31: ='DOTACION INICIAL'!CE31 -> 230146.27 | CG31: =+CE31*CF31 -> 3912486.5
A32: 29 | B32: Horno Microhondas Trabajo pesado. Especial para dobles porciones. Descongelamiento automático. 10 botones programables en diferentes opciones. Memoria anti fallos de luz. Reloj indicador de gran visibilidad. Apropiado para calentar almuerzos. Capacidad: 0.8 pie cúbico. Dimensiones internas: 33 x 33 x 20 cm. Dimensiones externas: 51 x 36 x 30 cm. Potencia: 1.000 Wh., 110 V. 1 año de garantía Capacidad para 4 portacomidas, hasta de quince 15 centímetros de diámetro. El tiempo promedio para calentar los 4 almuerzos es de 3 minutos | F32: 2 | L32: 2 | M32: 3 | AE32: 4 | AH32: 4 | AO32: 2 | BA32: 4 | BC32: 2 | BI32: 2 | BK32: 2 | BV32: 1 | BW32: 2 | CE32: =SUM(D32:CD32) -> 30 | CF32: ='DOTACION INICIAL'!CE32 -> 1581784.5 | CG32: =+CE32*CF32 -> 47453535
A33: 30 | B33: Caja Fuerte Digital 31x20x20cm ( Tesoreria) Teclado, Clave y llave Capacidad 8,5lt Anclaje a piso Modo de apertura: Clave- Llave Picaporte Mecanico Tamaño Pequeña | E33: 1 | BI33: 1 | BS33: 1 | BU33: 1 | BW33: 1 | CE33: =SUM(D33:CD33) -> 5 | CF33: ='DOTACION INICIAL'!CE33 -> 202353.49 | CG33: =+CE33*CF33 -> 1011767.4
A34: 31 | B34: Nevera No frost ( Sala Amiga) Tipo Pequeño Entre 230 y 260 lt de capacacidad Ancho : Entre 55 y 65 cm Alto: Entre 130 cm y 160 Cm Tecnología Home Energy Saver. Cuida el ambiente con el compresor Eco Advance y gas refrigerante R600a. Total Fresh Flow Consumo Energetico 28.2 kWh/mes Control de Temperatura, Luz iterna, sin bandeja de huevos Material de Bandejas en Nevera: Cristal Templado | D34: 1 | H34: 1 | I34: 3 | M34: 1 | AE34: 1 | AH34: 1 | AO34: 1 | BA34: 1 | BC34: 1 | BI34: 1 | BK34: 2 | BV34: 1 | BW34: 1 | CE34: =SUM(D34:CD34) -> 16 | CF34: ='DOTACION INICIAL'!CE34 -> 1130154.6 | CG34: =+CE34*CF34 -> 18082474
A35: 32 | B35: Poltrona (Sala Amiga) Poltronas fijas Ancho: 70 centímetros Largo: 65 centímetros Material: Facil de limpiar Alto: 65 centímetros Color a Elección. | E35: 4 | F35: 2 | H35: 2 | I35: 2 | L35: 2 | AE35: 2 | AH35: 2 | AO35: 2 | BA35: 2 | BC35: 6 | BI35: 3 | BK35: 4 | BV35: 2 | BW35: 2 | CE35: =SUM(D35:CD35) -> 37 | CF35: ='DOTACION INICIAL'!CE35 -> 539138.66 | CG35: =+CE35*CF35 -> 19948130
A36: 33 | B36: Papelera Cuerpo metálico enmallado con tapa Pedal Con capacidad mínima de 10 litros Diseño para baños DEBE PRESENTAR EL PICTOGRAMA O SIMBOLO QUE REPRESENTE LOS RESIDUOS A CONTENER SEGÚN RESOLUCION 2184 de 2019 | F36: 5 | G36: 1 | H36: 3 | I36: 3 | J36: 1 | K36: 1 | L36: 2 | M36: 6 | AH36: 20 | AO36: 5 | BA36: 7 | BC36: 20 | BI36: 20 | BJ36: 6 | BK36: 10 | BV36: 20 | BW36: 13 | CE36: =SUM(D36:CD36) -> 143 | CF36: ='DOTACION INICIAL'!CE36 -> 78771.908 | CG36: =+CE36*CF36 -> 11264383
A37: 34 | B37: Punto Ecológico Base metálica con tablero tres puestos Mínimo tres contenedores así: Color blanco: Para depositar los residuos aprovechables como plástico, botellas, latas, vidrio, metales, papel y cartón. - Este tipo de caneca debe ir con el nombre de Residuos Aprovechables Color negro: Para depositar residuos no aprovechables como el papel higiénico; servilletas, papeles y cartones contaminados con comida; papeles metalizados, entre otros. -Este tipo de caneca debe ir con el nombre de Residuos No Aprovechables u ordinarios. Color verde: Para depositar residuos orgánicos aprovechables como los restos de comida, desechos agrícolas etc.- Este tipo de caneca debe ir con el nombre de Residuos Orgánicos Capacidad 35 litros Contenedores elaborados en plástico DEBE PRESENTAR EL PICTOGRAMA O SIMBOLO QUE REPRESENTE LOS RESIDUOS A CONTENER SEGÚN RESOLUCION 2184 de 2019 PARA CADA CANECA PERTENECIENTE A LOS PUNTOS ECOLOGICOS | F37: 2 | L37: 2 | M37: 2 | AE37: 3 | AH37: 8 | BA37: 1 | BC37: 12 | BI37: 4 | BJ37: 3 | BK37: 2 | BV37: 2 | CE37: =SUM(D37:CD37) -> 41 | CF37: ='DOTACION INICIAL'!CE37 -> 641847.72 | CG37: =+CE37*CF37 -> 26315757
A38: 35 | B38: Punto Ecológico con techo 53 litros tres puestos Base metálica Mínimo tres contenedores así: Color blanco: Para depositar los residuos aprovechables como plástico, botellas, latas, vidrio, metales, papel y cartón. - Este tipo de caneca debe ir con el nombre de Residuos Aprovechables Color negro: Para depositar residuos no aprovechables como el papel higiénico; servilletas, papeles y cartones contaminados con comida; papeles metalizados, entre otros. -Este tipo de caneca debe ir con el nombre de Residuos No Aprovechables u ordinarios. Color verde: Para depositar residuos orgánicos aprovechables como los restos de comida, desechos agrícolas etc.- Este tipo de caneca debe ir con el nombre de Residuos Orgánicos Capacidad 53 litros Contenedores elaborados en plástico DEBE PRESENTAR EL PICTOGRAMA O SIMBOLO QUE REPRESENTE LOS RESIDUOS A CONTENER SEGÚN RESOLUCION 2184 de 2019 PARA CADA CANECA PERTENECIENTE A LOS PUNTOS ECOLOGICOS | AH38: 4 | CE38: =SUM(D38:CD38) -> 4 | CF38: ='DOTACION INICIAL'!CE38 -> 543002.46 | CG38: =+CE38*CF38 -> 2172009.8
A39: 36 | B39: Contenedor de Basura Elaborado en plástico Tapa con pedal Con ruedas Capacidad de 80 a 85 litros Color Negro Impresión de las palabras “Residuos No aprovechables y Ordinarios” en la cara delantera del contenedor DEBE PRESENTAR EL PICTOGRAMA O SIMBOLO QUE REPRESENTE LOS RESIDUOS A CONTENER SEGÚN RESOLUCION 2184 de 2019 PARA CADA CANECA PERTENECIENTE A LOS PUNTOS ECOLOGICOS | F39: 1 | I39: 1 | L39: 2 | M39: 1 | AH39: 2 | BC39: 1 | BI39: 1 | BJ39: 1 | BK39: 2 | CE39: =SUM(D39:CD39) -> 12 | CF39: ='DOTACION INICIAL'!CE39 -> 308351.09 | CG39: =+CE39*CF39 -> 3700213.1
A40: 37 | B40: Contenedor de Basura Elaborado en plástico Tapa con pedal Con ruedas Capacidad de 80 a 85 litros Color Blanco Impresión de las palabras “Residuos No aprovechables y Ordinarios” en la cara delantera del contenedor DEBE PRESENTAR EL PICTOGRAMA O SIMBOLO QUE REPRESENTE LOS RESIDUOS A CONTENER SEGÚN RESOLUCION 2184 de 2019 PARA CADA CANECA PERTENECIENTE A LOS PUNTOS ECOLOGICOS | L40: 1 | M40: 1 | BC40: 1 | BI40: 1 | BJ40: 1 | BK40: 2 | CE40: =SUM(D40:CD40) -> 7 | CF40: ='DOTACION INICIAL'!CE40 -> 308351.09 | CG40: =+CE40*CF40 -> 2158457.6
A41: 38 | B41: Contenedor de Basura Elaborado en plástico Tapa con pedal Con ruedas Capacidad de 80 a 85 litros Color Rojo Impresión de las palabras “Residuos No aprovechables y Ordinarios” en la cara delantera del contenedor DEBE PRESENTAR EL PICTOGRAMA O SIMBOLO QUE REPRESENTE LOS RESIDUOS A CONTENER SEGÚN RESOLUCION 2184 de 2019 PARA CADA CANECA PERTENECIENTE A LOS PUNTOS ECOLOGICOS | BC41: 1 | BI41: 1 | BK41: 1 | CE41: =SUM(D41:CD41) -> 3 | CF41: ='DOTACION INICIAL'!CE41 -> 308351.09 | CG41: =+CE41*CF41 -> 925053.28
A42: 39 | B42: Contenedor de Basura Elaborado en plástico Tapa con pedal Con ruedas Capacidad de 80 a 85 litros Color Verde Impresión de las palabras “Residuos No aprovechables y Ordinarios” en la cara delantera del contenedor DEBE PRESENTAR EL PICTOGRAMA O SIMBOLO QUE REPRESENTE LOS RESIDUOS A CONTENER SEGÚN RESOLUCION 2184 de 2019 PARA CADA CANECA PERTENECIENTE A LOS PUNTOS ECOLOGICOS | BC42: 1 | BK42: 1 | CE42: =SUM(D42:CD42) -> 2 | CF42: ='DOTACION INICIAL'!CE42 -> 308094.93 | CG42: =+CE42*CF42 -> 616189.86
B43: TOTAL ELEMENTOS POR SEDE | D43: =SUM(D4:D42) -> 24 | E43: =SUM(E4:E42) -> 53 | F43: =SUM(F4:F42) -> 61 | G43: =SUM(G4:G42) -> 21 | H43: =SUM(H4:H42) -> 32 | I43: =SUM(I4:I42) -> 48 | J43: =SUM(J4:J42) -> 8 | K43: =SUM(K4:K42) -> 9 | ... CE43: =SUM(CE4:CE42) -> 1171 | CG43: =SUM(CG4:CG42) -> 4.8299223e+08
A44: ELEMENTOS ADICIONALES
A45: 40 | B45: TV 70 pulgadas 4K-UHD LED Smart TV, cuenta con un procesador Crystal el cual escala con inteligencia artificial las imágenes hasta 4K | D45: 2 | CE45: =SUM(D45:CD45) -> 2 | CF45: ='EM NO PREVISTOS'!N3 -> 8364645.6 | CG45: =+CE45*CF45 -> 16729291
A46: 41 | B46: kit Mesa redonda de juntas de 4 puestos en madera. incluye sillas tipo gerencial ergonomica tapizada en cuero sintético negro de excelente calidad. | BS46: 1 | CE46: =SUM(E46:CD46) -> 1 | CF46: ='EM NO PREVISTOS'!N4 -> 6015240.5 | CG46: =+CE46*CF46 -> 6015240.5
A47: 42 | B47: Escritorio TAU Presidente enchapado .Superficie en tablex 30 mm tintillado y lacado color a escoger por la ESAP. accesorios de amarre tipo pedestal en acero inoxidable tipo botón. pedestales con incrustación en U y dilatación en la parte superior. Frente curvo 2.10x0.90 retorno 1.20x0.60. c/archivo fijo 3 servicios c/niveladores | BA47: 1 | CE47: =SUM(E47:CD47) -> 1 | CF47: ='EM NO PREVISTOS'!N5 -> 4975405.1 | CG47: =+CE47*CF47 -> 4975405.1
A48: 43 | B48: Ventilador de Torre ideal con 3 Velocidades ideales para ambientar tu espacio favorito. Temporizador electrónico que permite programar su apagado hasta por 7 horas Cuenta con Control Remoto ultra delgado y compacto para que el ventilador sea ajustado y programado desde la distancia. | D48: 1 | CE48: =SUM(D48:CD48) -> 1 | CF48: ='EM NO PREVISTOS'!N6 -> 565341.79 | CG48: =+CE48*CF48 -> 565341.79
A49: 45 | B49: mesa de centro 50 x 50 x 30 en madera natural. | BS49: 1 | CE49: =SUM(E49:CD49) -> 1 | CF49: ='EM NO PREVISTOS'!N7 -> 1084557 | CG49: =+CE49*CF49 -> 1084557
A50: 46 | B50: sofa cuero sintetico de alta calidad de 3 puestos 2,20 x 0,80 m, estructura en madera con relleno de espuma de alta elasticidad y fibras de poliéster. | BS50: 2 | CE50: =SUM(E50:CD50) -> 2 | CF50: ='EM NO PREVISTOS'!N8 -> 3457025.3 | CG50: =+CE50*CF50 -> 6914050.6
A51: 47 | B51: Escritorio gerencial 2,20 x 0,75 con credenza de 1.80 x 50 formica f8, incluye archivador con tres cajones y silla tipo gerencial tipo KYOTO con: - mecanismo de espalda basculante - grduacion de altura en asiento - ajuste para tensionar la espalda - apoyo lumbar fijo - brazos fijo - asiento en paño color negro - espalda en malla negra | BS51: 1 | CE51: =SUM(E51:CD51) -> 1 | CF51: ='EM NO PREVISTOS'!N9 -> 9246300 | CG51: =+CE51*CF51 -> 9246300
A52: 48 | B52: Videoproyector con conectividad inalambrica, pantalla de más de 100" con calidad excepcional y excelente brillo para situaciones de gran luz ambiental o artificial. a tecnología 3LCD ofrece imágenes claras, brillantes y llenas de color. Su luminosidad de 4.000 lúmenes en color1 y 4.000 lúmenes en blanco lo convierten en lamejor opción. Su resolución WXGA de 1.280 px x 800 px es ideal para presentaciones de gran calidad. - Excelente calidad: resolución nativa WXGA (1.280 px x 800 px). Ideal para presentaciones multimedia. - Ajustes de imagen simples e instantáneos: - Lámpara con una duración hasta de 12.000 horas - Conectividad inalámbrica: para dispositivos móviles - colores hasta 3 veces más brillantes, La tecnología 3LCD permite un balance más exacto entre la luz blanca y la de color, para proyecciones realmente naturales | CE52: =SUM(E52:CD52) -> 0 | CF52: ='EM NO PREVISTOS'!N10 -> 10371076 | CG52: =+CE52*CF52 -> 0
A53: 49 | B53: cable HDMI 4K de alta velocidad, de 8 metros de largo, es perfecto para transmisión de señales digitales de audio y de vídeo, se garantiza una transmisión de señal fiable a resoluciones hasta 4K (4096 x 2160 / 3840 x 2160 a 30 Hz) | CE53: =SUM(E53:CD53) -> 0 | CF53: ='EM NO PREVISTOS'!N11 -> 196592.42 | CG53: =+CE53*CF53 -> 0
A54: 50 | B54: dispensador de agua de piso con purificador sin botellon, Agua 99,9% libre de impurezas y contaminantes, Disponibilidad constante de agua, para conectar a la red hidraulica, Agua Fría y Caliente | CE54: =SUM(E54:CD54) -> 0 | CF54: ='EM NO PREVISTOS'!N12 -> 5195027.8 | CG54: =+CE54*CF54 -> 0
B55: TOTAL ELEMENTOS POR SEDE | D55: =SUM(D16:D54) -> 28 | E55: =SUM(E16:E54) -> 69 | F55: =SUM(F16:F54) -> 103 | G55: =SUM(G16:G54) -> 34 | H55: =SUM(H16:H54) -> 57 | I55: =SUM(I16:I54) -> 79 | J55: =SUM(J16:J54) -> 13 | K55: =SUM(K16:K54) -> 16 | ... CD55: =SUM(CD16:CD54) -> 0 | CE55: =SUM(CE45:CE54) -> 9 | CG55: =SUM(CG45:CG54) -> 45530186
B56: TOTAL ELEMENTOS POR SEDE | D56: =+D55+D43 -> 52 | E56: =+E55+E43 -> 122 | F56: =+F55+F43 -> 164 | G56: =+G55+G43 -> 55 | H56: =+H55+H43 -> 89 | I56: =+I55+I43 -> 127 | J56: =+J55+J43 -> 21 | K56: =+K55+K43 -> 25 | ... CE56: =+CE55+CE43 -> 1180 | CG56: =+CG43+CG55 -> 5.2852241e+08
D57: ok | E57: ok | F57: ok | I57: OK | L57: OK | M57: OK | AE57: OK | AG57: ok | AH57: OK | AO57: OK | BA57: OK | BI57: OK | BJ57: ok | BK57: ok | BS57: ok | BV57: ok
CF58: TOTAL CONTRATO | CG58: 1428076471
CF60: MONTO TOTAL CON MODIFICACIONES | CG60: ='DOTACION ACTUALIZADA'!CG56 -> 1.3642922e+09
CF62: TOTAL EJECUTADO (%) | CG62: =CG56/CG60 -> 0.38739678
B63: WALTER DAVID ISAZA AVILES
B64: supervisor contrato 1342 de 2023

Sheet BALANCE TERCERA ENTREGA
A2: ITEM | B2: ELEMENTO | C2: FOTO DE SIMILAR O REFERENCIA | D2: ANTIOQUIA | E2: CHOCO | F2: ATLANTICO | L2: BOLIVAR | AB2: BOYACA | AE2: CALDAS | AG2: CUNDINAMARCA | AH2: CAUCA | AO2: HUILA | BA2: META | BC2: NARIÑO | BD2: NORTE DE SANTANDER | BI2: RISARALDA | BK2: SANTANDER | BS2: SEDE CENTRAL | BV2: TOLIMA | BW2: VALLE | CE2: CANTIDADES TOTALES | CF2: VALOR UNITARIO INCLUIDO IVA | CG2: VALOR TOTAL INCLUIDO IVA | CH2: VALOR UNITARIO ANTES DE IVA | CI2: VALOR TOTAL ANTES DE IVA | CJ2: CANTIDAD TOTAL EJECUTADA | CK2: MAYORES / MENORES CANTIDADES | CL2: PORENTAJE TOTAL EJECUTADO
D3: MEDELLIN | E3: QUIBDO | F3: BARRANQUILLA | G3: MALAMBO | H3: SANTA MARTA | I3: VALLEDUPAR | J3: VILLANUEVA | K3: SUAN | L3: CARTAGENA | M3: SINCELEJO | N3: LA UNION | O3: LORICA | P3: TIERRA ALTA | Q3: San Andres | R3: MAGANGUE | S3: SAN ANDRES | T3: MONTERIA | U3: MONPOX | V3: MAJAGUAL | W3: CARMEN DE BOLIVAR | X3: COROZAL | Y3: SAN ANTERO | Z3: SAHAGUN | AA3: RESGUARDO INDIGENA | AB3: TUNJA | AC3: MONIQUIRA | AD3: SOGAMOSO | AE3: MANIZALES | AF3: LA DORADA | AG3: FUSAGASUGA | AH3: POPAYAN | AI3: MIRANDA | AJ3: BORDO | AK3: SANTANDER DE QUILICHAO | AL3: ROSAS | AM3: SILVA | AN3: CALDONO | AO3: NEIVA | AP3: ALGECIRAS | AQ3: LA PLATA | AR3: GARZON | AS3: ACEVEDO | AT3: PITALITO | AU3: FLORENCIA | AV3: PAUJIL | AW3: SAN VICENTE | AX3: MOCOA | AY3: ORITO | AZ3: PUERTO ASIS | BA3: VILLAVICENCIO | BB3: SAN JOSE DEL GUAVIARE | BC3: PASTO | BD3: ARAUQUITA | BE3: ARAUCA | BF3: TAME | BG3: OCAÑA | BH3: CUCUTA | BI3: DOS QUEBRADAS | BJ3: ARMENIA | BK3: BUCARAMANGA | BL3: SANTA ROSA DEL SUR | BM3: SAN GIL | BN3: OIBA | BO3: BARRRANCABERMEJA | BP3: CIMITARRA | BQ3: PUENTE NACIONAL | BR3: MALAGA | BS3: SEDE CENTRAL | BT3: ROSALES | BU3: TEUSAQUILLO | BV3: IBAGUE | BW3: CALI | BX3: BUENAVENTURA | BY3: CARTAGO | BZ3: TULUA | CA3: SEVILLA | CB3: PRADERA | CC3: PALMIRA | CD3: BUGA
A4: 1 | B4: Silla giratoria ergonómica con brazos, Ancho: 61 cm., Altura: 102 cm – 115 cm., Altura asiento: 45 cm – 58 cm., Profundidad asiento: 61 cm, Tapizada en paño hilat, color a seleccionar por la ESAP, con carcazas en la espalda y asiento, Acabado en textil Hilat o similar, asiento en espuma inyectada densidad 45, espalda en espuma laminada de alta densidad 50 mm de espesor, carcasas asiento y espalda media en polipropileno, brazos en nylon Graduables. Mecanismo Contacto permanente, que reclina la espalda de 88 hasta 105 grados permitiendo que los pies permanezcan apoyados en el piso, sistema que permite graduar la altura de la espalda y la profundidad del asiento, columna neumática que amortigua los movimientos del cuerpo y permite ajustar la altura, telescopio protector de columna, base en nylon de cinco aspas, rodachinas doble rueda. GARANTIA DOS (2) AÑOS | AE4: 5 | BJ4: 4 | BU4: 15 | CE4: =SUM(D4:CD4) -> 24 | CF4: =ROUND('DOTACION INICIAL'!CE4,2) -> 304009.1 | CG4: =+CE4*CF4 -> 7296218.4 | CH4: =ROUND(CF4/1.19,2) -> 255469.83 | CI4: =+CH4*CE4 -> 6131275.9 | CJ4: =CE4+'BALANCE SEGUNDA ENTREGA'!CE4+'BALANCE PRIMERA ENTREGA '!CE4 -> 253 | CK4: =CJ4-'DOTACION ACTUALIZADA'!CE4 -> 0 | CL4: =CJ4/'DOTACION ACTUALIZADA'!CE4 -> 1
A5: 2 | B5: Silla giratoria ergonómica sin brazos, Ancho: 61 cm., Altura: 102 cm – 115 cm., Altura asiento: 45 cm – 58 cm., Profundidad asiento: 61 cm, Tapizada en paño hilat, color a seleccionar por la ESAP, con carcazas en la espalda y asiento, Acabado en textil Hilat o similar, asiento en espuma inyectada densidad 45, espalda en espuma laminada de alta densidad 50 mm de espesor, carcasas asiento y espalda media en polipropileno, brazos en nylon Graduables. Mecanismo Contacto permanente, que reclina la espalda de 88 hasta 105 grados permitiendo que los pies permanezcan apoyados en el piso, sistema que permite graduar la altura de la espalda y la profundidad del asiento, columna neumática que amortigua los movimientos del cuerpo y permite ajustar la altura, telescopio protector de columna, base en nylon de cinco aspas, rodachinas doble rueda. GARANTIA DOS (2) AÑOS | CE5: =SUM(D5:CD5) -> 0 | CF5: ='DOTACION INICIAL'!CE5 -> 266118.44 | CG5: =+CE5*CF5 -> 0 | CH5: =ROUND(CF5/1.19,2) -> 223628.94 | CI5: =+CH5*CE5 -> 0 | CJ5: =CE5+'BALANCE SEGUNDA ENTREGA'!CE5+'BALANCE PRIMERA ENTREGA '!CE5 -> 51 | CK5: =CJ5-'DOTACION ACTUALIZADA'!CE5 -> 0 | CL5: =CJ5/'DOTACION ACTUALIZADA'!CE5 -> 1
A6: 3 | B6: Silla gerencial, Ancho: 71 cm., Altura: 117 cm – 126 cm., Altura asiento: 43 cm – 52 cm., Profundidad asiento: 68 cm., asiento en espuma de alta densidad forrado en paño color a seleccionar por la entidad, espaldar en malla elastica con carcaza en polipropileno y fibra de vidrio, asiento, espaldar y apoya brazos de altura ajustables, espladar con inclinación ajustable, Ajuste del respaldo lumbar y apoya cabeza en altura y posición, base en acero cromado de cinco aspas con rodachines . REF ROMA | CE6: =SUM(D6:CD6) -> 0 | CF6: ='DOTACION INICIAL'!CE6 -> 593133.63 | CG6: =+CE6*CF6 -> 0 | CH6: =ROUND(CF6/1.19,2) -> 498431.62 | CI6: =+CH6*CE6 -> 0 | CJ6: =CE6+'BALANCE SEGUNDA ENTREGA'!CE6+'BALANCE PRIMERA ENTREGA '!CE6 -> 150 | CK6: =CJ6-'DOTACION ACTUALIZADA'!CE6 -> 0 | CL6: =CJ6/'DOTACION ACTUALIZADA'!CE6 -> 1
A7: 4 | B7: Silla interlocutora fija con brazos, Tapizada en paño hilat- con carcazas en la espalda y asiento, base tubo metálica, Silla Interlocutora, Acabado en paño Hilat o similar, asiento en espuma inyectada densidad 45, espalda en espuma laminada de alta densidad 50 mm de espesor, bastidores y carcazas en polipropileno, con brazos, estructura en tubo elíptico 14 * 24 mm., pintura epoxi poliéster de aplicación electrostática. DOS (2) AÑOS de Garantía. | D7: 12 | E7: 12 | F7: 6 | G7: 2 | H7: 4 | I7: 4 | J7: 2 | K7: 2 | AG7: 4 | AH7: 10 | AO7: 6 | CE7: =SUM(D7:CD7) -> 64 | CF7: ='DOTACION INICIAL'!CE7 -> 241586.03 | CG7: =+CE7*CF7 -> 15461506 | CH7: =ROUND(CF7/1.19,2) -> 203013.47 | CI7: =+CH7*CE7 -> 12992862 | CJ7: =CE7+'BALANCE SEGUNDA ENTREGA'!CE7+'BALANCE PRIMERA ENTREGA '!CE7 -> 70 | CK7: =CJ7-'DOTACION ACTUALIZADA'!CE7 -> 0 | CL7: =CJ7/'DOTACION ACTUALIZADA'!CE7 -> 1
A8: 5 | B8: Archivador Metalico cuatro gavetas, capacidad aprox. 60 carpetas por gaveta. | Q8: 1 | CE8: =SUM(D8:CD8) -> 1 | CF8: ='DOTACION INICIAL'!CE8 -> 740121.55 | CG8: =+CE8*CF8 -> 740121.55 | CH8: =ROUND(CF8/1.19,2) -> 621950.88 | CI8: =+CH8*CE8 -> 621950.88 | CJ8: =CE8+'BALANCE SEGUNDA ENTREGA'!CE8+'BALANCE PRIMERA ENTREGA '!CE8 -> 27 | CK8: =CJ8-'DOTACION ACTUALIZADA'!CE8 -> 0 | CL8: =CJ8/'DOTACION ACTUALIZADA'!CE8 -> 1
A9: 6 | B9: ESTE ITEM REQUIERE INSTALACION. Archivo de dos modulos rodantes manual y dos fijos laterales: Parales de 2.00 alto y entrepaños de 0.30 frente mts de fondo x 1,0 de frente, con dobles tope de espaldar y refuerzo, fabricados en lámina CR C16 y C20 respectivamente, con una resistencia de 80 kg peso repartido. Acabos frontales en lámina CR cal 18 en pintura electrostática, color a elegir por la ESAP, puerta con cerradura. Desplazamiento de módulos móviles manualmente, sobre bases y rieles fabricados en ángulo de 1 1/2" x 3/16 de pulgada, accionados mediante manija de empuje manual sobre las ruedas de tracción macizas de hierro maquinado, que incluyen rodamientos sellados de 3,5" de diámetro. Tensores en platina de 3/4 * 1/8 de pulgada. El archivo estará compuesto por dos unidades de consulta fijas y una doble rodante, con una puerta. Las UDC de consulta fijas medirán en su interior 1.0 de frente x 0.30 de fondo x 2.0 m de alto y el panel frontal será de 0,35 de frente por 2,0 de alto y las dobles rodantes serán cada una de 1,0 de frente x 0,60 de fondo (2 de 0,30 m) y 2,0 de alto y el panel frontal será de 0,75 x 2,0 m, la puerta será de 0,75 de frente por 2,0 de alto con llave. Espacios para carpetas tamaño oficio y AZ- Oficio. GARANTIA 2 AÑOS. | E9: 3 | F9: 2 | AH9: 2 | BI9: 1 | BS9: 1 | CE9: =SUM(D9:CD9) -> 9 | CF9: ='DOTACION INICIAL'!CE9 -> 2766256.3 | CG9: =+CE9*CF9 -> 24896307 | CH9: =ROUND(CF9/1.19,2) -> 2324585.1 | CI9: =+CH9*CE9 -> 20921266 | CJ9: =CE9+'BALANCE SEGUNDA ENTREGA'!CE9+'BALANCE PRIMERA ENTREGA '!CE9 -> 11 | CK9: =CJ9-'DOTACION ACTUALIZADA'!CE9 -> 0 | CL9: =CJ9/'DOTACION ACTUALIZADA'!CE9 -> 1
A10: 7 | B10: Silla fija, Ancho: 54 cm, Altura: 81 cm., Altura asiento: 46 cm, Profundidad asiento: 46 cm, con carcazas en la espalda y asiento, base tubo metálica, Acabado en paño Hilat o similar, asiento en espuma inyectada densidad 45, espalda en espuma laminada de alta densidad 50 mm de espesor, bastidores y carcazas en polipropileno, sin brazos, estructura en tubo elíptico 14 * 24 mm., pintura epoxi poliéster de aplicación electrostática. DOS (2) AÑOS de Garantía. | AE10: 35 | AG10: 2 | AI10: 20 | AL10: 20 | BS10: 1 | BW10: 199 | BY10: 60 | CE10: =SUM(D10:CD10) -> 337 | CF10: ='DOTACION INICIAL'!CE10 -> 184083.41 | CG10: =+CE10*CF10 -> 62036111 | CH10: =ROUND(CF10/1.19,2) -> 154691.95 | CI10: =+CH10*CE10 -> 52131187 | CJ10: =CE10+'BALANCE PRIMERA ENTREGA '!CE10+'BALANCE SEGUNDA ENTREGA'!CE10 -> 577 | CK10: =CJ10-'DOTACION ACTUALIZADA'!CE10 -> 0 | CL10: =CJ10/'DOTACION ACTUALIZADA'!CE10 -> 1
A11: 8 | B11: Silla universitaria con brazo escualizable, Tapizada en paño hilat- con carcazas en la espalda y asiento, base tubo metálica, con carcazas en la espalda y asiento, base tubo metálica, Acabado en paño Hilat o similar, asiento en espuma inyectada densidad 45, espalda en espuma laminada de alta densidad 50 mm de espesor, bastidores y carcazas en polipropileno, con brazos, estructura en tubo elíptico 14 * 24 mm., pintura epoxi poliéster de aplicación electrostática. DOS (2) AÑOS de Garantía. | F11: 150 | G11: 50 | H11: 50 | I11: 100 | J11: 50 | K11: 50 | BV11: 100 | BW11: 50 | CE11: =SUM(D11:CD11) -> 600 | CF11: ='DOTACION INICIAL'!CE11 -> 281639.41 | CG11: =+CE11*CF11 -> 1.6898365e+08 | CH11: =ROUND(CF11/1.19,2) -> 236671.78 | CI11: =+CH11*CE11 -> 142003068 | CJ11: =CE11+'BALANCE SEGUNDA ENTREGA'!CE11+'BALANCE PRIMERA ENTREGA '!CE11 -> 850 | CK11: =CJ11-'DOTACION ACTUALIZADA'!CE11 -> 0 | CL11: =CJ11/'DOTACION ACTUALIZADA'!CE11 -> 1
A12: 9 | B12: Escritorio rectangular para profesor,( 1.60 m de largo x 0.60 ancho) con dos gavetas, bandeja portacables troquelada, superficie en aglomerado, formica y canto en PVC, estructura en lámica C.R. con pintura al horno, faldera en lámina C.R. troquelada | AG12: 10 | CE12: =SUM(D12:CD12) -> 10 | CF12: ='DOTACION INICIAL'!CE12 -> 688959.76 | CG12: =+CE12*CF12 -> 6889597.6 | CH12: =ROUND(CF12/1.19,2) -> 578957.78 | CI12: =+CH12*CE12 -> 5789577.8 | CJ12: =CE12+'BALANCE SEGUNDA ENTREGA'!CE12+'BALANCE PRIMERA ENTREGA '!CE12 -> 24 | CK12: =CJ12-'DOTACION ACTUALIZADA'!CE12 -> 0 | CL12: =CJ12/'DOTACION ACTUALIZADA'!CE12 -> 1
A13: 10 | B13: ESTE ITEM REQUIERE INSTALACION. Tablero en acrilico fijado a muro, medidas: 2.40 x 1.20 m., con porta borrador enmarcado, con esquinas perfectamente de lineadas, ángulos perfectos, sin bordes cortantes ni filos, bordes recubiertos por protectores plásticos, al borrar no debe quedar huella Base en aglomerado de 9 mm con balance Enchapado con fórmica, pizarrón blanca, Marco en perfil de aluminio crudo Esquineros en polipropileno redondeados. | J13: 6 | K13: 2 | Q13: 5 | CE13: =SUM(D13:CD13) -> 13 | CF13: ='DOTACION INICIAL'!CE13 -> 225588.28 | CG13: =+CE13*CF13 -> 2932647.6 | CH13: =ROUND(CF13/1.19,2) -> 189569.98 | CI13: =+CH13*CE13 -> 2464409.7 | CJ13: =CE13+'BALANCE SEGUNDA ENTREGA'!CE13+'BALANCE PRIMERA ENTREGA '!CE13 -> 79 | CK13: =CJ13-'DOTACION ACTUALIZADA'!CE13 -> -15 | CL13: =CJ13/'DOTACION ACTUALIZADA'!CE13 -> 0.84042553
A14: 11 | B14: ESTE ITEM REQUIERE INSTALACION.Tablero en acrilico fijado a muro, medidas: 80cm x 60 cm, con portaborrador enmarcado, con esquinas perfectamente de lineadas, ángulos perfectos, sin bordes cortantes ni filos, bordes recubiertos por protectores plásticos, al borrar no debe quedar huella Base en aglomerado de 9 mm con balance Enchapado con fórmica, pizarrón blanca, Marco en perfil de aluminio crudo Esquineros en polipropileno redondeados. | BQ14: 1 | BS14: 1 | CE14: =SUM(D14:CD14) -> 2 | CF14: ='DOTACION INICIAL'!CE14 -> 118393.85 | CG14: =+CE14*CF14 -> 236787.7 | CH14: =ROUND(CF14/1.19,2) -> 99490.63 | CI14: =+CH14*CE14 -> 198981.26 | CJ14: =CE14+'BALANCE SEGUNDA ENTREGA'!CE14+'BALANCE PRIMERA ENTREGA '!CE14 -> 13 | CK14: =CJ14-'DOTACION ACTUALIZADA'!CE14 -> 0 | CL14: =CJ14/'DOTACION ACTUALIZADA'!CE14 -> 1
A15: 12 | B15: ESTE ITEM REQUIERE INSTALACION. Tablero en acrilico fijado a muro, medidas: 80cm x 120 cm, con portaborrador enmarcado, con esquinas perfectamente de lineadas, ángulos perfectos, sin bordes cortantes ni filos, bordes recubiertos por protectores plásticos, al borrar no debe quedar huella Base en aglomerado de 9 mm con balance Enchapado con fórmica, pizarrón blanca, Marco en perfil de aluminio crudo Esquineros en polipropileno redondeados. | BS15: 1 | CE15: =SUM(D15:CD15) -> 1 | CF15: ='DOTACION INICIAL'!CE15 -> 174515.38 | CG15: =+CE15*CF15 -> 174515.38 | CH15: =ROUND(CF15/1.19,2) -> 146651.58 | CI15: =+CH15*CE15 -> 146651.58 | CJ15: =CE15+'BALANCE SEGUNDA ENTREGA'!CE15+'BALANCE PRIMERA ENTREGA '!CE15 -> 11 | CK15: =CJ15-'DOTACION ACTUALIZADA'!CE15 -> 0 | CL15: =CJ15/'DOTACION ACTUALIZADA'!CE15 -> 1
